Workbook
Name A_Z_703_TAR_703: #REF!
Name ABC_571_KRA_571: #REF!
Name ABC_597_LUB_597: #REF!
Name ABI_008_GRU_008: #REF!
Name ABI_505_WAR_211: #REF!
Name ABI_505_WAR_505: #REF!
Name ABR_604_WAR_388: #REF!
Name AFL_706_KOŚ_706: #REF!
Name AGA_778_RAD_778: #REF!
Name AGM_611_WŁO_611: #REF!
Name AKS_895_PRZ_895: #REF!
Name AKS_895_PRZ_897: #REF!
Name AKU_457_POZ_457: #REF!
Name ALE_133_GNI_133: #REF!
Name ALF_678_LUB_678: #REF!
Name ALL_045_SIE_033: #REF!
Name ALL_045_SOK_045: #REF!
Name ALM_630_SIE_630: #REF!
Name ALT_897_WŁO_897: #REF!
Name AMB_198_PSZ_198: #REF!
Name AMB_198_PSZ_965: #REF!
Name AN__979_JAS_979: #REF!
Name ANM_254_PŁO_254: #REF!
Name ANM_605_PRZ_373: #REF!
Name ARP_294_ŁÓD_294: #REF!
Name ART_026_OPO_026: #REF!
Name ART_055_PAB_039: #REF!
Name ART_055_PAB_055: #REF!
Name ART_712_KOŁ_712: #REF!
Name ART_975_DOB_975: #REF!
Name ART_975_OLS_976: #REF!
Name AST_158_ŁOM_158: #REF!
Name AST_880_BIŁ_880: #REF!
Name ATE_822_KRA_822: #REF!
Name ATU_486_WRO_486: #REF!
Name AZE_333_ZAM_333: #REF!
Name AZY_337_STR_338: #REF!
Name AZY_337_WAR_337: #REF!
Name B_S_452_SZC_452: #REF!
Name BAW_425_BIA_425: #REF!
Name BDS_360_BIA_362: #REF!
Name BDS_360_WAR_360: #REF!
Name BER_804_POZ_829: #REF!
Name BES_427_BIE_428: #REF!
Name BES_427_CIE_427: #REF!
Name BES_697_OST_697: #REF!
Name BIU_010_CZĘ_010: #REF!
Name BIU_023_KĘD_023: #REF!
Name BIU_024_STA_024: #REF!
Name BIU_029_KRA_535: #REF!
Name BIU_032_ZIE_032: #REF!
Name BIU_032_ZIE_785: #REF!
Name BIU_050_KAT_050: #REF!
Name BIU_051_TOR_051: #REF!
Name BIU_056_KRO_056: #REF!
Name BIU_058_RAD_058: #REF!
Name BIU_139_BYD_139: #REF!
Name BIU_170_BIA_170: #REF!
Name BIU_279_KRA_279: #REF!
Name BIU_377_POZ_377: #REF!

Sheet Druk zamówień
A2: *CENNIK BIC POLSKA sp. z o.o. | C2: Kod odblokowujący | J2: WARTOŚĆ ZAMÓWIENIA
C3: Nazwa klienta | D3: {=IF(ISERROR(VLOOKUP(D2,#REF!,3,FALSE)),"Sprawdź kod",IF(ISERROR(LOOKUP(2,1/(#REF!=D2)/(#REF!=D4),#REF!)),"Sprawdź adres",LOOKUP(2,1/(#REF!=D2)/(#REF!=D4),#REF!)))} -> Sprawdź kod | F3: Adj Sched
A4: Obowiązuje od 17.03.2025 | C4: Adres | F4: W390PERM | J4: PROD SZKOLNO BIUROWE | K4: =SUMIF(Table13[Kategoria],J4,Table13[Wartość]) -> 0
A5: *rabaty naliczane sa kaskadowo | C5: Kod pocztowy | D5: {=IF(ISERROR(VLOOKUP(D2,#REF!,3,FALSE)),"Sprawdź kod",IF(ISERROR(LOOKUP(2,1/(#REF!=D2)/(#REF!=D4),#REF!)),"Sprawdź adres",LOOKUP(2,1/(#REF!=D2)/(#REF!=D4),#REF!)))} -> Sprawdź kod | J5: ZAPALNICZKI | K5: =SUMIF(Table13[Kategoria],J5,Table13[Wartość]) -> 0 | AI5: CENNIKI:
C6: Nr klienta (dostawa) | D6: {=IF(ISERROR(VLOOKUP(D2,#REF!,3,FALSE)),"Sprawdź kod",IF(ISERROR(LOOKUP(2,1/(#REF!=D2)/(#REF!=D4),#REF!)),"Sprawdź adres",LOOKUP(2,1/(#REF!=D2)/(#REF!=D4),#REF!)))} -> Sprawdź kod | J6: DO GOLENIA | K6: =SUMIF(Table13[Kategoria],J6,Table13[Wartość]) -> 0 | AI6: ST - 02.2025
C7: Nr klienta (płatnik) | D7: {=IF(ISERROR(VLOOKUP(D2,#REF!,5,FALSE)),"Sprawdź kod",IF(ISERROR(LOOKUP(2,1/(#REF!=D2)/(#REF!=D4),#REF!)),"Sprawdź adres",LOOKUP(2,1/(#REF!=D2)/(#REF!=D4),#REF!)))} -> Sprawdź kod | AI7: SH - 02.2025
C8: Termin płatności | D8: =IF(D2="","",_xlfn.XLOOKUP(D2,#REF!,#REF!)) | AI8: LI - 02.2025
C9: Rabat standardowy | D9: 0.25 | J9: TOTAL: | K9: =SUM(Table13[Wartość]) -> 0
C10: Opiekun klienta | D10: {=IF(ISERROR(VLOOKUP(D2,#REF!,3,FALSE)), "Sprawdź kod", IF(ISERROR(LOOKUP(2,1/(#REF!=D2)/(#REF!=D4),#REF!)), "Sprawdź adres", CONCATENATE(LOOKUP(2,1/(#REF!=D2)/(#REF!=D4),TRIM(#REF!)),": ",TEXT(LOOKUP(2,1/(#REF!=D2)/(#REF!=D4),TRIM(#REF!)),"000-000-000"))))} -> Sprawdź kod
C11: Numer PO
A13: WID code | B13: SKU EAN code | C13: Unit EAN code | D13: Name_Product description | E13: Category | F13: Sub-category | G13: Comment_WID change | J13: Netto price after longterm discount 2020 | K13: Standard discount | L13: Additional quarter discount | M13: Ad-hoc quarter discount | N13: Individual discount | O13: SKU price after all discounts 2020 | P13: UNIT priceafter all discounts | Q13: Units/pack | R13: MOQ (sku) | S13: Outer or Inner quantity | T13: Order quantity by CUSTOMER | U13: Order rounding to MOQ | V13: Check | W13: Value | X13: Ordered products flag | Y13: Inner quantity | Z13: Outer quantity | AA13: Quantity in layer | AB13: Quantity on pallet | AE13: EAN code (SKU) | AF13: EAN code (unit) | AG13: EAN code (outer) | AH13: EAN code (pallet) | AI13: Remarks
A14: WID Kod | B14: EAN SKU | C14: EAN szt | D14: Nazwa Produktu | E14: Kategoria | F14: Podkategoria | G14: Komentarz | H14: Cena Netto | I14: Rabat Długoterminowy | J14: Cena Netto Po Rabacie Długoterminowym | K14: Rabat Podstawowy | L14: Dodatkowy rabat kwartału (składany) | M14: Obowiązujący Rabat Kwartału (Zastępuje Długoterminowy) | N14: Rabat Indywidualny | O14: Сena SKU Po Wszystkich Rabatach | P14: Cena Sztuki Po Rabatach | Q14: Szt/ Opak. | R14: Min. Ilość Zam. Sku | S14: Opak. Zbior. | T14: Zamówienie - Ilosc SKU [Szt] | U14: Zamówienie Po Zaokr. Do Pełnych Opak. [Szt] | V14: Spr | W14: Wartość | X14: Zamówione Produkty | Y14: W Inner | Z14: W Outer | AA14: Na Warstwie | AB14: Na Palecie | AC14: Outerów na palecie | AD14: Wartw na palecie | AE14: Kod EAN (Sku) | AF14: Kod EAN (Szt) | AG14: Kod EAN Outercase | AH14: Kod EAN Palety | AI14: Uwagi | AJ14: PKWiU | AK14: KOD CN - NOMENKLATURA SCALONA | AL14: PC2 code
A15: 516336 | B15: =TEXT(Table13[[#This Row],[Kod EAN (Sku)]],"0000000000000") -> 3086123734586 | C15: =IF(AND(Table13[[#This Row],[Kod EAN (Szt)]]<>0,Table13[[#This Row],[Kod EAN (Szt)]]<>"0"),TEXT(Table13[[#This Row],[Kod EAN (Szt)]],"0000000000000"),"") | D15: BIC Cristal Fine Orange Długopis niebieski Pudełko 4szt | E15: PROD SZKOLNO BIUROWE | F15: ARTYKUŁY PIŚMIENNICZE | H15: 8.33 | J15: =Table13[[#This Row],[Cena Netto]]*(1-Table13[[#This Row],[Rabat Długoterminowy]]) -> 8.33 | K15: =IF(TRIM($D$8)='Payment Term'!A$1,1-(1-$D$9)*(1-2%),$D$9) -> 0.25 | M15: =1-(1-Table13[[#This Row],[Rabat Długoterminowy]])*(1-Table13[[#This Row],[Dodatkowy rabat kwartału (składany)]]) -> 0 | N15: 0 | O15: =ROUND(Table13[[#This Row],[Cena Netto Po Rabacie Długoterminowym]]*(1-Table13[[#This Row],[Rabat Podstawowy]])*(1-Table13[[#This Row],[Dodatkowy rabat kwartału (składany)]])*(1-Table13[[#This Row],[Rabat Indywidualny]]),2) -> 6.25 | P15: =Table13[[#This Row],[Сena SKU Po Wszystkich Rabatach]]/Table13[[#This Row],[Szt/ Opak.]] -> 1.5625 | Q15: 4 | R15: 10 | S15: =IF(ISERROR(Table13[[#This Row],[W Inner]]),Table13[[#This Row],[W Outer]],IF(AND(Table13[[#This Row],[W Inner]]>0,Table13[[#This Row],[W Inner]]<>"0"),Table13[[#This Row],[W Inner]],Table13[[#This Row],[W Outer]])) -> 10 | U15: =IF(ISERROR(Table13[[#This Row],[Zamówienie - Ilosc SKU '[Szt']]]), "", IF(MROUND(Table13[[#This Row],[Zamówienie - Ilosc SKU '[Szt']]],Table13[[#This Row],[Min. Ilość Zam. Sku]])<Table13[[#This Row],[Zamówienie - Ilosc SKU '[Szt']]],MROUND(Table13[[#This Row],[Zamówienie - Ilosc SKU '[Szt']]],Table13[[#This Row],[Min. Ilość Zam. Sku]])+Table13[[#This Row],[Min. Ilość Zam. Sku]],MROUND(Table13[[#This Row],[Zamówienie - Ilosc SKU '[Szt']]],Table13[[#This Row],[Min. Ilość Zam. Sku]]))) -> 0 | V15: =IF(Table13[[#This Row],[Zamówienie - Ilosc SKU '[Szt']]]=0,0,MOD(Table13[[#This Row],[Zamówienie - Ilosc SKU '[Szt']]],Table13[[#This Row],[Min. Ilość Zam. Sku]])-0.5) -> 0 | W15: =Table13[[#This Row],[Сena SKU Po Wszystkich Rabatach]]*U15 -> 0 | X15: =IF(Table13[[#This Row],[Zamówienie - Ilosc SKU '[Szt']]]=0,"Niezamówione produkty","Zamówione produkty") -> Niezamówione produkty | Y15: 10 | Z15: 120 | AA15: 720 | AB15: 4320 | AC15: =+Table13[[#This Row],[Na Palecie]]/Table13[[#This Row],[W Outer]] -> 36 | AD15: =+Table13[[#This Row],[Na Palecie]]/Table13[[#This Row],[Na Warstwie]] -> 6 | AE15: 3086123734586 | AF15: 0 | AG15: 03086125163360 | AH15: 03086127693537 | AJ15: 32.99.12.0 | AK15: 96081099 | AL15: =_xlfn.XLOOKUP(Table13[[#This Row],[Rabat Indywidualny]],'PC2 code'!A:A,'PC2 code'!B:B,0) -> 00
A16: 516835 | B16: =TEXT(Table13[[#This Row],[Kod EAN (Sku)]],"0000000000000") -> 3086123737228 | C16: =IF(AND(Table13[[#This Row],[Kod EAN (Szt)]]<>0,Table13[[#This Row],[Kod EAN (Szt)]]<>"0"),TEXT(Table13[[#This Row],[Kod EAN (Szt)]],"0000000000000"),"") | D16: BIC Cristal Fine Orange Długopis czarny Pudełko 4szt | E16: PROD SZKOLNO BIUROWE | F16: ARTYKUŁY PIŚMIENNICZE | H16: 8.33 | J16: =Table13[[#This Row],[Cena Netto]]*(1-Table13[[#This Row],[Rabat Długoterminowy]]) -> 8.33 | K16: =IF(TRIM($D$8)='Payment Term'!A$1,1-(1-$D$9)*(1-2%),$D$9) -> 0.25 | M16: =1-(1-Table13[[#This Row],[Rabat Długoterminowy]])*(1-Table13[[#This Row],[Dodatkowy rabat kwartału (składany)]]) -> 0 | N16: 0 | O16: =ROUND(Table13[[#This Row],[Cena Netto Po Rabacie Długoterminowym]]*(1-Table13[[#This Row],[Rabat Podstawowy]])*(1-Table13[[#This Row],[Dodatkowy rabat kwartału (składany)]])*(1-Table13[[#This Row],[Rabat Indywidualny]]),2) -> 6.25 | P16: =Table13[[#This Row],[Сena SKU Po Wszystkich Rabatach]]/Table13[[#This Row],[Szt/ Opak.]] -> 1.5625 | Q16: 4 | R16: 10 | S16: =IF(ISERROR(Table13[[#This Row],[W Inner]]),Table13[[#This Row],[W Outer]],IF(AND(Table13[[#This Row],[W Inner]]>0,Table13[[#This Row],[W Inner]]<>"0"),Table13[[#This Row],[W Inner]],Table13[[#This Row],[W Outer]])) -> 10 | U16: =IF(ISERROR(Table13[[#This Row],[Zamówienie - Ilosc SKU '[Szt']]]), "", IF(MROUND(Table13[[#This Row],[Zamówienie - Ilosc SKU '[Szt']]],Table13[[#This Row],[Min. Ilość Zam. Sku]])<Table13[[#This Row],[Zamówienie - Ilosc SKU '[Szt']]],MROUND(Table13[[#This Row],[Zamówienie - Ilosc SKU '[Szt']]],Table13[[#This Row],[Min. Ilość Zam. Sku]])+Table13[[#This Row],[Min. Ilość Zam. Sku]],MROUND(Table13[[#This Row],[Zamówienie - Ilosc SKU '[Szt']]],Table13[[#This Row],[Min. Ilość Zam. Sku]]))) -> 0 | V16: =IF(Table13[[#This Row],[Zamówienie - Ilosc SKU '[Szt']]]=0,0,MOD(Table13[[#This Row],[Zamówienie - Ilosc SKU '[Szt']]],Table13[[#This Row],[Min. Ilość Zam. Sku]])-0.5) -> 0 | W16: =Table13[[#This Row],[Сena SKU Po Wszystkich Rabatach]]*U16 -> 0 | X16: =IF(Table13[[#This Row],[Zamówienie - Ilosc SKU '[Szt']]]=0,"Niezamówione produkty","Zamówione produkty") -> Niezamówione produkty | Y16: 10 | Z16: 120 | AA16: 720 | AB16: 4320 | AC16: =+Table13[[#This Row],[Na Palecie]]/Table13[[#This Row],[W Outer]] -> 36 | AD16: =+Table13[[#This Row],[Na Palecie]]/Table13[[#This Row],[Na Warstwie]] -> 6 | AE16: 3086123737228 | AF16: 0 | AG16: 03086125168358 | AH16: 03086127696125 | AJ16: 32.99.12.0 | AK16: 96081099 | AL16: =_xlfn.XLOOKUP(Table13[[#This Row],[Rabat Indywidualny]],'PC2 code'!A:A,'PC2 code'!B:B,0) -> 00
A17: 516337 | B17: =TEXT(Table13[[#This Row],[Kod EAN (Sku)]],"0000000000000") -> 3086123734593 | C17: =IF(AND(Table13[[#This Row],[Kod EAN (Szt)]]<>0,Table13[[#This Row],[Kod EAN (Szt)]]<>"0"),TEXT(Table13[[#This Row],[Kod EAN (Szt)]],"0000000000000"),"") | D17: BIC Cristal Fine Orange Długopis mix AST Pudełko 4szt | E17: PROD SZKOLNO BIUROWE | F17: ARTYKUŁY PIŚMIENNICZE | H17: 8.33 | J17: =Table13[[#This Row],[Cena Netto]]*(1-Table13[[#This Row],[Rabat Długoterminowy]]) -> 8.33 | K17: =IF(TRIM($D$8)='Payment Term'!A$1,1-(1-$D$9)*(1-2%),$D$9) -> 0.25 | M17: =1-(1-Table13[[#This Row],[Rabat Długoterminowy]])*(1-Table13[[#This Row],[Dodatkowy rabat kwartału (składany)]]) -> 0 | N17: 0 | O17: =ROUND(Table13[[#This Row],[Cena Netto Po Rabacie Długoterminowym]]*(1-Table13[[#This Row],[Rabat Podstawowy]])*(1-Table13[[#This Row],[Dodatkowy rabat kwartału (składany)]])*(1-Table13[[#This Row],[Rabat Indywidualny]]),2) -> 6.25 | P17: =Table13[[#This Row],[Сena SKU Po Wszystkich Rabatach]]/Table13[[#This Row],[Szt/ Opak.]] -> 1.5625 | Q17: 4 | R17: 10 | S17: =IF(ISERROR(Table13[[#This Row],[W Inner]]),Table13[[#This Row],[W Outer]],IF(AND(Table13[[#This Row],[W Inner]]>0,Table13[[#This Row],[W Inner]]<>"0"),Table13[[#This Row],[W Inner]],Table13[[#This Row],[W Outer]])) -> 10 | U17: =IF(ISERROR(Table13[[#This Row],[Zamówienie - Ilosc SKU '[Szt']]]), "", IF(MROUND(Table13[[#This Row],[Zamówienie - Ilosc SKU '[Szt']]],Table13[[#This Row],[Min. Ilość Zam. Sku]])<Table13[[#This Row],[Zamówienie - Ilosc SKU '[Szt']]],MROUND(Table13[[#This Row],[Zamówienie - Ilosc SKU '[Szt']]],Table13[[#This Row],[Min. Ilość Zam. Sku]])+Table13[[#This Row],[Min. Ilość Zam. Sku]],MROUND(Table13[[#This Row],[Zamówienie - Ilosc SKU '[Szt']]],Table13[[#This Row],[Min. Ilość Zam. Sku]]))) -> 0 | V17: =IF(Table13[[#This Row],[Zamówienie - Ilosc SKU '[Szt']]]=0,0,MOD(Table13[[#This Row],[Zamówienie - Ilosc SKU '[Szt']]],Table13[[#This Row],[Min. Ilość Zam. Sku]])-0.5) -> 0 | W17: =Table13[[#This Row],[Сena SKU Po Wszystkich Rabatach]]*U17 -> 0 | X17: =IF(Table13[[#This Row],[Zamówienie - Ilosc SKU '[Szt']]]=0,"Niezamówione produkty","Zamówione produkty") -> Niezamówione produkty | Y17: 10 | Z17: 120 | AA17: 720 | AB17: 4320 | AC17: =+Table13[[#This Row],[Na Palecie]]/Table13[[#This Row],[W Outer]] -> 36 | AD17: =+Table13[[#This Row],[Na Palecie]]/Table13[[#This Row],[Na Warstwie]] -> 6 | AE17: 3086123734593 | AF17: 0 | AG17: 03086125163377 | AH17: 03086127693544 | AJ17: 32.99.12.0 | AK17: 96081099 | AL17: =_xlfn.XLOOKUP(Table13[[#This Row],[Rabat Indywidualny]],'PC2 code'!A:A,'PC2 code'!B:B,0) -> 00
A18: 516351 | B18: =TEXT(Table13[[#This Row],[Kod EAN (Sku)]],"0000000000000") -> 3086123734739 | C18: =IF(AND(Table13[[#This Row],[Kod EAN (Szt)]]<>0,Table13[[#This Row],[Kod EAN (Szt)]]<>"0"),TEXT(Table13[[#This Row],[Kod EAN (Szt)]],"0000000000000"),"") | D18: BIC Cristal Fine Orange Długopis niebieski Pudełko 8szt | E18: PROD SZKOLNO BIUROWE | F18: ARTYKUŁY PIŚMIENNICZE | H18: 13.97 | J18: =Table13[[#This Row],[Cena Netto]]*(1-Table13[[#This Row],[Rabat Długoterminowy]]) -> 13.97 | K18: =IF(TRIM($D$8)='Payment Term'!A$1,1-(1-$D$9)*(1-2%),$D$9) -> 0.25 | M18: =1-(1-Table13[[#This Row],[Rabat Długoterminowy]])*(1-Table13[[#This Row],[Dodatkowy rabat kwartału (składany)]]) -> 0 | N18: 0 | O18: =ROUND(Table13[[#This Row],[Cena Netto Po Rabacie Długoterminowym]]*(1-Table13[[#This Row],[Rabat Podstawowy]])*(1-Table13[[#This Row],[Dodatkowy rabat kwartału (składany)]])*(1-Table13[[#This Row],[Rabat Indywidualny]]),2) -> 10.48 | P18: =Table13[[#This Row],[Сena SKU Po Wszystkich Rabatach]]/Table13[[#This Row],[Szt/ Opak.]] -> 1.31 | Q18: 8 | R18: 10 | S18: =IF(ISERROR(Table13[[#This Row],[W Inner]]),Table13[[#This Row],[W Outer]],IF(AND(Table13[[#This Row],[W Inner]]>0,Table13[[#This Row],[W Inner]]<>"0"),Table13[[#This Row],[W Inner]],Table13[[#This Row],[W Outer]])) -> 10 | U18: =IF(ISERROR(Table13[[#This Row],[Zamówienie - Ilosc SKU '[Szt']]]), "", IF(MROUND(Table13[[#This Row],[Zamówienie - Ilosc SKU '[Szt']]],Table13[[#This Row],[Min. Ilość Zam. Sku]])<Table13[[#This Row],[Zamówienie - Ilosc SKU '[Szt']]],MROUND(Table13[[#This Row],[Zamówienie - Ilosc SKU '[Szt']]],Table13[[#This Row],[Min. Ilość Zam. Sku]])+Table13[[#This Row],[Min. Ilość Zam. Sku]],MROUND(Table13[[#This Row],[Zamówienie - Ilosc SKU '[Szt']]],Table13[[#This Row],[Min. Ilość Zam. Sku]]))) -> 0 | V18: =IF(Table13[[#This Row],[Zamówienie - Ilosc SKU '[Szt']]]=0,0,MOD(Table13[[#This Row],[Zamówienie - Ilosc SKU '[Szt']]],Table13[[#This Row],[Min. Ilość Zam. Sku]])-0.5) -> 0 | W18: =Table13[[#This Row],[Сena SKU Po Wszystkich Rabatach]]*U18 -> 0 | X18: =IF(Table13[[#This Row],[Zamówienie - Ilosc SKU '[Szt']]]=0,"Niezamówione produkty","Zamówione produkty") -> Niezamówione produkty | Y18: 10 | Z18: 60 | AA18: 360 | AB18: 2160 | AC18: =+Table13[[#This Row],[Na Palecie]]/Table13[[#This Row],[W Outer]] -> 36 | AD18: =+Table13[[#This Row],[Na Palecie]]/Table13[[#This Row],[Na Warstwie]] -> 6 | AE18: 3086123734739 | AF18: 0 | AG18: 03086125163513 | AH18: 03086127693681 | AJ18: 32.99.12.0 | AK18: 96081099 | AL18: =_xlfn.XLOOKUP(Table13[[#This Row],[Rabat Indywidualny]],'PC2 code'!A:A,'PC2 code'!B:B,0) -> 00
A19: 8099221 | B19: =TEXT(Table13[[#This Row],[Kod EAN (Sku)]],"0000000000000") -> 3086121101113 | C19: =IF(AND(Table13[[#This Row],[Kod EAN (Szt)]]<>0,Table13[[#This Row],[Kod EAN (Szt)]]<>"0"),TEXT(Table13[[#This Row],[Kod EAN (Szt)]],"0000000000000"),"") -> 0070330101593 | D19: BIC Cristal Fine Orange Długopis niebieski Pudełko 20szt | E19: PROD SZKOLNO BIUROWE | F19: ARTYKUŁY PIŚMIENNICZE | H19: 26.57 | J19: =Table13[[#This Row],[Cena Netto]]*(1-Table13[[#This Row],[Rabat Długoterminowy]]) -> 26.57 | K19: =IF(TRIM($D$8)='Payment Term'!A$1,1-(1-$D$9)*(1-2%),$D$9) -> 0.25 | M19: =1-(1-Table13[[#This Row],[Rabat Długoterminowy]])*(1-Table13[[#This Row],[Dodatkowy rabat kwartału (składany)]]) -> 0 | N19: 0 | O19: =ROUND(Table13[[#This Row],[Cena Netto Po Rabacie Długoterminowym]]*(1-Table13[[#This Row],[Rabat Podstawowy]])*(1-Table13[[#This Row],[Dodatkowy rabat kwartału (składany)]])*(1-Table13[[#This Row],[Rabat Indywidualny]]),2) -> 19.93 | P19: =Table13[[#This Row],[Сena SKU Po Wszystkich Rabatach]]/Table13[[#This Row],[Szt/ Opak.]] -> 0.9965 | Q19: 20 | R19: 1 | S19: =IF(ISERROR(Table13[[#This Row],[W Inner]]),Table13[[#This Row],[W Outer]],IF(AND(Table13[[#This Row],[W Inner]]>0,Table13[[#This Row],[W Inner]]<>"0"),Table13[[#This Row],[W Inner]],Table13[[#This Row],[W Outer]])) -> 5 | U19: =IF(ISERROR(Table13[[#This Row],[Zamówienie - Ilosc SKU '[Szt']]]), "", IF(MROUND(Table13[[#This Row],[Zamówienie - Ilosc SKU '[Szt']]],Table13[[#This Row],[Min. Ilość Zam. Sku]])<Table13[[#This Row],[Zamówienie - Ilosc SKU '[Szt']]],MROUND(Table13[[#This Row],[Zamówienie - Ilosc SKU '[Szt']]],Table13[[#This Row],[Min. Ilość Zam. Sku]])+Table13[[#This Row],[Min. Ilość Zam. Sku]],MROUND(Table13[[#This Row],[Zamówienie - Ilosc SKU '[Szt']]],Table13[[#This Row],[Min. Ilość Zam. Sku]]))) -> 0 | V19: =IF(Table13[[#This Row],[Zamówienie - Ilosc SKU '[Szt']]]=0,0,MOD(Table13[[#This Row],[Zamówienie - Ilosc SKU '[Szt']]],Table13[[#This Row],[Min. Ilość Zam. Sku]])-0.5) -> 0 | W19: =Table13[[#This Row],[Сena SKU Po Wszystkich Rabatach]]*U19 -> 0 | X19: =IF(Table13[[#This Row],[Zamówienie - Ilosc SKU '[Szt']]]=0,"Niezamówione produkty","Zamówione produkty") -> Niezamówione produkty | Y19: 5 | Z19: 50 | AA19: 450 | AB19: 1800 | AC19: =+Table13[[#This Row],[Na Palecie]]/Table13[[#This Row],[W Outer]] -> 36 | AD19: =+Table13[[#This Row],[Na Palecie]]/Table13[[#This Row],[Na Warstwie]] -> 4 | AE19: 3086121101113 | AF19: 0070330101593 | AG19: 03086128099222 | AH19: 03086127487815 | AJ19: 32.99.12.0 | AK19: 96081099 | AL19: =_xlfn.XLOOKUP(Table13[[#This Row],[Rabat Indywidualny]],'PC2 code'!A:A,'PC2 code'!B:B,0) -> 00
A20: 8099231 | B20: =TEXT(Table13[[#This Row],[Kod EAN (Sku)]],"0000000000000") -> 3086121101144 | C20: =IF(AND(Table13[[#This Row],[Kod EAN (Szt)]]<>0,Table13[[#This Row],[Kod EAN (Szt)]]<>"0"),TEXT(Table13[[#This Row],[Kod EAN (Szt)]],"0000000000000"),"") -> 0070330101623 | D20: BIC Cristal Fine Orange Długopis czarny Pudełko 20szt | E20: PROD SZKOLNO BIUROWE | F20: ARTYKUŁY PIŚMIENNICZE | H20: 26.57 | J20: =Table13[[#This Row],[Cena Netto]]*(1-Table13[[#This Row],[Rabat Długoterminowy]]) -> 26.57 | K20: =IF(TRIM($D$8)='Payment Term'!A$1,1-(1-$D$9)*(1-2%),$D$9) -> 0.25 | M20: =1-(1-Table13[[#This Row],[Rabat Długoterminowy]])*(1-Table13[[#This Row],[Dodatkowy rabat kwartału (składany)]]) -> 0 | N20: 0 | O20: =ROUND(Table13[[#This Row],[Cena Netto Po Rabacie Długoterminowym]]*(1-Table13[[#This Row],[Rabat Podstawowy]])*(1-Table13[[#This Row],[Dodatkowy rabat kwartału (składany)]])*(1-Table13[[#This Row],[Rabat Indywidualny]]),2) -> 19.93 | P20: =Table13[[#This Row],[Сena SKU Po Wszystkich Rabatach]]/Table13[[#This Row],[Szt/ Opak.]] -> 0.9965 | Q20: 20 | R20: 1 | S20: =IF(ISERROR(Table13[[#This Row],[W Inner]]),Table13[[#This Row],[W Outer]],IF(AND(Table13[[#This Row],[W Inner]]>0,Table13[[#This Row],[W Inner]]<>"0"),Table13[[#This Row],[W Inner]],Table13[[#This Row],[W Outer]])) -> 5 | U20: =IF(ISERROR(Table13[[#This Row],[Zamówienie - Ilosc SKU '[Szt']]]), "", IF(MROUND(Table13[[#This Row],[Zamówienie - Ilosc SKU '[Szt']]],Table13[[#This Row],[Min. Ilość Zam. Sku]])<Table13[[#This Row],[Zamówienie - Ilosc SKU '[Szt']]],MROUND(Table13[[#This Row],[Zamówienie - Ilosc SKU '[Szt']]],Table13[[#This Row],[Min. Ilość Zam. Sku]])+Table13[[#This Row],[Min. Ilość Zam. Sku]],MROUND(Table13[[#This Row],[Zamówienie - Ilosc SKU '[Szt']]],Table13[[#This Row],[Min. Ilość Zam. Sku]]))) -> 0 | V20: =IF(Table13[[#This Row],[Zamówienie - Ilosc SKU '[Szt']]]=0,0,MOD(Table13[[#This Row],[Zamówienie - Ilosc SKU '[Szt']]],Table13[[#This Row],[Min. Ilość Zam. Sku]])-0.5) -> 0 | W20: =Table13[[#This Row],[Сena SKU Po Wszystkich Rabatach]]*U20 -> 0 | X20: =IF(Table13[[#This Row],[Zamówienie - Ilosc SKU '[Szt']]]=0,"Niezamówione produkty","Zamówione produkty") -> Niezamówione produkty | Y20: 5 | Z20: 50 | AA20: 450 | AB20: 1800 | AC20: =+Table13[[#This Row],[Na Palecie]]/Table13[[#This Row],[W Outer]] -> 36 | AD20: =+Table13[[#This Row],[Na Palecie]]/Table13[[#This Row],[Na Warstwie]] -> 4 | AE20: 3086121101144 | AF20: 0070330101623 | AG20: 03086128099239 | AH20: 03086127487822 | AJ20: 32.99.12.0 | AK20: 96081099 | AL20: =_xlfn.XLOOKUP(Table13[[#This Row],[Rabat Indywidualny]],'PC2 code'!A:A,'PC2 code'!B:B,0) -> 00
A21: 8099241 | B21: =TEXT(Table13[[#This Row],[Kod EAN (Sku)]],"0000000000000") -> 3086121101120 | C21: =IF(AND(Table13[[#This Row],[Kod EAN (Szt)]]<>0,Table13[[#This Row],[Kod EAN (Szt)]]<>"0"),TEXT(Table13[[#This Row],[Kod EAN (Szt)]],"0000000000000"),"") -> 0070330101609 | D21: BIC Cristal Fine Orange Długopis czerwony Pudełko 20szt | E21: PROD SZKOLNO BIUROWE | F21: ARTYKUŁY PIŚMIENNICZE | H21: 26.57 | J21: =Table13[[#This Row],[Cena Netto]]*(1-Table13[[#This Row],[Rabat Długoterminowy]]) -> 26.57 | K21: =IF(TRIM($D$8)='Payment Term'!A$1,1-(1-$D$9)*(1-2%),$D$9) -> 0.25 | M21: =1-(1-Table13[[#This Row],[Rabat Długoterminowy]])*(1-Table13[[#This Row],[Dodatkowy rabat kwartału (składany)]]) -> 0 | N21: 0 | O21: =ROUND(Table13[[#This Row],[Cena Netto Po Rabacie Długoterminowym]]*(1-Table13[[#This Row],[Rabat Podstawowy]])*(1-Table13[[#This Row],[Dodatkowy rabat kwartału (składany)]])*(1-Table13[[#This Row],[Rabat Indywidualny]]),2) -> 19.93 | P21: =Table13[[#This Row],[Сena SKU Po Wszystkich Rabatach]]/Table13[[#This Row],[Szt/ Opak.]] -> 0.9965 | Q21: 20 | R21: 1 | S21: =IF(ISERROR(Table13[[#This Row],[W Inner]]),Table13[[#This Row],[W Outer]],IF(AND(Table13[[#This Row],[W Inner]]>0,Table13[[#This Row],[W Inner]]<>"0"),Table13[[#This Row],[W Inner]],Table13[[#This Row],[W Outer]])) -> 5 | U21: =IF(ISERROR(Table13[[#This Row],[Zamówienie - Ilosc SKU '[Szt']]]), "", IF(MROUND(Table13[[#This Row],[Zamówienie - Ilosc SKU '[Szt']]],Table13[[#This Row],[Min. Ilość Zam. Sku]])<Table13[[#This Row],[Zamówienie - Ilosc SKU '[Szt']]],MROUND(Table13[[#This Row],[Zamówienie - Ilosc SKU '[Szt']]],Table13[[#This Row],[Min. Ilość Zam. Sku]])+Table13[[#This Row],[Min. Ilość Zam. Sku]],MROUND(Table13[[#This Row],[Zamówienie - Ilosc SKU '[Szt']]],Table13[[#This Row],[Min. Ilość Zam. Sku]]))) -> 0 | V21: =IF(Table13[[#This Row],[Zamówienie - Ilosc SKU '[Szt']]]=0,0,MOD(Table13[[#This Row],[Zamówienie - Ilosc SKU '[Szt']]],Table13[[#This Row],[Min. Ilość Zam. Sku]])-0.5) -> 0 | W21: =Table13[[#This Row],[Сena SKU Po Wszystkich Rabatach]]*U21 -> 0 | X21: =IF(Table13[[#This Row],[Zamówienie - Ilosc SKU '[Szt']]]=0,"Niezamówione produkty","Zamówione produkty") -> Niezamówione produkty | Y21: 5 | Z21: 50 | AA21: 450 | AB21: 1800 | AC21: =+Table13[[#This Row],[Na Palecie]]/Table13[[#This Row],[W Outer]] -> 36 | AD21: =+Table13[[#This Row],[Na Palecie]]/Table13[[#This Row],[Na Warstwie]] -> 4 | AE21: 3086121101120 | AF21: 0070330101609 | AG21: 03086128099246 | AH21: 03086127487839 | AJ21: 32.99.12.0 | AK21: 96081099 | AL21: =_xlfn.XLOOKUP(Table13[[#This Row],[Rabat Indywidualny]],'PC2 code'!A:A,'PC2 code'!B:B,0) -> 00
A22: 1199110113 | B22: =TEXT(Table13[[#This Row],[Kod EAN (Sku)]],"0000000000000") -> 3086121101137 | C22: =IF(AND(Table13[[#This Row],[Kod EAN (Szt)]]<>0,Table13[[#This Row],[Kod EAN (Szt)]]<>"0"),TEXT(Table13[[#This Row],[Kod EAN (Szt)]],"0000000000000"),"") | D22: BIC Cristal Fine Orange Długopis zielony Pudełko 20szt | E22: PROD SZKOLNO BIUROWE | F22: ARTYKUŁY PIŚMIENNICZE | H22: 26.57 | J22: =Table13[[#This Row],[Cena Netto]]*(1-Table13[[#This Row],[Rabat Długoterminowy]]) -> 26.57 | K22: =IF(TRIM($D$8)='Payment Term'!A$1,1-(1-$D$9)*(1-2%),$D$9) -> 0.25 | M22: =1-(1-Table13[[#This Row],[Rabat Długoterminowy]])*(1-Table13[[#This Row],[Dodatkowy rabat kwartału (składany)]]) -> 0 | N22: 0 | O22: =ROUND(Table13[[#This Row],[Cena Netto Po Rabacie Długoterminowym]]*(1-Table13[[#This Row],[Rabat Podstawowy]])*(1-Table13[[#This Row],[Dodatkowy rabat kwartału (składany)]])*(1-Table13[[#This Row],[Rabat Indywidualny]]),2) -> 19.93 | P22: =Table13[[#This Row],[Сena SKU Po Wszystkich Rabatach]]/Table13[[#This Row],[Szt/ Opak.]] -> 0.9965 | Q22: 20 | R22: 1 | S22: =IF(ISERROR(Table13[[#This Row],[W Inner]]),Table13[[#This Row],[W Outer]],IF(AND(Table13[[#This Row],[W Inner]]>0,Table13[[#This Row],[W Inner]]<>"0"),Table13[[#This Row],[W Inner]],Table13[[#This Row],[W Outer]])) -> 5 | U22: =IF(ISERROR(Table13[[#This Row],[Zamówienie - Ilosc SKU '[Szt']]]), "", IF(MROUND(Table13[[#This Row],[Zamówienie - Ilosc SKU '[Szt']]],Table13[[#This Row],[Min. Ilość Zam. Sku]])<Table13[[#This Row],[Zamówienie - Ilosc SKU '[Szt']]],MROUND(Table13[[#This Row],[Zamówienie - Ilosc SKU '[Szt']]],Table13[[#This Row],[Min. Ilość Zam. Sku]])+Table13[[#This Row],[Min. Ilość Zam. Sku]],MROUND(Table13[[#This Row],[Zamówienie - Ilosc SKU '[Szt']]],Table13[[#This Row],[Min. Ilość Zam. Sku]]))) -> 0 | V22: =IF(Table13[[#This Row],[Zamówienie - Ilosc SKU '[Szt']]]=0,0,MOD(Table13[[#This Row],[Zamówienie - Ilosc SKU '[Szt']]],Table13[[#This Row],[Min. Ilość Zam. Sku]])-0.5) -> 0 | W22: =Table13[[#This Row],[Сena SKU Po Wszystkich Rabatach]]*U22 -> 0 | X22: =IF(Table13[[#This Row],[Zamówienie - Ilosc SKU '[Szt']]]=0,"Niezamówione produkty","Zamówione produkty") -> Niezamówione produkty | Y22: 5 | Z22: 50 | AA22: 450 | AB22: 1800 | AC22: =+Table13[[#This Row],[Na Palecie]]/Table13[[#This Row],[W Outer]] -> 36 | AD22: =+Table13[[#This Row],[Na Palecie]]/Table13[[#This Row],[Na Warstwie]] -> 4 | AE22: 3086121101137 | AF22: 0 | AG22: 13086121101134 | AH22: 03086127144138 | AJ22: 32.99.12.0 | AK22: 96081099 | AL22: =_xlfn.XLOOKUP(Table13[[#This Row],[Rabat Indywidualny]],'PC2 code'!A:A,'PC2 code'!B:B,0) -> 00
A23: 8249851 | B23: =TEXT(Table13[[#This Row],[Kod EAN (Sku)]],"0000000000000") -> 3086121101113 | C23: =IF(AND(Table13[[#This Row],[Kod EAN (Szt)]]<>0,Table13[[#This Row],[Kod EAN (Szt)]]<>"0"),TEXT(Table13[[#This Row],[Kod EAN (Szt)]],"0000000000000"),"") | D23: BIC Cristal Fine Orange Długopis niebieski folia Pudełko 20szt | E23: PROD SZKOLNO BIUROWE | F23: ARTYKUŁY PIŚMIENNICZE | H23: 28.65 | J23: =Table13[[#This Row],[Cena Netto]]*(1-Table13[[#This Row],[Rabat Długoterminowy]]) -> 28.65 | K23: =IF(TRIM($D$8)='Payment Term'!A$1,1-(1-$D$9)*(1-2%),$D$9) -> 0.25 | M23: =1-(1-Table13[[#This Row],[Rabat Długoterminowy]])*(1-Table13[[#This Row],[Dodatkowy rabat kwartału (składany)]]) -> 0 | N23: 0 | O23: =ROUND(Table13[[#This Row],[Cena Netto Po Rabacie Długoterminowym]]*(1-Table13[[#This Row],[Rabat Podstawowy]])*(1-Table13[[#This Row],[Dodatkowy rabat kwartału (składany)]])*(1-Table13[[#This Row],[Rabat Indywidualny]]),2) -> 21.49 | P23: =Table13[[#This Row],[Сena SKU Po Wszystkich Rabatach]]/Table13[[#This Row],[Szt/ Opak.]] -> 1.0745 | Q23: 20 | R23: 1 | S23: =IF(ISERROR(Table13[[#This Row],[W Inner]]),Table13[[#This Row],[W Outer]],IF(AND(Table13[[#This Row],[W Inner]]>0,Table13[[#This Row],[W Inner]]<>"0"),Table13[[#This Row],[W Inner]],Table13[[#This Row],[W Outer]])) -> 50 | U23: =IF(ISERROR(Table13[[#This Row],[Zamówienie - Ilosc SKU '[Szt']]]), "", IF(MROUND(Table13[[#This Row],[Zamówienie - Ilosc SKU '[Szt']]],Table13[[#This Row],[Min. Ilość Zam. Sku]])<Table13[[#This Row],[Zamówienie - Ilosc SKU '[Szt']]],MROUND(Table13[[#This Row],[Zamówienie - Ilosc SKU '[Szt']]],Table13[[#This Row],[Min. Ilość Zam. Sku]])+Table13[[#This Row],[Min. Ilość Zam. Sku]],MROUND(Table13[[#This Row],[Zamówienie - Ilosc SKU '[Szt']]],Table13[[#This Row],[Min. Ilość Zam. Sku]]))) -> 0 | V23: =IF(Table13[[#This Row],[Zamówienie - Ilosc SKU '[Szt']]]=0,0,MOD(Table13[[#This Row],[Zamówienie - Ilosc SKU '[Szt']]],Table13[[#This Row],[Min. Ilość Zam. Sku]])-0.5) -> 0 | W23: =Table13[[#This Row],[Сena SKU Po Wszystkich Rabatach]]*U23 -> 0 | X23: =IF(Table13[[#This Row],[Zamówienie - Ilosc SKU '[Szt']]]=0,"Niezamówione produkty","Zamówione produkty") -> Niezamówione produkty | Y23: 0 | Z23: 50 | AA23: 450 | AB23: 1800 | AC23: =+Table13[[#This Row],[Na Palecie]]/Table13[[#This Row],[W Outer]] -> 36 | AD23: =+Table13[[#This Row],[Na Palecie]]/Table13[[#This Row],[Na Warstwie]] -> 4 | AE23: 3086121101113 | AF23: 0 | AG23: 03086128099222 | AH23: 03086127488720 | AJ23: 32.99.12.0 | AK23: 96081099 | AL23: =_xlfn.XLOOKUP(Table13[[#This Row],[Rabat Indywidualny]],'PC2 code'!A:A,'PC2 code'!B:B,0) -> 00
A24: 8249881 | B24: =TEXT(Table13[[#This Row],[Kod EAN (Sku)]],"0000000000000") -> 3086121101144 | C24: =IF(AND(Table13[[#This Row],[Kod EAN (Szt)]]<>0,Table13[[#This Row],[Kod EAN (Szt)]]<>"0"),TEXT(Table13[[#This Row],[Kod EAN (Szt)]],"0000000000000"),"") | D24: BIC Cristal Fine Orange Długopis czarny folia Pudełko 20szt | E24: PROD SZKOLNO BIUROWE | F24: ARTYKUŁY PIŚMIENNICZE | H24: 28.65 | J24: =Table13[[#This Row],[Cena Netto]]*(1-Table13[[#This Row],[Rabat Długoterminowy]]) -> 28.65 | K24: =IF(TRIM($D$8)='Payment Term'!A$1,1-(1-$D$9)*(1-2%),$D$9) -> 0.25 | M24: =1-(1-Table13[[#This Row],[Rabat Długoterminowy]])*(1-Table13[[#This Row],[Dodatkowy rabat kwartału (składany)]]) -> 0 | N24: 0 | O24: =ROUND(Table13[[#This Row],[Cena Netto Po Rabacie Długoterminowym]]*(1-Table13[[#This Row],[Rabat Podstawowy]])*(1-Table13[[#This Row],[Dodatkowy rabat kwartału (składany)]])*(1-Table13[[#This Row],[Rabat Indywidualny]]),2) -> 21.49 | P24: =Table13[[#This Row],[Сena SKU Po Wszystkich Rabatach]]/Table13[[#This Row],[Szt/ Opak.]] -> 1.0745 | Q24: 20 | R24: 1 | S24: =IF(ISERROR(Table13[[#This Row],[W Inner]]),Table13[[#This Row],[W Outer]],IF(AND(Table13[[#This Row],[W Inner]]>0,Table13[[#This Row],[W Inner]]<>"0"),Table13[[#This Row],[W Inner]],Table13[[#This Row],[W Outer]])) -> 50 | U24: =IF(ISERROR(Table13[[#This Row],[Zamówienie - Ilosc SKU '[Szt']]]), "", IF(MROUND(Table13[[#This Row],[Zamówienie - Ilosc SKU '[Szt']]],Table13[[#This Row],[Min. Ilość Zam. Sku]])<Table13[[#This Row],[Zamówienie - Ilosc SKU '[Szt']]],MROUND(Table13[[#This Row],[Zamówienie - Ilosc SKU '[Szt']]],Table13[[#This Row],[Min. Ilość Zam. Sku]])+Table13[[#This Row],[Min. Ilość Zam. Sku]],MROUND(Table13[[#This Row],[Zamówienie - Ilosc SKU '[Szt']]],Table13[[#This Row],[Min. Ilość Zam. Sku]]))) -> 0 | V24: =IF(Table13[[#This Row],[Zamówienie - Ilosc SKU '[Szt']]]=0,0,MOD(Table13[[#This Row],[Zamówienie - Ilosc SKU '[Szt']]],Table13[[#This Row],[Min. Ilość Zam. Sku]])-0.5) -> 0 | W24: =Table13[[#This Row],[Сena SKU Po Wszystkich Rabatach]]*U24 -> 0 | X24: =IF(Table13[[#This Row],[Zamówienie - Ilosc SKU '[Szt']]]=0,"Niezamówione produkty","Zamówione produkty") -> Niezamówione produkty | Y24: 0 | Z24: 50 | AA24: 450 | AB24: 1800 | AC24: =+Table13[[#This Row],[Na Palecie]]/Table13[[#This Row],[W Outer]] -> 36 | AD24: =+Table13[[#This Row],[Na Palecie]]/Table13[[#This Row],[Na Warstwie]] -> 4 | AE24: 3086121101144 | AF24: 0 | AG24: 03086128099239 | AH24: 03086127488737 | AJ24: 32.99.12.0 | AK24: 96081099 | AL24: =_xlfn.XLOOKUP(Table13[[#This Row],[Rabat Indywidualny]],'PC2 code'!A:A,'PC2 code'!B:B,0) -> 00
A25: 516338 | B25: =TEXT(Table13[[#This Row],[Kod EAN (Sku)]],"0000000000000") -> 3086123734609 | C25: =IF(AND(Table13[[#This Row],[Kod EAN (Szt)]]<>0,Table13[[#This Row],[Kod EAN (Szt)]]<>"0"),TEXT(Table13[[#This Row],[Kod EAN (Szt)]],"0000000000000"),"") | D25: BIC Cristal Original Fine Długopis niebieski Pouch 4szt | E25: PROD SZKOLNO BIUROWE | F25: ARTYKUŁY PIŚMIENNICZE | H25: 8.33 | J25: =Table13[[#This Row],[Cena Netto]]*(1-Table13[[#This Row],[Rabat Długoterminowy]]) -> 8.33 | K25: =IF(TRIM($D$8)='Payment Term'!A$1,1-(1-$D$9)*(1-2%),$D$9) -> 0.25 | M25: =1-(1-Table13[[#This Row],[Rabat Długoterminowy]])*(1-Table13[[#This Row],[Dodatkowy rabat kwartału (składany)]]) -> 0 | N25: 0 | O25: =ROUND(Table13[[#This Row],[Cena Netto Po Rabacie Długoterminowym]]*(1-Table13[[#This Row],[Rabat Podstawowy]])*(1-Table13[[#This Row],[Dodatkowy rabat kwartału (składany)]])*(1-Table13[[#This Row],[Rabat Indywidualny]]),2) -> 6.25 | P25: =Table13[[#This Row],[Сena SKU Po Wszystkich Rabatach]]/Table13[[#This Row],[Szt/ Opak.]] -> 1.5625 | Q25: 4 | R25: 10 | S25: =IF(ISERROR(Table13[[#This Row],[W Inner]]),Table13[[#This Row],[W Outer]],IF(AND(Table13[[#This Row],[W Inner]]>0,Table13[[#This Row],[W Inner]]<>"0"),Table13[[#This Row],[W Inner]],Table13[[#This Row],[W Outer]])) -> 10 | U25: =IF(ISERROR(Table13[[#This Row],[Zamówienie - Ilosc SKU '[Szt']]]), "", IF(MROUND(Table13[[#This Row],[Zamówienie - Ilosc SKU '[Szt']]],Table13[[#This Row],[Min. Ilość Zam. Sku]])<Table13[[#This Row],[Zamówienie - Ilosc SKU '[Szt']]],MROUND(Table13[[#This Row],[Zamówienie - Ilosc SKU '[Szt']]],Table13[[#This Row],[Min. Ilość Zam. Sku]])+Table13[[#This Row],[Min. Ilość Zam. Sku]],MROUND(Table13[[#This Row],[Zamówienie - Ilosc SKU '[Szt']]],Table13[[#This Row],[Min. Ilość Zam. Sku]]))) -> 0 | V25: =IF(Table13[[#This Row],[Zamówienie - Ilosc SKU '[Szt']]]=0,0,MOD(Table13[[#This Row],[Zamówienie - Ilosc SKU '[Szt']]],Table13[[#This Row],[Min. Ilość Zam. Sku]])-0.5) -> 0 | W25: =Table13[[#This Row],[Сena SKU Po Wszystkich Rabatach]]*U25 -> 0 | X25: =IF(Table13[[#This Row],[Zamówienie - Ilosc SKU '[Szt']]]=0,"Niezamówione produkty","Zamówione produkty") -> Niezamówione produkty | Y25: 10 | Z25: 120 | AA25: 720 | AB25: 4320 | AC25: =+Table13[[#This Row],[Na Palecie]]/Table13[[#This Row],[W Outer]] -> 36 | AD25: =+Table13[[#This Row],[Na Palecie]]/Table13[[#This Row],[Na Warstwie]] -> 6 | AE25: 3086123734609 | AF25: 0 | AG25: 03086125163384 | AH25: 03086127693551 | AJ25: 32.99.12.0 | AK25: 96081099 | AL25: =_xlfn.XLOOKUP(Table13[[#This Row],[Rabat Indywidualny]],'PC2 code'!A:A,'PC2 code'!B:B,0) -> 00
A26: 516339 | B26: =TEXT(Table13[[#This Row],[Kod EAN (Sku)]],"0000000000000") -> 3086123734616 | C26: =IF(AND(Table13[[#This Row],[Kod EAN (Szt)]]<>0,Table13[[#This Row],[Kod EAN (Szt)]]<>"0"),TEXT(Table13[[#This Row],[Kod EAN (Szt)]],"0000000000000"),"") | D26: BIC Cristal Original Fine Długopis czarny Pouch 4szt | E26: PROD SZKOLNO BIUROWE | F26: ARTYKUŁY PIŚMIENNICZE | H26: 8.33 | J26: =Table13[[#This Row],[Cena Netto]]*(1-Table13[[#This Row],[Rabat Długoterminowy]]) -> 8.33 | K26: =IF(TRIM($D$8)='Payment Term'!A$1,1-(1-$D$9)*(1-2%),$D$9) -> 0.25 | M26: =1-(1-Table13[[#This Row],[Rabat Długoterminowy]])*(1-Table13[[#This Row],[Dodatkowy rabat kwartału (składany)]]) -> 0 | N26: 0 | O26: =ROUND(Table13[[#This Row],[Cena Netto Po Rabacie Długoterminowym]]*(1-Table13[[#This Row],[Rabat Podstawowy]])*(1-Table13[[#This Row],[Dodatkowy rabat kwartału (składany)]])*(1-Table13[[#This Row],[Rabat Indywidualny]]),2) -> 6.25 | P26: =Table13[[#This Row],[Сena SKU Po Wszystkich Rabatach]]/Table13[[#This Row],[Szt/ Opak.]] -> 1.5625 | Q26: 4 | R26: 10 | S26: =IF(ISERROR(Table13[[#This Row],[W Inner]]),Table13[[#This Row],[W Outer]],IF(AND(Table13[[#This Row],[W Inner]]>0,Table13[[#This Row],[W Inner]]<>"0"),Table13[[#This Row],[W Inner]],Table13[[#This Row],[W Outer]])) -> 10 | U26: =IF(ISERROR(Table13[[#This Row],[Zamówienie - Ilosc SKU '[Szt']]]), "", IF(MROUND(Table13[[#This Row],[Zamówienie - Ilosc SKU '[Szt']]],Table13[[#This Row],[Min. Ilość Zam. Sku]])<Table13[[#This Row],[Zamówienie - Ilosc SKU '[Szt']]],MROUND(Table13[[#This Row],[Zamówienie - Ilosc SKU '[Szt']]],Table13[[#This Row],[Min. Ilość Zam. Sku]])+Table13[[#This Row],[Min. Ilość Zam. Sku]],MROUND(Table13[[#This Row],[Zamówienie - Ilosc SKU '[Szt']]],Table13[[#This Row],[Min. Ilość Zam. Sku]]))) -> 0 | V26: =IF(Table13[[#This Row],[Zamówienie - Ilosc SKU '[Szt']]]=0,0,MOD(Table13[[#This Row],[Zamówienie - Ilosc SKU '[Szt']]],Table13[[#This Row],[Min. Ilość Zam. Sku]])-0.5) -> 0 | W26: =Table13[[#This Row],[Сena SKU Po Wszystkich Rabatach]]*U26 -> 0 | X26: =IF(Table13[[#This Row],[Zamówienie - Ilosc SKU '[Szt']]]=0,"Niezamówione produkty","Zamówione produkty") -> Niezamówione produkty | Y26: 10 | Z26: 120 | AA26: 720 | AB26: 4320 | AC26: =+Table13[[#This Row],[Na Palecie]]/Table13[[#This Row],[W Outer]] -> 36 | AD26: =+Table13[[#This Row],[Na Palecie]]/Table13[[#This Row],[Na Warstwie]] -> 6 | AE26: 3086123734616 | AF26: 0 | AG26: 03086125163391 | AH26: 03086127693568 | AJ26: 32.99.12.0 | AK26: 96081099 | AL26: =_xlfn.XLOOKUP(Table13[[#This Row],[Rabat Indywidualny]],'PC2 code'!A:A,'PC2 code'!B:B,0) -> 00
... A107: 8871331 | B107: =TEXT(Table13[[#This Row],[Kod EAN (Sku)]],"0000000000000") -> 0070330136724 | C107: =IF(AND(Table13[[#This Row],[Kod EAN (Szt)]]<>0,Table13[[#This Row],[Kod EAN (Szt)]]<>"0"),TEXT(Table13[[#This Row],[Kod EAN (Szt)]],"0000000000000"),"") -> 3086123001329 | D107: BIC Atlantis Classic Długopis czerwony Pudełko 12szt | E107: PROD SZKOLNO BIUROWE | F107: ARTYKUŁY PIŚMIENNICZE | H107: 55.39 | J107: =Table13[[#This Row],[Cena Netto]]*(1-Table13[[#This Row],[Rabat Długoterminowy]]) -> 55.39 | K107: =IF(TRIM($D$8)='Payment Term'!A$1,1-(1-$D$9)*(1-2%),$D$9) -> 0.25 | M107: =1-(1-Table13[[#This Row],[Rabat Długoterminowy]])*(1-Table13[[#This Row],[Dodatkowy rabat kwartału (składany)]]) -> 0 | N107: 0 | O107: =ROUND(Table13[[#This Row],[Cena Netto Po Rabacie Długoterminowym]]*(1-Table13[[#This Row],[Rabat Podstawowy]])*(1-Table13[[#This Row],[Dodatkowy rabat kwartału (składany)]])*(1-Table13[[#This Row],[Rabat Indywidualny]]),2) -> 41.54 | P107: =Table13[[#This Row],[Сena SKU Po Wszystkich Rabatach]]/Table13[[#This Row],[Szt/ Opak.]] -> 3.4616667 | Q107: 12 | R107: 1 | S107: =IF(ISERROR(Table13[[#This Row],[W Inner]]),Table13[[#This Row],[W Outer]],IF(AND(Table13[[#This Row],[W Inner]]>0,Table13[[#This Row],[W Inner]]<>"0"),Table13[[#This Row],[W Inner]],Table13[[#This Row],[W Outer]])) -> 18 | U107: =IF(ISERROR(Table13[[#This Row],[Zamówienie - Ilosc SKU '[Szt']]]), "", IF(MROUND(Table13[[#This Row],[Zamówienie - Ilosc SKU '[Szt']]],Table13[[#This Row],[Min. Ilość Zam. Sku]])<Table13[[#This Row],[Zamówienie - Ilosc SKU '[Szt']]],MROUND(Table13[[#This Row],[Zamówienie - Ilosc SKU '[Szt']]],Table13[[#This Row],[Min. Ilość Zam. Sku]])+Table13[[#This Row],[Min. Ilość Zam. Sku]],MROUND(Table13[[#This Row],[Zamówienie - Ilosc SKU '[Szt']]],Table13[[#This Row],[Min. Ilość Zam. Sku]]))) -> 0 | V107: =IF(Table13[[#This Row],[Zamówienie - Ilosc SKU '[Szt']]]=0,0,MOD(Table13[[#This Row],[Zamówienie - Ilosc SKU '[Szt']]],Table13[[#This Row],[Min. Ilość Zam. Sku]])-0.5) -> 0 | W107: =Table13[[#This Row],[Сena SKU Po Wszystkich Rabatach]]*U107 -> 0 | X107: =IF(Table13[[#This Row],[Zamówienie - Ilosc SKU '[Szt']]]=0,"Niezamówione produkty","Zamówione produkty") -> Niezamówione produkty | Y107: 0 | Z107: 18 | AA107: 306 | AB107: 1836 | AC107: =+Table13[[#This Row],[Na Palecie]]/Table13[[#This Row],[W Outer]] -> 102 | AD107: =+Table13[[#This Row],[Na Palecie]]/Table13[[#This Row],[Na Warstwie]] -> 6 | AE107: 0070330136724 | AF107: 3086123001329 | AG107: 03086128871330 | AH107: 03086127492284 | AJ107: 32.99.12.0 | AK107: 96081092 | AL107: =_xlfn.XLOOKUP(Table13[[#This Row],[Rabat Indywidualny]],'PC2 code'!A:A,'PC2 code'!B:B,0) -> 00
A108: 8031246 | B108: =TEXT(Table13[[#This Row],[Kod EAN (Sku)]],"0000000000000") -> 0070330136663 | C108: =IF(AND(Table13[[#This Row],[Kod EAN (Szt)]]<>0,Table13[[#This Row],[Kod EAN (Szt)]]<>"0"),TEXT(Table13[[#This Row],[Kod EAN (Szt)]],"0000000000000"),"") | D108: BIC Atlantis Soft Długopis niebieski Blister 1szt | E108: PROD SZKOLNO BIUROWE | F108: ARTYKUŁY PIŚMIENNICZE | H108: 6.36 | J108: =Table13[[#This Row],[Cena Netto]]*(1-Table13[[#This Row],[Rabat Długoterminowy]]) -> 6.36 | K108: =IF(TRIM($D$8)='Payment Term'!A$1,1-(1-$D$9)*(1-2%),$D$9) -> 0.25 | L108: 0.1 | M108: =1-(1-Table13[[#This Row],[Rabat Długoterminowy]])*(1-Table13[[#This Row],[Dodatkowy rabat kwartału (składany)]]) -> 0.1 | N108: 0 | O108: =ROUND(Table13[[#This Row],[Cena Netto Po Rabacie Długoterminowym]]*(1-Table13[[#This Row],[Rabat Podstawowy]])*(1-Table13[[#This Row],[Dodatkowy rabat kwartału (składany)]])*(1-Table13[[#This Row],[Rabat Indywidualny]]),2) -> 4.29 | P108: =Table13[[#This Row],[Сena SKU Po Wszystkich Rabatach]]/Table13[[#This Row],[Szt/ Opak.]] -> 4.29 | Q108: 1 | R108: 20 | S108: =IF(ISERROR(Table13[[#This Row],[W Inner]]),Table13[[#This Row],[W Outer]],IF(AND(Table13[[#This Row],[W Inner]]>0,Table13[[#This Row],[W Inner]]<>"0"),Table13[[#This Row],[W Inner]],Table13[[#This Row],[W Outer]])) -> 20 | U108: =IF(ISERROR(Table13[[#This Row],[Zamówienie - Ilosc SKU '[Szt']]]), "", IF(MROUND(Table13[[#This Row],[Zamówienie - Ilosc SKU '[Szt']]],Table13[[#This Row],[Min. Ilość Zam. Sku]])<Table13[[#This Row],[Zamówienie - Ilosc SKU '[Szt']]],MROUND(Table13[[#This Row],[Zamówienie - Ilosc SKU '[Szt']]],Table13[[#This Row],[Min. Ilość Zam. Sku]])+Table13[[#This Row],[Min. Ilość Zam. Sku]],MROUND(Table13[[#This Row],[Zamówienie - Ilosc SKU '[Szt']]],Table13[[#This Row],[Min. Ilość Zam. Sku]]))) -> 0 | V108: =IF(Table13[[#This Row],[Zamówienie - Ilosc SKU '[Szt']]]=0,0,MOD(Table13[[#This Row],[Zamówienie - Ilosc SKU '[Szt']]],Table13[[#This Row],[Min. Ilość Zam. Sku]])-0.5) -> 0 | W108: =Table13[[#This Row],[Сena SKU Po Wszystkich Rabatach]]*U108 -> 0 | X108: =IF(Table13[[#This Row],[Zamówienie - Ilosc SKU '[Szt']]]=0,"Niezamówione produkty","Zamówione produkty") -> Niezamówione produkty | Y108: 0 | Z108: 20 | AA108: 560 | AB108: 5040 | AC108: =+Table13[[#This Row],[Na Palecie]]/Table13[[#This Row],[W Outer]] -> 252 | AD108: =+Table13[[#This Row],[Na Palecie]]/Table13[[#This Row],[Na Warstwie]] -> 9 | AE108: 0070330136663 | AF108: 0 | AG108: 03086128031246 | AH108: 03086124102841 | AJ108: 32.99.12.0 | AK108: 96081092 | AL108: =_xlfn.XLOOKUP(Table13[[#This Row],[Rabat Indywidualny]],'PC2 code'!A:A,'PC2 code'!B:B,0) -> 00
A109: 8031256 | B109: =TEXT(Table13[[#This Row],[Kod EAN (Sku)]],"0000000000000") -> 0070330136670 | C109: =IF(AND(Table13[[#This Row],[Kod EAN (Szt)]]<>0,Table13[[#This Row],[Kod EAN (Szt)]]<>"0"),TEXT(Table13[[#This Row],[Kod EAN (Szt)]],"0000000000000"),"") | D109: BIC Atlantis Soft Długopis czarny Blister 1szt | E109: PROD SZKOLNO BIUROWE | F109: ARTYKUŁY PIŚMIENNICZE | H109: 6.36 | J109: =Table13[[#This Row],[Cena Netto]]*(1-Table13[[#This Row],[Rabat Długoterminowy]]) -> 6.36 | K109: =IF(TRIM($D$8)='Payment Term'!A$1,1-(1-$D$9)*(1-2%),$D$9) -> 0.25 | L109: 0.1 | M109: =1-(1-Table13[[#This Row],[Rabat Długoterminowy]])*(1-Table13[[#This Row],[Dodatkowy rabat kwartału (składany)]]) -> 0.1 | N109: 0 | O109: =ROUND(Table13[[#This Row],[Cena Netto Po Rabacie Długoterminowym]]*(1-Table13[[#This Row],[Rabat Podstawowy]])*(1-Table13[[#This Row],[Dodatkowy rabat kwartału (składany)]])*(1-Table13[[#This Row],[Rabat Indywidualny]]),2) -> 4.29 | P109: =Table13[[#This Row],[Сena SKU Po Wszystkich Rabatach]]/Table13[[#This Row],[Szt/ Opak.]] -> 4.29 | Q109: 1 | R109: 20 | S109: =IF(ISERROR(Table13[[#This Row],[W Inner]]),Table13[[#This Row],[W Outer]],IF(AND(Table13[[#This Row],[W Inner]]>0,Table13[[#This Row],[W Inner]]<>"0"),Table13[[#This Row],[W Inner]],Table13[[#This Row],[W Outer]])) -> 20 | U109: =IF(ISERROR(Table13[[#This Row],[Zamówienie - Ilosc SKU '[Szt']]]), "", IF(MROUND(Table13[[#This Row],[Zamówienie - Ilosc SKU '[Szt']]],Table13[[#This Row],[Min. Ilość Zam. Sku]])<Table13[[#This Row],[Zamówienie - Ilosc SKU '[Szt']]],MROUND(Table13[[#This Row],[Zamówienie - Ilosc SKU '[Szt']]],Table13[[#This Row],[Min. Ilość Zam. Sku]])+Table13[[#This Row],[Min. Ilość Zam. Sku]],MROUND(Table13[[#This Row],[Zamówienie - Ilosc SKU '[Szt']]],Table13[[#This Row],[Min. Ilość Zam. Sku]]))) -> 0 | V109: =IF(Table13[[#This Row],[Zamówienie - Ilosc SKU '[Szt']]]=0,0,MOD(Table13[[#This Row],[Zamówienie - Ilosc SKU '[Szt']]],Table13[[#This Row],[Min. Ilość Zam. Sku]])-0.5) -> 0 | W109: =Table13[[#This Row],[Сena SKU Po Wszystkich Rabatach]]*U109 -> 0 | X109: =IF(Table13[[#This Row],[Zamówienie - Ilosc SKU '[Szt']]]=0,"Niezamówione produkty","Zamówione produkty") -> Niezamówione produkty | Y109: 0 | Z109: 20 | AA109: 560 | AB109: 5040 | AC109: =+Table13[[#This Row],[Na Palecie]]/Table13[[#This Row],[W Outer]] -> 252 | AD109: =+Table13[[#This Row],[Na Palecie]]/Table13[[#This Row],[Na Warstwie]] -> 9 | AE109: 0070330136670 | AF109: 0 | AG109: 03086128031253 | AH109: 03086124103978 | AJ109: 32.99.12.0 | AK109: 96081092 | AL109: =_xlfn.XLOOKUP(Table13[[#This Row],[Rabat Indywidualny]],'PC2 code'!A:A,'PC2 code'!B:B,0) -> 00
A110: 9021322 | B110: =TEXT(Table13[[#This Row],[Kod EAN (Sku)]],"0000000000000") -> 3086123307575 | C110: =IF(AND(Table13[[#This Row],[Kod EAN (Szt)]]<>0,Table13[[#This Row],[Kod EAN (Szt)]]<>"0"),TEXT(Table13[[#This Row],[Kod EAN (Szt)]],"0000000000000"),"") -> 0070330182813 | D110: BIC Atlantis Soft Długopis niebieski Pudełko 12szt | E110: PROD SZKOLNO BIUROWE | F110: ARTYKUŁY PIŚMIENNICZE | H110: 58.85 | J110: =Table13[[#This Row],[Cena Netto]]*(1-Table13[[#This Row],[Rabat Długoterminowy]]) -> 58.85 | K110: =IF(TRIM($D$8)='Payment Term'!A$1,1-(1-$D$9)*(1-2%),$D$9) -> 0.25 | L110: 0.1 | M110: =1-(1-Table13[[#This Row],[Rabat Długoterminowy]])*(1-Table13[[#This Row],[Dodatkowy rabat kwartału (składany)]]) -> 0.1 | N110: 0 | O110: =ROUND(Table13[[#This Row],[Cena Netto Po Rabacie Długoterminowym]]*(1-Table13[[#This Row],[Rabat Podstawowy]])*(1-Table13[[#This Row],[Dodatkowy rabat kwartału (składany)]])*(1-Table13[[#This Row],[Rabat Indywidualny]]),2) -> 39.72 | P110: =Table13[[#This Row],[Сena SKU Po Wszystkich Rabatach]]/Table13[[#This Row],[Szt/ Opak.]] -> 3.31 | Q110: 12 | R110: 1 | S110: =IF(ISERROR(Table13[[#This Row],[W Inner]]),Table13[[#This Row],[W Outer]],IF(AND(Table13[[#This Row],[W Inner]]>0,Table13[[#This Row],[W Inner]]<>"0"),Table13[[#This Row],[W Inner]],Table13[[#This Row],[W Outer]])) -> 18 | U110: =IF(ISERROR(Table13[[#This Row],[Zamówienie - Ilosc SKU '[Szt']]]), "", IF(MROUND(Table13[[#This Row],[Zamówienie - Ilosc SKU '[Szt']]],Table13[[#This Row],[Min. Ilość Zam. Sku]])<Table13[[#This Row],[Zamówienie - Ilosc SKU '[Szt']]],MROUND(Table13[[#This Row],[Zamówienie - Ilosc SKU '[Szt']]],Table13[[#This Row],[Min. Ilość Zam. Sku]])+Table13[[#This Row],[Min. Ilość Zam. Sku]],MROUND(Table13[[#This Row],[Zamówienie - Ilosc SKU '[Szt']]],Table13[[#This Row],[Min. Ilość Zam. Sku]]))) -> 0 | V110: =IF(Table13[[#This Row],[Zamówienie - Ilosc SKU '[Szt']]]=0,0,MOD(Table13[[#This Row],[Zamówienie - Ilosc SKU '[Szt']]],Table13[[#This Row],[Min. Ilość Zam. Sku]])-0.5) -> 0 | W110: =Table13[[#This Row],[Сena SKU Po Wszystkich Rabatach]]*U110 -> 0 | X110: =IF(Table13[[#This Row],[Zamówienie - Ilosc SKU '[Szt']]]=0,"Niezamówione produkty","Zamówione produkty") -> Niezamówione produkty | Y110: 0 | Z110: 18 | AA110: 306 | AB110: 1836 | AC110: =+Table13[[#This Row],[Na Palecie]]/Table13[[#This Row],[W Outer]] -> 102 | AD110: =+Table13[[#This Row],[Na Palecie]]/Table13[[#This Row],[Na Warstwie]] -> 6 | AE110: 3086123307575 | AF110: 0070330182813 | AG110: 03086129021321 | AH110: 03086127281833 | AJ110: 32.99.12.0 | AK110: 96081092 | AL110: =_xlfn.XLOOKUP(Table13[[#This Row],[Rabat Indywidualny]],'PC2 code'!A:A,'PC2 code'!B:B,0) -> 00
A111: 9021332 | B111: =TEXT(Table13[[#This Row],[Kod EAN (Sku)]],"0000000000000") -> 3086123307582 | C111: =IF(AND(Table13[[#This Row],[Kod EAN (Szt)]]<>0,Table13[[#This Row],[Kod EAN (Szt)]]<>"0"),TEXT(Table13[[#This Row],[Kod EAN (Szt)]],"0000000000000"),"") -> 0070330182806 | D111: BIC Atlantis Soft Długopis czarny Pudełko 12szt | E111: PROD SZKOLNO BIUROWE | F111: ARTYKUŁY PIŚMIENNICZE | H111: 58.85 | J111: =Table13[[#This Row],[Cena Netto]]*(1-Table13[[#This Row],[Rabat Długoterminowy]]) -> 58.85 | K111: =IF(TRIM($D$8)='Payment Term'!A$1,1-(1-$D$9)*(1-2%),$D$9) -> 0.25 | L111: 0.1 | M111: =1-(1-Table13[[#This Row],[Rabat Długoterminowy]])*(1-Table13[[#This Row],[Dodatkowy rabat kwartału (składany)]]) -> 0.1 | N111: 0 | O111: =ROUND(Table13[[#This Row],[Cena Netto Po Rabacie Długoterminowym]]*(1-Table13[[#This Row],[Rabat Podstawowy]])*(1-Table13[[#This Row],[Dodatkowy rabat kwartału (składany)]])*(1-Table13[[#This Row],[Rabat Indywidualny]]),2) -> 39.72 | P111: =Table13[[#This Row],[Сena SKU Po Wszystkich Rabatach]]/Table13[[#This Row],[Szt/ Opak.]] -> 3.31 | Q111: 12 | R111: 1 | S111: =IF(ISERROR(Table13[[#This Row],[W Inner]]),Table13[[#This Row],[W Outer]],IF(AND(Table13[[#This Row],[W Inner]]>0,Table13[[#This Row],[W Inner]]<>"0"),Table13[[#This Row],[W Inner]],Table13[[#This Row],[W Outer]])) -> 18 | U111: =IF(ISERROR(Table13[[#This Row],[Zamówienie - Ilosc SKU '[Szt']]]), "", IF(MROUND(Table13[[#This Row],[Zamówienie - Ilosc SKU '[Szt']]],Table13[[#This Row],[Min. Ilość Zam. Sku]])<Table13[[#This Row],[Zamówienie - Ilosc SKU '[Szt']]],MROUND(Table13[[#This Row],[Zamówienie - Ilosc SKU '[Szt']]],Table13[[#This Row],[Min. Ilość Zam. Sku]])+Table13[[#This Row],[Min. Ilość Zam. Sku]],MROUND(Table13[[#This Row],[Zamówienie - Ilosc SKU '[Szt']]],Table13[[#This Row],[Min. Ilość Zam. Sku]]))) -> 0 | V111: =IF(Table13[[#This Row],[Zamówienie - Ilosc SKU '[Szt']]]=0,0,MOD(Table13[[#This Row],[Zamówienie - Ilosc SKU '[Szt']]],Table13[[#This Row],[Min. Ilość Zam. Sku]])-0.5) -> 0 | W111: =Table13[[#This Row],[Сena SKU Po Wszystkich Rabatach]]*U111 -> 0 | X111: =IF(Table13[[#This Row],[Zamówienie - Ilosc SKU '[Szt']]]=0,"Niezamówione produkty","Zamówione produkty") -> Niezamówione produkty | Y111: 0 | Z111: 18 | AA111: 306 | AB111: 1836 | AC111: =+Table13[[#This Row],[Na Palecie]]/Table13[[#This Row],[W Outer]] -> 102 | AD111: =+Table13[[#This Row],[Na Palecie]]/Table13[[#This Row],[Na Warstwie]] -> 6 | AE111: 3086123307582 | AF111: 0070330182806 | AG111: 03086129021338 | AH111: 03086127281840 | AJ111: 32.99.12.0 | AK111: 96081092 | AL111: =_xlfn.XLOOKUP(Table13[[#This Row],[Rabat Indywidualny]],'PC2 code'!A:A,'PC2 code'!B:B,0) -> 00
A112: 893224 | B112: =TEXT(Table13[[#This Row],[Kod EAN (Sku)]],"0000000000000") -> 3086123256491 | C112: =IF(AND(Table13[[#This Row],[Kod EAN (Szt)]]<>0,Table13[[#This Row],[Kod EAN (Szt)]]<>"0"),TEXT(Table13[[#This Row],[Kod EAN (Szt)]],"0000000000000"),"") | D112: BIC Bu3 Grip Długopis niebieski Blister 2szt | E112: PROD SZKOLNO BIUROWE | F112: ARTYKUŁY PIŚMIENNICZE | H112: 6.72 | J112: =Table13[[#This Row],[Cena Netto]]*(1-Table13[[#This Row],[Rabat Długoterminowy]]) -> 6.72 | K112: =IF(TRIM($D$8)='Payment Term'!A$1,1-(1-$D$9)*(1-2%),$D$9) -> 0.25 | M112: =1-(1-Table13[[#This Row],[Rabat Długoterminowy]])*(1-Table13[[#This Row],[Dodatkowy rabat kwartału (składany)]]) -> 0 | N112: 0 | O112: =ROUND(Table13[[#This Row],[Cena Netto Po Rabacie Długoterminowym]]*(1-Table13[[#This Row],[Rabat Podstawowy]])*(1-Table13[[#This Row],[Dodatkowy rabat kwartału (składany)]])*(1-Table13[[#This Row],[Rabat Indywidualny]]),2) -> 5.04 | P112: =Table13[[#This Row],[Сena SKU Po Wszystkich Rabatach]]/Table13[[#This Row],[Szt/ Opak.]] -> 2.52 | Q112: 2 | R112: 20 | S112: =IF(ISERROR(Table13[[#This Row],[W Inner]]),Table13[[#This Row],[W Outer]],IF(AND(Table13[[#This Row],[W Inner]]>0,Table13[[#This Row],[W Inner]]<>"0"),Table13[[#This Row],[W Inner]],Table13[[#This Row],[W Outer]])) -> 20 | U112: =IF(ISERROR(Table13[[#This Row],[Zamówienie - Ilosc SKU '[Szt']]]), "", IF(MROUND(Table13[[#This Row],[Zamówienie - Ilosc SKU '[Szt']]],Table13[[#This Row],[Min. Ilość Zam. Sku]])<Table13[[#This Row],[Zamówienie - Ilosc SKU '[Szt']]],MROUND(Table13[[#This Row],[Zamówienie - Ilosc SKU '[Szt']]],Table13[[#This Row],[Min. Ilość Zam. Sku]])+Table13[[#This Row],[Min. Ilość Zam. Sku]],MROUND(Table13[[#This Row],[Zamówienie - Ilosc SKU '[Szt']]],Table13[[#This Row],[Min. Ilość Zam. Sku]]))) -> 0 | V112: =IF(Table13[[#This Row],[Zamówienie - Ilosc SKU '[Szt']]]=0,0,MOD(Table13[[#This Row],[Zamówienie - Ilosc SKU '[Szt']]],Table13[[#This Row],[Min. Ilość Zam. Sku]])-0.5) -> 0 | W112: =Table13[[#This Row],[Сena SKU Po Wszystkich Rabatach]]*U112 -> 0 | X112: =IF(Table13[[#This Row],[Zamówienie - Ilosc SKU '[Szt']]]=0,"Niezamówione produkty","Zamówione produkty") -> Niezamówione produkty | Y112: 0 | Z112: 20 | AA112: 400 | AB112: 2800 | AC112: =+Table13[[#This Row],[Na Palecie]]/Table13[[#This Row],[W Outer]] -> 140 | AD112: =+Table13[[#This Row],[Na Palecie]]/Table13[[#This Row],[Na Warstwie]] -> 7 | AE112: 3086123256491 | AF112: 0 | AG112: 03086128932246 | AH112: 03086127493328 | AJ112: 32.99.12.0 | AK112: 96081092 | AL112: =_xlfn.XLOOKUP(Table13[[#This Row],[Rabat Indywidualny]],'PC2 code'!A:A,'PC2 code'!B:B,0) -> 00
A113: 922577 | B113: =TEXT(Table13[[#This Row],[Kod EAN (Sku)]],"0000000000000") -> 3086123360396 | C113: =IF(AND(Table13[[#This Row],[Kod EAN (Szt)]]<>0,Table13[[#This Row],[Kod EAN (Szt)]]<>"0"),TEXT(Table13[[#This Row],[Kod EAN (Szt)]],"0000000000000"),"") | D113: BIC Bu3 Grip Długopis niebieski Blister 4szt | E113: PROD SZKOLNO BIUROWE | F113: ARTYKUŁY PIŚMIENNICZE | H113: 12.69 | J113: =Table13[[#This Row],[Cena Netto]]*(1-Table13[[#This Row],[Rabat Długoterminowy]]) -> 12.69 | K113: =IF(TRIM($D$8)='Payment Term'!A$1,1-(1-$D$9)*(1-2%),$D$9) -> 0.25 | M113: =1-(1-Table13[[#This Row],[Rabat Długoterminowy]])*(1-Table13[[#This Row],[Dodatkowy rabat kwartału (składany)]]) -> 0 | N113: 0 | O113: =ROUND(Table13[[#This Row],[Cena Netto Po Rabacie Długoterminowym]]*(1-Table13[[#This Row],[Rabat Podstawowy]])*(1-Table13[[#This Row],[Dodatkowy rabat kwartału (składany)]])*(1-Table13[[#This Row],[Rabat Indywidualny]]),2) -> 9.52 | P113: =Table13[[#This Row],[Сena SKU Po Wszystkich Rabatach]]/Table13[[#This Row],[Szt/ Opak.]] -> 2.38 | Q113: 4 | R113: 10 | S113: =IF(ISERROR(Table13[[#This Row],[W Inner]]),Table13[[#This Row],[W Outer]],IF(AND(Table13[[#This Row],[W Inner]]>0,Table13[[#This Row],[W Inner]]<>"0"),Table13[[#This Row],[W Inner]],Table13[[#This Row],[W Outer]])) -> 10 | U113: =IF(ISERROR(Table13[[#This Row],[Zamówienie - Ilosc SKU '[Szt']]]), "", IF(MROUND(Table13[[#This Row],[Zamówienie - Ilosc SKU '[Szt']]],Table13[[#This Row],[Min. Ilość Zam. Sku]])<Table13[[#This Row],[Zamówienie - Ilosc SKU '[Szt']]],MROUND(Table13[[#This Row],[Zamówienie - Ilosc SKU '[Szt']]],Table13[[#This Row],[Min. Ilość Zam. Sku]])+Table13[[#This Row],[Min. Ilość Zam. Sku]],MROUND(Table13[[#This Row],[Zamówienie - Ilosc SKU '[Szt']]],Table13[[#This Row],[Min. Ilość Zam. Sku]]))) -> 0 | V113: =IF(Table13[[#This Row],[Zamówienie - Ilosc SKU '[Szt']]]=0,0,MOD(Table13[[#This Row],[Zamówienie - Ilosc SKU '[Szt']]],Table13[[#This Row],[Min. Ilość Zam. Sku]])-0.5) -> 0 | W113: =Table13[[#This Row],[Сena SKU Po Wszystkich Rabatach]]*U113 -> 0 | X113: =IF(Table13[[#This Row],[Zamówienie - Ilosc SKU '[Szt']]]=0,"Niezamówione produkty","Zamówione produkty") -> Niezamówione produkty | Y113: 0 | Z113: 10 | AA113: 280 | AB113: 1680 | AC113: =+Table13[[#This Row],[Na Palecie]]/Table13[[#This Row],[W Outer]] -> 168 | AD113: =+Table13[[#This Row],[Na Palecie]]/Table13[[#This Row],[Na Warstwie]] -> 6 | AE113: 3086123360396 | AF113: 0 | AG113: 03086129225774 | AH113: 03086127333662 | AJ113: 32.99.12.0 | AK113: 96081092 | AL113: =_xlfn.XLOOKUP(Table13[[#This Row],[Rabat Indywidualny]],'PC2 code'!A:A,'PC2 code'!B:B,0) -> 00
A114: 919243 | B114: =TEXT(Table13[[#This Row],[Kod EAN (Sku)]],"0000000000000") -> 3086123342606 | C114: =IF(AND(Table13[[#This Row],[Kod EAN (Szt)]]<>0,Table13[[#This Row],[Kod EAN (Szt)]]<>"0"),TEXT(Table13[[#This Row],[Kod EAN (Szt)]],"0000000000000"),"") | D114: BIC Bu3 Grip Długopis czarny Blister 4szt | E114: PROD SZKOLNO BIUROWE | F114: ARTYKUŁY PIŚMIENNICZE | H114: 12.69 | J114: =Table13[[#This Row],[Cena Netto]]*(1-Table13[[#This Row],[Rabat Długoterminowy]]) -> 12.69 | K114: =IF(TRIM($D$8)='Payment Term'!A$1,1-(1-$D$9)*(1-2%),$D$9) -> 0.25 | M114: =1-(1-Table13[[#This Row],[Rabat Długoterminowy]])*(1-Table13[[#This Row],[Dodatkowy rabat kwartału (składany)]]) -> 0 | N114: 0 | O114: =ROUND(Table13[[#This Row],[Cena Netto Po Rabacie Długoterminowym]]*(1-Table13[[#This Row],[Rabat Podstawowy]])*(1-Table13[[#This Row],[Dodatkowy rabat kwartału (składany)]])*(1-Table13[[#This Row],[Rabat Indywidualny]]),2) -> 9.52 | P114: =Table13[[#This Row],[Сena SKU Po Wszystkich Rabatach]]/Table13[[#This Row],[Szt/ Opak.]] -> 2.38 | Q114: 4 | R114: 20 | S114: =IF(ISERROR(Table13[[#This Row],[W Inner]]),Table13[[#This Row],[W Outer]],IF(AND(Table13[[#This Row],[W Inner]]>0,Table13[[#This Row],[W Inner]]<>"0"),Table13[[#This Row],[W Inner]],Table13[[#This Row],[W Outer]])) -> 20 | U114: =IF(ISERROR(Table13[[#This Row],[Zamówienie - Ilosc SKU '[Szt']]]), "", IF(MROUND(Table13[[#This Row],[Zamówienie - Ilosc SKU '[Szt']]],Table13[[#This Row],[Min. Ilość Zam. Sku]])<Table13[[#This Row],[Zamówienie - Ilosc SKU '[Szt']]],MROUND(Table13[[#This Row],[Zamówienie - Ilosc SKU '[Szt']]],Table13[[#This Row],[Min. Ilość Zam. Sku]])+Table13[[#This Row],[Min. Ilość Zam. Sku]],MROUND(Table13[[#This Row],[Zamówienie - Ilosc SKU '[Szt']]],Table13[[#This Row],[Min. Ilość Zam. Sku]]))) -> 0 | V114: =IF(Table13[[#This Row],[Zamówienie - Ilosc SKU '[Szt']]]=0,0,MOD(Table13[[#This Row],[Zamówienie - Ilosc SKU '[Szt']]],Table13[[#This Row],[Min. Ilość Zam. Sku]])-0.5) -> 0 | W114: =Table13[[#This Row],[Сena SKU Po Wszystkich Rabatach]]*U114 -> 0 | X114: =IF(Table13[[#This Row],[Zamówienie - Ilosc SKU '[Szt']]]=0,"Niezamówione produkty","Zamówione produkty") -> Niezamówione produkty | Y114: 0 | Z114: 20 | AA114: 380 | AB114: 1900 | AC114: =+Table13[[#This Row],[Na Palecie]]/Table13[[#This Row],[W Outer]] -> 95 | AD114: =+Table13[[#This Row],[Na Palecie]]/Table13[[#This Row],[Na Warstwie]] -> 5 | AE114: 3086123342606 | AF114: 0 | AG114: 03086129192434 | AH114: 03086127316481 | AJ114: 32.99.12.0 | AK114: 96081092 | AL114: =_xlfn.XLOOKUP(Table13[[#This Row],[Rabat Indywidualny]],'PC2 code'!A:A,'PC2 code'!B:B,0) -> 00
A115: 893221 | B115: =TEXT(Table13[[#This Row],[Kod EAN (Sku)]],"0000000000000") -> 3086123256460 | C115: =IF(AND(Table13[[#This Row],[Kod EAN (Szt)]]<>0,Table13[[#This Row],[Kod EAN (Szt)]]<>"0"),TEXT(Table13[[#This Row],[Kod EAN (Szt)]],"0000000000000"),"") | D115: BIC Soft Feel Długopis niebieski Blister 3szt | E115: PROD SZKOLNO BIUROWE | F115: ARTYKUŁY PIŚMIENNICZE | H115: 8.19 | J115: =Table13[[#This Row],[Cena Netto]]*(1-Table13[[#This Row],[Rabat Długoterminowy]]) -> 8.19 | K115: =IF(TRIM($D$8)='Payment Term'!A$1,1-(1-$D$9)*(1-2%),$D$9) -> 0.25 | L115: 0.05 | M115: =1-(1-Table13[[#This Row],[Rabat Długoterminowy]])*(1-Table13[[#This Row],[Dodatkowy rabat kwartału (składany)]]) -> 0.05 | N115: 0 | O115: =ROUND(Table13[[#This Row],[Cena Netto Po Rabacie Długoterminowym]]*(1-Table13[[#This Row],[Rabat Podstawowy]])*(1-Table13[[#This Row],[Dodatkowy rabat kwartału (składany)]])*(1-Table13[[#This Row],[Rabat Indywidualny]]),2) -> 5.84 | P115: =Table13[[#This Row],[Сena SKU Po Wszystkich Rabatach]]/Table13[[#This Row],[Szt/ Opak.]] -> 1.9466667 | Q115: 3 | R115: 20 | S115: =IF(ISERROR(Table13[[#This Row],[W Inner]]),Table13[[#This Row],[W Outer]],IF(AND(Table13[[#This Row],[W Inner]]>0,Table13[[#This Row],[W Inner]]<>"0"),Table13[[#This Row],[W Inner]],Table13[[#This Row],[W Outer]])) -> 20 | U115: =IF(ISERROR(Table13[[#This Row],[Zamówienie - Ilosc SKU '[Szt']]]), "", IF(MROUND(Table13[[#This Row],[Zamówienie - Ilosc SKU '[Szt']]],Table13[[#This Row],[Min. Ilość Zam. Sku]])<Table13[[#This Row],[Zamówienie - Ilosc SKU '[Szt']]],MROUND(Table13[[#This Row],[Zamówienie - Ilosc SKU '[Szt']]],Table13[[#This Row],[Min. Ilość Zam. Sku]])+Table13[[#This Row],[Min. Ilość Zam. Sku]],MROUND(Table13[[#This Row],[Zamówienie - Ilosc SKU '[Szt']]],Table13[[#This Row],[Min. Ilość Zam. Sku]]))) -> 0 | V115: =IF(Table13[[#This Row],[Zamówienie - Ilosc SKU '[Szt']]]=0,0,MOD(Table13[[#This Row],[Zamówienie - Ilosc SKU '[Szt']]],Table13[[#This Row],[Min. Ilość Zam. Sku]])-0.5) -> 0 | W115: =Table13[[#This Row],[Сena SKU Po Wszystkich Rabatach]]*U115 -> 0 | X115: =IF(Table13[[#This Row],[Zamówienie - Ilosc SKU '[Szt']]]=0,"Niezamówione produkty","Zamówione produkty") -> Niezamówione produkty | Y115: 0 | Z115: 20 | AA115: 560 | AB115: 5040 | AC115: =+Table13[[#This Row],[Na Palecie]]/Table13[[#This Row],[W Outer]] -> 252 | AD115: =+Table13[[#This Row],[Na Palecie]]/Table13[[#This Row],[Na Warstwie]] -> 9 | AE115: 3086123256460 | AF115: 0 | AG115: 03086128932215 | AH115: 03086124102568 | AJ115: 32.99.12.0 | AK115: 96081092 | AL115: =_xlfn.XLOOKUP(Table13[[#This Row],[Rabat Indywidualny]],'PC2 code'!A:A,'PC2 code'!B:B,0) -> 00
A116: 8373952 | B116: =TEXT(Table13[[#This Row],[Kod EAN (Sku)]],"0000000000000") -> 0070330133730 | C116: =IF(AND(Table13[[#This Row],[Kod EAN (Szt)]]<>0,Table13[[#This Row],[Kod EAN (Szt)]]<>"0"),TEXT(Table13[[#This Row],[Kod EAN (Szt)]],"0000000000000"),"") | D116: BIC Soft Feel Długopis czarny Blister 3szt | E116: PROD SZKOLNO BIUROWE | F116: ARTYKUŁY PIŚMIENNICZE | H116: 8.19 | J116: =Table13[[#This Row],[Cena Netto]]*(1-Table13[[#This Row],[Rabat Długoterminowy]]) -> 8.19 | K116: =IF(TRIM($D$8)='Payment Term'!A$1,1-(1-$D$9)*(1-2%),$D$9) -> 0.25 | L116: 0.05 | M116: =1-(1-Table13[[#This Row],[Rabat Długoterminowy]])*(1-Table13[[#This Row],[Dodatkowy rabat kwartału (składany)]]) -> 0.05 | N116: 0 | O116: =ROUND(Table13[[#This Row],[Cena Netto Po Rabacie Długoterminowym]]*(1-Table13[[#This Row],[Rabat Podstawowy]])*(1-Table13[[#This Row],[Dodatkowy rabat kwartału (składany)]])*(1-Table13[[#This Row],[Rabat Indywidualny]]),2) -> 5.84 | P116: =Table13[[#This Row],[Сena SKU Po Wszystkich Rabatach]]/Table13[[#This Row],[Szt/ Opak.]] -> 1.9466667 | Q116: 3 | R116: 20 | S116: =IF(ISERROR(Table13[[#This Row],[W Inner]]),Table13[[#This Row],[W Outer]],IF(AND(Table13[[#This Row],[W Inner]]>0,Table13[[#This Row],[W Inner]]<>"0"),Table13[[#This Row],[W Inner]],Table13[[#This Row],[W Outer]])) -> 20 | U116: =IF(ISERROR(Table13[[#This Row],[Zamówienie - Ilosc SKU '[Szt']]]), "", IF(MROUND(Table13[[#This Row],[Zamówienie - Ilosc SKU '[Szt']]],Table13[[#This Row],[Min. Ilość Zam. Sku]])<Table13[[#This Row],[Zamówienie - Ilosc SKU '[Szt']]],MROUND(Table13[[#This Row],[Zamówienie - Ilosc SKU '[Szt']]],Table13[[#This Row],[Min. Ilość Zam. Sku]])+Table13[[#This Row],[Min. Ilość Zam. Sku]],MROUND(Table13[[#This Row],[Zamówienie - Ilosc SKU '[Szt']]],Table13[[#This Row],[Min. Ilość Zam. Sku]]))) -> 0 | V116: =IF(Table13[[#This Row],[Zamówienie - Ilosc SKU '[Szt']]]=0,0,MOD(Table13[[#This Row],[Zamówienie - Ilosc SKU '[Szt']]],Table13[[#This Row],[Min. Ilość Zam. Sku]])-0.5) -> 0 | W116: =Table13[[#This Row],[Сena SKU Po Wszystkich Rabatach]]*U116 -> 0 | X116: =IF(Table13[[#This Row],[Zamówienie - Ilosc SKU '[Szt']]]=0,"Niezamówione produkty","Zamówione produkty") -> Niezamówione produkty | Y116: 0 | Z116: 20 | AA116: 560 | AB116: 3360 | AC116: =+Table13[[#This Row],[Na Palecie]]/Table13[[#This Row],[W Outer]] -> 168 | AD116: =+Table13[[#This Row],[Na Palecie]]/Table13[[#This Row],[Na Warstwie]] -> 6 | AE116: 0070330133730 | AF116: 0 | AG116: 03086128373957 | AH116: 03086127047903 | AJ116: 32.99.12.0 | AK116: 96081099 | AL116: =_xlfn.XLOOKUP(Table13[[#This Row],[Rabat Indywidualny]],'PC2 code'!A:A,'PC2 code'!B:B,0) -> 00
A117: 8373941 | B117: =TEXT(Table13[[#This Row],[Kod EAN (Sku)]],"0000000000000") -> 0070330133990 | C117: =IF(AND(Table13[[#This Row],[Kod EAN (Szt)]]<>0,Table13[[#This Row],[Kod EAN (Szt)]]<>"0"),TEXT(Table13[[#This Row],[Kod EAN (Szt)]],"0000000000000"),"") | D117: BIC Soft Feel Długopis mix AST Blister 3szt | E117: PROD SZKOLNO BIUROWE | F117: ARTYKUŁY PIŚMIENNICZE | H117: 8.19 | J117: =Table13[[#This Row],[Cena Netto]]*(1-Table13[[#This Row],[Rabat Długoterminowy]]) -> 8.19 | K117: =IF(TRIM($D$8)='Payment Term'!A$1,1-(1-$D$9)*(1-2%),$D$9) -> 0.25 | L117: 0.05 | M117: =1-(1-Table13[[#This Row],[Rabat Długoterminowy]])*(1-Table13[[#This Row],[Dodatkowy rabat kwartału (składany)]]) -> 0.05 | N117: 0 | O117: =ROUND(Table13[[#This Row],[Cena Netto Po Rabacie Długoterminowym]]*(1-Table13[[#This Row],[Rabat Podstawowy]])*(1-Table13[[#This Row],[Dodatkowy rabat kwartału (składany)]])*(1-Table13[[#This Row],[Rabat Indywidualny]]),2) -> 5.84 | P117: =Table13[[#This Row],[Сena SKU Po Wszystkich Rabatach]]/Table13[[#This Row],[Szt/ Opak.]] -> 1.9466667 | Q117: 3 | R117: 20 | S117: =IF(ISERROR(Table13[[#This Row],[W Inner]]),Table13[[#This Row],[W Outer]],IF(AND(Table13[[#This Row],[W Inner]]>0,Table13[[#This Row],[W Inner]]<>"0"),Table13[[#This Row],[W Inner]],Table13[[#This Row],[W Outer]])) -> 20 | U117: =IF(ISERROR(Table13[[#This Row],[Zamówienie - Ilosc SKU '[Szt']]]), "", IF(MROUND(Table13[[#This Row],[Zamówienie - Ilosc SKU '[Szt']]],Table13[[#This Row],[Min. Ilość Zam. Sku]])<Table13[[#This Row],[Zamówienie - Ilosc SKU '[Szt']]],MROUND(Table13[[#This Row],[Zamówienie - Ilosc SKU '[Szt']]],Table13[[#This Row],[Min. Ilość Zam. Sku]])+Table13[[#This Row],[Min. Ilość Zam. Sku]],MROUND(Table13[[#This Row],[Zamówienie - Ilosc SKU '[Szt']]],Table13[[#This Row],[Min. Ilość Zam. Sku]]))) -> 0 | V117: =IF(Table13[[#This Row],[Zamówienie - Ilosc SKU '[Szt']]]=0,0,MOD(Table13[[#This Row],[Zamówienie - Ilosc SKU '[Szt']]],Table13[[#This Row],[Min. Ilość Zam. Sku]])-0.5) -> 0 | W117: =Table13[[#This Row],[Сena SKU Po Wszystkich Rabatach]]*U117 -> 0 | X117: =IF(Table13[[#This Row],[Zamówienie - Ilosc SKU '[Szt']]]=0,"Niezamówione produkty","Zamówione produkty") -> Niezamówione produkty | Y117: 0 | Z117: 20 | AA117: 560 | AB117: 3360 | AC117: =+Table13[[#This Row],[Na Palecie]]/Table13[[#This Row],[W Outer]] -> 168 | AD117: =+Table13[[#This Row],[Na Palecie]]/Table13[[#This Row],[Na Warstwie]] -> 6 | AE117: 0070330133990 | AF117: 0 | AG117: 03086128373940 | AH117: 03086127047897 | AJ117: 32.99.12.0 | AK117: 96081099 | AL117: =_xlfn.XLOOKUP(Table13[[#This Row],[Rabat Indywidualny]],'PC2 code'!A:A,'PC2 code'!B:B,0) -> 00
A118: 922580 | B118: =TEXT(Table13[[#This Row],[Kod EAN (Sku)]],"0000000000000") -> 3086123360426 | C118: =IF(AND(Table13[[#This Row],[Kod EAN (Szt)]]<>0,Table13[[#This Row],[Kod EAN (Szt)]]<>"0"),TEXT(Table13[[#This Row],[Kod EAN (Szt)]],"0000000000000"),"") | D118: BIC Soft Feel Długopis niebieski Blister 4szt | E118: PROD SZKOLNO BIUROWE | F118: ARTYKUŁY PIŚMIENNICZE | H118: 10.14 | J118: =Table13[[#This Row],[Cena Netto]]*(1-Table13[[#This Row],[Rabat Długoterminowy]]) -> 10.14 | K118: =IF(TRIM($D$8)='Payment Term'!A$1,1-(1-$D$9)*(1-2%),$D$9) -> 0.25 | M118: =1-(1-Table13[[#This Row],[Rabat Długoterminowy]])*(1-Table13[[#This Row],[Dodatkowy rabat kwartału (składany)]]) -> 0 | N118: 0 | O118: =ROUND(Table13[[#This Row],[Cena Netto Po Rabacie Długoterminowym]]*(1-Table13[[#This Row],[Rabat Podstawowy]])*(1-Table13[[#This Row],[Dodatkowy rabat kwartału (składany)]])*(1-Table13[[#This Row],[Rabat Indywidualny]]),2) -> 7.61 | P118: =Table13[[#This Row],[Сena SKU Po Wszystkich Rabatach]]/Table13[[#This Row],[Szt/ Opak.]] -> 1.9025 | Q118: 4 | R118: 10 | S118: =IF(ISERROR(Table13[[#This Row],[W Inner]]),Table13[[#This Row],[W Outer]],IF(AND(Table13[[#This Row],[W Inner]]>0,Table13[[#This Row],[W Inner]]<>"0"),Table13[[#This Row],[W Inner]],Table13[[#This Row],[W Outer]])) -> 10 | U118: =IF(ISERROR(Table13[[#This Row],[Zamówienie - Ilosc SKU '[Szt']]]), "", IF(MROUND(Table13[[#This Row],[Zamówienie - Ilosc SKU '[Szt']]],Table13[[#This Row],[Min. Ilość Zam. Sku]])<Table13[[#This Row],[Zamówienie - Ilosc SKU '[Szt']]],MROUND(Table13[[#This Row],[Zamówienie - Ilosc SKU '[Szt']]],Table13[[#This Row],[Min. Ilość Zam. Sku]])+Table13[[#This Row],[Min. Ilość Zam. Sku]],MROUND(Table13[[#This Row],[Zamówienie - Ilosc SKU '[Szt']]],Table13[[#This Row],[Min. Ilość Zam. Sku]]))) -> 0 | V118: =IF(Table13[[#This Row],[Zamówienie - Ilosc SKU '[Szt']]]=0,0,MOD(Table13[[#This Row],[Zamówienie - Ilosc SKU '[Szt']]],Table13[[#This Row],[Min. Ilość Zam. Sku]])-0.5) -> 0 | W118: =Table13[[#This Row],[Сena SKU Po Wszystkich Rabatach]]*U118 -> 0 | X118: =IF(Table13[[#This Row],[Zamówienie - Ilosc SKU '[Szt']]]=0,"Niezamówione produkty","Zamówione produkty") -> Niezamówione produkty | Y118: 0 | Z118: 10 | AA118: 280 | AB118: 2520 | AC118: =+Table13[[#This Row],[Na Palecie]]/Table13[[#This Row],[W Outer]] -> 252 | AD118: =+Table13[[#This Row],[Na Palecie]]/Table13[[#This Row],[Na Warstwie]] -> 9 | AE118: 3086123360426 | AF118: 0 | AG118: 03086129225804 | AH118: 03086124104685 | AJ118: 32.99.12.0 | AK118: 96081099 | AL118: =_xlfn.XLOOKUP(Table13[[#This Row],[Rabat Indywidualny]],'PC2 code'!A:A,'PC2 code'!B:B,0) -> 00
A119: 837398 | B119: =TEXT(Table13[[#This Row],[Kod EAN (Sku)]],"0000000000000") -> 0070330914346 | C119: =IF(AND(Table13[[#This Row],[Kod EAN (Szt)]]<>0,Table13[[#This Row],[Kod EAN (Szt)]]<>"0"),TEXT(Table13[[#This Row],[Kod EAN (Szt)]],"0000000000000"),"") | D119: BIC Soft Feel Długopis niebieski Pudełko 12szt | E119: PROD SZKOLNO BIUROWE | F119: ARTYKUŁY PIŚMIENNICZE | H119: 29.33 | J119: =Table13[[#This Row],[Cena Netto]]*(1-Table13[[#This Row],[Rabat Długoterminowy]]) -> 29.33 | K119: =IF(TRIM($D$8)='Payment Term'!A$1,1-(1-$D$9)*(1-2%),$D$9) -> 0.25 | L119: 0.05 | M119: =1-(1-Table13[[#This Row],[Rabat Długoterminowy]])*(1-Table13[[#This Row],[Dodatkowy rabat kwartału (składany)]]) -> 0.05 | N119: 0 | O119: =ROUND(Table13[[#This Row],[Cena Netto Po Rabacie Długoterminowym]]*(1-Table13[[#This Row],[Rabat Podstawowy]])*(1-Table13[[#This Row],[Dodatkowy rabat kwartału (składany)]])*(1-Table13[[#This Row],[Rabat Indywidualny]]),2) -> 20.9 | P119: =Table13[[#This Row],[Сena SKU Po Wszystkich Rabatach]]/Table13[[#This Row],[Szt/ Opak.]] -> 1.7416667 | Q119: 12 | R119: 1 | S119: =IF(ISERROR(Table13[[#This Row],[W Inner]]),Table13[[#This Row],[W Outer]],IF(AND(Table13[[#This Row],[W Inner]]>0,Table13[[#This Row],[W Inner]]<>"0"),Table13[[#This Row],[W Inner]],Table13[[#This Row],[W Outer]])) -> 18 | U119: =IF(ISERROR(Table13[[#This Row],[Zamówienie - Ilosc SKU '[Szt']]]), "", IF(MROUND(Table13[[#This Row],[Zamówienie - Ilosc SKU '[Szt']]],Table13[[#This Row],[Min. Ilość Zam. Sku]])<Table13[[#This Row],[Zamówienie - Ilosc SKU '[Szt']]],MROUND(Table13[[#This Row],[Zamówienie - Ilosc SKU '[Szt']]],Table13[[#This Row],[Min. Ilość Zam. Sku]])+Table13[[#This Row],[Min. Ilość Zam. Sku]],MROUND(Table13[[#This Row],[Zamówienie - Ilosc SKU '[Szt']]],Table13[[#This Row],[Min. Ilość Zam. Sku]]))) -> 0 | V119: =IF(Table13[[#This Row],[Zamówienie - Ilosc SKU '[Szt']]]=0,0,MOD(Table13[[#This Row],[Zamówienie - Ilosc SKU '[Szt']]],Table13[[#This Row],[Min. Ilość Zam. Sku]])-0.5) -> 0 | W119: =Table13[[#This Row],[Сena SKU Po Wszystkich Rabatach]]*U119 -> 0 | X119: =IF(Table13[[#This Row],[Zamówienie - Ilosc SKU '[Szt']]]=0,"Niezamówione produkty","Zamówione produkty") -> Niezamówione produkty | Y119: 0 | Z119: 18 | AA119: 306 | AB119: 1836 | AC119: =+Table13[[#This Row],[Na Palecie]]/Table13[[#This Row],[W Outer]] -> 102 | AD119: =+Table13[[#This Row],[Na Palecie]]/Table13[[#This Row],[Na Warstwie]] -> 6 | AE119: 0070330914346 | AF119: 0 | AG119: 03086128373988 | AH119: 03086127489284 | AJ119: 32.99.12.0 | AK119: 96081099 | AL119: =_xlfn.XLOOKUP(Table13[[#This Row],[Rabat Indywidualny]],'PC2 code'!A:A,'PC2 code'!B:B,0) -> 00
A120: 837397 | B120: =TEXT(Table13[[#This Row],[Kod EAN (Sku)]],"0000000000000") -> 0070330914360 | C120: =IF(AND(Table13[[#This Row],[Kod EAN (Szt)]]<>0,Table13[[#This Row],[Kod EAN (Szt)]]<>"0"),TEXT(Table13[[#This Row],[Kod EAN (Szt)]],"0000000000000"),"") | D120: BIC Soft Feel Długopis czarny Pudełko 12szt | E120: PROD SZKOLNO BIUROWE | F120: ARTYKUŁY PIŚMIENNICZE | H120: 29.33 | J120: =Table13[[#This Row],[Cena Netto]]*(1-Table13[[#This Row],[Rabat Długoterminowy]]) -> 29.33 | K120: =IF(TRIM($D$8)='Payment Term'!A$1,1-(1-$D$9)*(1-2%),$D$9) -> 0.25 | L120: 0.05 | M120: =1-(1-Table13[[#This Row],[Rabat Długoterminowy]])*(1-Table13[[#This Row],[Dodatkowy rabat kwartału (składany)]]) -> 0.05 | N120: 0 | O120: =ROUND(Table13[[#This Row],[Cena Netto Po Rabacie Długoterminowym]]*(1-Table13[[#This Row],[Rabat Podstawowy]])*(1-Table13[[#This Row],[Dodatkowy rabat kwartału (składany)]])*(1-Table13[[#This Row],[Rabat Indywidualny]]),2) -> 20.9 | P120: =Table13[[#This Row],[Сena SKU Po Wszystkich Rabatach]]/Table13[[#This Row],[Szt/ Opak.]] -> 1.7416667 | Q120: 12 | R120: 1 | S120: =IF(ISERROR(Table13[[#This Row],[W Inner]]),Table13[[#This Row],[W Outer]],IF(AND(Table13[[#This Row],[W Inner]]>0,Table13[[#This Row],[W Inner]]<>"0"),Table13[[#This Row],[W Inner]],Table13[[#This Row],[W Outer]])) -> 18 | U120: =IF(ISERROR(Table13[[#This Row],[Zamówienie - Ilosc SKU '[Szt']]]), "", IF(MROUND(Table13[[#This Row],[Zamówienie - Ilosc SKU '[Szt']]],Table13[[#This Row],[Min. Ilość Zam. Sku]])<Table13[[#This Row],[Zamówienie - Ilosc SKU '[Szt']]],MROUND(Table13[[#This Row],[Zamówienie - Ilosc SKU '[Szt']]],Table13[[#This Row],[Min. Ilość Zam. Sku]])+Table13[[#This Row],[Min. Ilość Zam. Sku]],MROUND(Table13[[#This Row],[Zamówienie - Ilosc SKU '[Szt']]],Table13[[#This Row],[Min. Ilość Zam. Sku]]))) -> 0 | V120: =IF(Table13[[#This Row],[Zamówienie - Ilosc SKU '[Szt']]]=0,0,MOD(Table13[[#This Row],[Zamówienie - Ilosc SKU '[Szt']]],Table13[[#This Row],[Min. Ilość Zam. Sku]])-0.5) -> 0 | W120: =Table13[[#This Row],[Сena SKU Po Wszystkich Rabatach]]*U120 -> 0 | X120: =IF(Table13[[#This Row],[Zamówienie - Ilosc SKU '[Szt']]]=0,"Niezamówione produkty","Zamówione produkty") -> Niezamówione produkty | Y120: 0 | Z120: 18 | AA120: 306 | AB120: 1836 | AC120: =+Table13[[#This Row],[Na Palecie]]/Table13[[#This Row],[W Outer]] -> 102 | AD120: =+Table13[[#This Row],[Na Palecie]]/Table13[[#This Row],[Na Warstwie]] -> 6 | AE120: 0070330914360 | AF120: 0 | AG120: 03086128373971 | AH120: 03086127489260 | AJ120: 32.99.12.0 | AK120: 96081099 | AL120: =_xlfn.XLOOKUP(Table13[[#This Row],[Rabat Indywidualny]],'PC2 code'!A:A,'PC2 code'!B:B,0) -> 00
A121: 837399 | B121: =TEXT(Table13[[#This Row],[Kod EAN (Sku)]],"0000000000000") -> 0070330914384 | C121: =IF(AND(Table13[[#This Row],[Kod EAN (Szt)]]<>0,Table13[[#This Row],[Kod EAN (Szt)]]<>"0"),TEXT(Table13[[#This Row],[Kod EAN (Szt)]],"0000000000000"),"") | D121: BIC Soft Feel Długopis czerwony Pudełko 12szt | E121: PROD SZKOLNO BIUROWE | F121: ARTYKUŁY PIŚMIENNICZE | H121: 29.33 | J121: =Table13[[#This Row],[Cena Netto]]*(1-Table13[[#This Row],[Rabat Długoterminowy]]) -> 29.33 | K121: =IF(TRIM($D$8)='Payment Term'!A$1,1-(1-$D$9)*(1-2%),$D$9) -> 0.25 | L121: 0.05 | M121: =1-(1-Table13[[#This Row],[Rabat Długoterminowy]])*(1-Table13[[#This Row],[Dodatkowy rabat kwartału (składany)]]) -> 0.05 | N121: 0 | O121: =ROUND(Table13[[#This Row],[Cena Netto Po Rabacie Długoterminowym]]*(1-Table13[[#This Row],[Rabat Podstawowy]])*(1-Table13[[#This Row],[Dodatkowy rabat kwartału (składany)]])*(1-Table13[[#This Row],[Rabat Indywidualny]]),2) -> 20.9 | P121: =Table13[[#This Row],[Сena SKU Po Wszystkich Rabatach]]/Table13[[#This Row],[Szt/ Opak.]] -> 1.7416667 | Q121: 12 | R121: 1 | S121: =IF(ISERROR(Table13[[#This Row],[W Inner]]),Table13[[#This Row],[W Outer]],IF(AND(Table13[[#This Row],[W Inner]]>0,Table13[[#This Row],[W Inner]]<>"0"),Table13[[#This Row],[W Inner]],Table13[[#This Row],[W Outer]])) -> 18 | U121: =IF(ISERROR(Table13[[#This Row],[Zamówienie - Ilosc SKU '[Szt']]]), "", IF(MROUND(Table13[[#This Row],[Zamówienie - Ilosc SKU '[Szt']]],Table13[[#This Row],[Min. Ilość Zam. Sku]])<Table13[[#This Row],[Zamówienie - Ilosc SKU '[Szt']]],MROUND(Table13[[#This Row],[Zamówienie - Ilosc SKU '[Szt']]],Table13[[#This Row],[Min. Ilość Zam. Sku]])+Table13[[#This Row],[Min. Ilość Zam. Sku]],MROUND(Table13[[#This Row],[Zamówienie - Ilosc SKU '[Szt']]],Table13[[#This Row],[Min. Ilość Zam. Sku]]))) -> 0 | V121: =IF(Table13[[#This Row],[Zamówienie - Ilosc SKU '[Szt']]]=0,0,MOD(Table13[[#This Row],[Zamówienie - Ilosc SKU '[Szt']]],Table13[[#This Row],[Min. Ilość Zam. Sku]])-0.5) -> 0 | W121: =Table13[[#This Row],[Сena SKU Po Wszystkich Rabatach]]*U121 -> 0 | X121: =IF(Table13[[#This Row],[Zamówienie - Ilosc SKU '[Szt']]]=0,"Niezamówione produkty","Zamówione produkty") -> Niezamówione produkty | Y121: 0 | Z121: 18 | AA121: 306 | AB121: 1836 | AC121: =+Table13[[#This Row],[Na Palecie]]/Table13[[#This Row],[W Outer]] -> 102 | AD121: =+Table13[[#This Row],[Na Palecie]]/Table13[[#This Row],[Na Warstwie]] -> 6 | AE121: 0070330914384 | AF121: 0 | AG121: 03086128373995 | AH121: 03086127489307 | AJ121: 32.99.12.0 | AK121: 96081099 | AL121: =_xlfn.XLOOKUP(Table13[[#This Row],[Rabat Indywidualny]],'PC2 code'!A:A,'PC2 code'!B:B,0) -> 00
A122: 982872 | B122: =TEXT(Table13[[#This Row],[Kod EAN (Sku)]],"0000000000000") -> 3086123657113 | C122: =IF(AND(Table13[[#This Row],[Kod EAN (Szt)]]<>0,Table13[[#This Row],[Kod EAN (Szt)]]<>"0"),TEXT(Table13[[#This Row],[Kod EAN (Szt)]],"0000000000000"),"") | D122: BIC 4 Colours White/Black Medium Dlugopis mix AST Blister 1szt | E122: PROD SZKOLNO BIUROWE | F122: ARTYKUŁY PIŚMIENNICZE | H122: 8.28 | J122: =Table13[[#This Row],[Cena Netto]]*(1-Table13[[#This Row],[Rabat Długoterminowy]]) -> 8.28 | K122: =IF(TRIM($D$8)='Payment Term'!A$1,1-(1-$D$9)*(1-2%),$D$9) -> 0.25 | M122: =1-(1-Table13[[#This Row],[Rabat Długoterminowy]])*(1-Table13[[#This Row],[Dodatkowy rabat kwartału (składany)]]) -> 0 | N122: 0 | O122: =ROUND(Table13[[#This Row],[Cena Netto Po Rabacie Długoterminowym]]*(1-Table13[[#This Row],[Rabat Podstawowy]])*(1-Table13[[#This Row],[Dodatkowy rabat kwartału (składany)]])*(1-Table13[[#This Row],[Rabat Indywidualny]]),2) -> 6.21 | P122: =Table13[[#This Row],[Сena SKU Po Wszystkich Rabatach]]/Table13[[#This Row],[Szt/ Opak.]] -> 6.21 | Q122: 1 | R122: 20 | S122: =IF(ISERROR(Table13[[#This Row],[W Inner]]),Table13[[#This Row],[W Outer]],IF(AND(Table13[[#This Row],[W Inner]]>0,Table13[[#This Row],[W Inner]]<>"0"),Table13[[#This Row],[W Inner]],Table13[[#This Row],[W Outer]])) -> 20 | U122: =IF(ISERROR(Table13[[#This Row],[Zamówienie - Ilosc SKU '[Szt']]]), "", IF(MROUND(Table13[[#This Row],[Zamówienie - Ilosc SKU '[Szt']]],Table13[[#This Row],[Min. Ilość Zam. Sku]])<Table13[[#This Row],[Zamówienie - Ilosc SKU '[Szt']]],MROUND(Table13[[#This Row],[Zamówienie - Ilosc SKU '[Szt']]],Table13[[#This Row],[Min. Ilość Zam. Sku]])+Table13[[#This Row],[Min. Ilość Zam. Sku]],MROUND(Table13[[#This Row],[Zamówienie - Ilosc SKU '[Szt']]],Table13[[#This Row],[Min. Ilość Zam. Sku]]))) -> 0 | V122: =IF(Table13[[#This Row],[Zamówienie - Ilosc SKU '[Szt']]]=0,0,MOD(Table13[[#This Row],[Zamówienie - Ilosc SKU '[Szt']]],Table13[[#This Row],[Min. Ilość Zam. Sku]])-0.5) -> 0 | W122: =Table13[[#This Row],[Сena SKU Po Wszystkich Rabatach]]*U122 -> 0 | X122: =IF(Table13[[#This Row],[Zamówienie - Ilosc SKU '[Szt']]]=0,"Niezamówione produkty","Zamówione produkty") -> Niezamówione produkty | Y122: 0 | Z122: 20 | AA122: 560 | AB122: 5040 | AC122: =+Table13[[#This Row],[Na Palecie]]/Table13[[#This Row],[W Outer]] -> 252 | AD122: =+Table13[[#This Row],[Na Palecie]]/Table13[[#This Row],[Na Warstwie]] -> 9 | AE122: 3086123657113 | AF122: 0 | AG122: 03086129828722 | AH122: 03086124102636 | AJ122: 32.99.12.0 | AK122: 96081092 | AL122: =_xlfn.XLOOKUP(Table13[[#This Row],[Rabat Indywidualny]],'PC2 code'!A:A,'PC2 code'!B:B,0) -> 00
A123: 982867 | B123: =TEXT(Table13[[#This Row],[Kod EAN (Sku)]],"0000000000000") -> 3086123233843 | C123: =IF(AND(Table13[[#This Row],[Kod EAN (Szt)]]<>0,Table13[[#This Row],[Kod EAN (Szt)]]<>"0"),TEXT(Table13[[#This Row],[Kod EAN (Szt)]],"0000000000000"),"") -> 0070330101760 | D123: BIC 4 Colours Original Fine Długopis mix AST Pudełko 12szt | E123: PROD SZKOLNO BIUROWE | F123: ARTYKUŁY PIŚMIENNICZE | H123: 66.56 | I123: 0.2 | J123: =Table13[[#This Row],[Cena Netto]]*(1-Table13[[#This Row],[Rabat Długoterminowy]]) -> 53.248 | K123: =IF(TRIM($D$8)='Payment Term'!A$1,1-(1-$D$9)*(1-2%),$D$9) -> 0.25 | L123: 0.1 | M123: =1-(1-Table13[[#This Row],[Rabat Długoterminowy]])*(1-Table13[[#This Row],[Dodatkowy rabat kwartału (składany)]]) -> 0.28 | N123: 0 | O123: =ROUND(Table13[[#This Row],[Cena Netto Po Rabacie Długoterminowym]]*(1-Table13[[#This Row],[Rabat Podstawowy]])*(1-Table13[[#This Row],[Dodatkowy rabat kwartału (składany)]])*(1-Table13[[#This Row],[Rabat Indywidualny]]),2) -> 35.94 | P123: =Table13[[#This Row],[Сena SKU Po Wszystkich Rabatach]]/Table13[[#This Row],[Szt/ Opak.]] -> 2.995 | Q123: 12 | R123: 1 | S123: =IF(ISERROR(Table13[[#This Row],[W Inner]]),Table13[[#This Row],[W Outer]],IF(AND(Table13[[#This Row],[W Inner]]>0,Table13[[#This Row],[W Inner]]<>"0"),Table13[[#This Row],[W Inner]],Table13[[#This Row],[W Outer]])) -> 35 | U123: =IF(ISERROR(Table13[[#This Row],[Zamówienie - Ilosc SKU '[Szt']]]), "", IF(MROUND(Table13[[#This Row],[Zamówienie - Ilosc SKU '[Szt']]],Table13[[#This Row],[Min. Ilość Zam. Sku]])<Table13[[#This Row],[Zamówienie - Ilosc SKU '[Szt']]],MROUND(Table13[[#This Row],[Zamówienie - Ilosc SKU '[Szt']]],Table13[[#This Row],[Min. Ilość Zam. Sku]])+Table13[[#This Row],[Min. Ilość Zam. Sku]],MROUND(Table13[[#This Row],[Zamówienie - Ilosc SKU '[Szt']]],Table13[[#This Row],[Min. Ilość Zam. Sku]]))) -> 0 | V123: =IF(Table13[[#This Row],[Zamówienie - Ilosc SKU '[Szt']]]=0,0,MOD(Table13[[#This Row],[Zamówienie - Ilosc SKU '[Szt']]],Table13[[#This Row],[Min. Ilość Zam. Sku]])-0.5) -> 0 | W123: =Table13[[#This Row],[Сena SKU Po Wszystkich Rabatach]]*U123 -> 0 | X123: =IF(Table13[[#This Row],[Zamówienie - Ilosc SKU '[Szt']]]=0,"Niezamówione produkty","Zamówione produkty") -> Niezamówione produkty | Y123: 0 | Z123: 35 | AA123: 490 | AB123: 1960 | AC123: =+Table13[[#This Row],[Na Palecie]]/Table13[[#This Row],[W Outer]] -> 56 | AD123: =+Table13[[#This Row],[Na Palecie]]/Table13[[#This Row],[Na Warstwie]] -> 4 | AE123: 3086123233843 | AF123: 0070330101760 | AG123: 03086129828678 | AH123: 03086127620403 | AJ123: 32.99.12.0 | AK123: 96081092 | AL123: =_xlfn.XLOOKUP(Table13[[#This Row],[Rabat Indywidualny]],'PC2 code'!A:A,'PC2 code'!B:B,0) -> 00
A124: 802077 | B124: =TEXT(Table13[[#This Row],[Kod EAN (Sku)]],"0000000000000") -> 3086121601613 | C124: =IF(AND(Table13[[#This Row],[Kod EAN (Szt)]]<>0,Table13[[#This Row],[Kod EAN (Szt)]]<>"0"),TEXT(Table13[[#This Row],[Kod EAN (Szt)]],"0000000000000"),"") | D124: BIC 4 Colours Original Długopis mix AST Blister 1szt | E124: PROD SZKOLNO BIUROWE | F124: ARTYKUŁY PIŚMIENNICZE | H124: 8.28 | J124: =Table13[[#This Row],[Cena Netto]]*(1-Table13[[#This Row],[Rabat Długoterminowy]]) -> 8.28 | K124: =IF(TRIM($D$8)='Payment Term'!A$1,1-(1-$D$9)*(1-2%),$D$9) -> 0.25 | L124: 0.1 | M124: =1-(1-Table13[[#This Row],[Rabat Długoterminowy]])*(1-Table13[[#This Row],[Dodatkowy rabat kwartału (składany)]]) -> 0.1 | N124: 0 | O124: =ROUND(Table13[[#This Row],[Cena Netto Po Rabacie Długoterminowym]]*(1-Table13[[#This Row],[Rabat Podstawowy]])*(1-Table13[[#This Row],[Dodatkowy rabat kwartału (składany)]])*(1-Table13[[#This Row],[Rabat Indywidualny]]),2) -> 5.59 | P124: =Table13[[#This Row],[Сena SKU Po Wszystkich Rabatach]]/Table13[[#This Row],[Szt/ Opak.]] -> 5.59 | Q124: 1 | R124: 20 | S124: =IF(ISERROR(Table13[[#This Row],[W Inner]]),Table13[[#This Row],[W Outer]],IF(AND(Table13[[#This Row],[W Inner]]>0,Table13[[#This Row],[W Inner]]<>"0"),Table13[[#This Row],[W Inner]],Table13[[#This Row],[W Outer]])) -> 20 | U124: =IF(ISERROR(Table13[[#This Row],[Zamówienie - Ilosc SKU '[Szt']]]), "", IF(MROUND(Table13[[#This Row],[Zamówienie - Ilosc SKU '[Szt']]],Table13[[#This Row],[Min. Ilość Zam. Sku]])<Table13[[#This Row],[Zamówienie - Ilosc SKU '[Szt']]],MROUND(Table13[[#This Row],[Zamówienie - Ilosc SKU '[Szt']]],Table13[[#This Row],[Min. Ilość Zam. Sku]])+Table13[[#This Row],[Min. Ilość Zam. Sku]],MROUND(Table13[[#This Row],[Zamówienie - Ilosc SKU '[Szt']]],Table13[[#This Row],[Min. Ilość Zam. Sku]]))) -> 0 | V124: =IF(Table13[[#This Row],[Zamówienie - Ilosc SKU '[Szt']]]=0,0,MOD(Table13[[#This Row],[Zamówienie - Ilosc SKU '[Szt']]],Table13[[#This Row],[Min. Ilość Zam. Sku]])-0.5) -> 0 | W124: =Table13[[#This Row],[Сena SKU Po Wszystkich Rabatach]]*U124 -> 0 | X124: =IF(Table13[[#This Row],[Zamówienie - Ilosc SKU '[Szt']]]=0,"Niezamówione produkty","Zamówione produkty") -> Niezamówione produkty | Y124: 0 | Z124: 20 | AA124: 560 | AB124: 5040 | AC124: =+Table13[[#This Row],[Na Palecie]]/Table13[[#This Row],[W Outer]] -> 252 | AD124: =+Table13[[#This Row],[Na Palecie]]/Table13[[#This Row],[Na Warstwie]] -> 9 | AE124: 3086121601613 | AF124: 0 | AG124: 03086128020776 | AH124: 03086124104593 | AJ124: 32.99.12.0 | AK124: 96081092 | AL124: =_xlfn.XLOOKUP(Table13[[#This Row],[Rabat Indywidualny]],'PC2 code'!A:A,'PC2 code'!B:B,0) -> 00
A125: 982866 | B125: =TEXT(Table13[[#This Row],[Kod EAN (Sku)]],"0000000000000") -> 3086123233829 | C125: =IF(AND(Table13[[#This Row],[Kod EAN (Szt)]]<>0,Table13[[#This Row],[Kod EAN (Szt)]]<>"0"),TEXT(Table13[[#This Row],[Kod EAN (Szt)]],"0000000000000"),"") -> 0070330101241 | D125: BIC 4 Colours Original Długopis mix AST Pudełko 12szt | E125: PROD SZKOLNO BIUROWE | F125: ARTYKUŁY PIŚMIENNICZE | H125: 66.56 | I125: 0.2 | J125: =Table13[[#This Row],[Cena Netto]]*(1-Table13[[#This Row],[Rabat Długoterminowy]]) -> 53.248 | K125: =IF(TRIM($D$8)='Payment Term'!A$1,1-(1-$D$9)*(1-2%),$D$9) -> 0.25 | L125: 0.1 | M125: =1-(1-Table13[[#This Row],[Rabat Długoterminowy]])*(1-Table13[[#This Row],[Dodatkowy rabat kwartału (składany)]]) -> 0.28 | N125: 0 | O125: =ROUND(Table13[[#This Row],[Cena Netto Po Rabacie Długoterminowym]]*(1-Table13[[#This Row],[Rabat Podstawowy]])*(1-Table13[[#This Row],[Dodatkowy rabat kwartału (składany)]])*(1-Table13[[#This Row],[Rabat Indywidualny]]),2) -> 35.94 | P125: =Table13[[#This Row],[Сena SKU Po Wszystkich Rabatach]]/Table13[[#This Row],[Szt/ Opak.]] -> 2.995 | Q125: 12 | R125: 1 | S125: =IF(ISERROR(Table13[[#This Row],[W Inner]]),Table13[[#This Row],[W Outer]],IF(AND(Table13[[#This Row],[W Inner]]>0,Table13[[#This Row],[W Inner]]<>"0"),Table13[[#This Row],[W Inner]],Table13[[#This Row],[W Outer]])) -> 35 | U125: =IF(ISERROR(Table13[[#This Row],[Zamówienie - Ilosc SKU '[Szt']]]), "", IF(MROUND(Table13[[#This Row],[Zamówienie - Ilosc SKU '[Szt']]],Table13[[#This Row],[Min. Ilość Zam. Sku]])<Table13[[#This Row],[Zamówienie - Ilosc SKU '[Szt']]],MROUND(Table13[[#This Row],[Zamówienie - Ilosc SKU '[Szt']]],Table13[[#This Row],[Min. Ilość Zam. Sku]])+Table13[[#This Row],[Min. Ilość Zam. Sku]],MROUND(Table13[[#This Row],[Zamówienie - Ilosc SKU '[Szt']]],Table13[[#This Row],[Min. Ilość Zam. Sku]]))) -> 0 | V125: =IF(Table13[[#This Row],[Zamówienie - Ilosc SKU '[Szt']]]=0,0,MOD(Table13[[#This Row],[Zamówienie - Ilosc SKU '[Szt']]],Table13[[#This Row],[Min. Ilość Zam. Sku]])-0.5) -> 0 | W125: =Table13[[#This Row],[Сena SKU Po Wszystkich Rabatach]]*U125 -> 0 | X125: =IF(Table13[[#This Row],[Zamówienie - Ilosc SKU '[Szt']]]=0,"Niezamówione produkty","Zamówione produkty") -> Niezamówione produkty | Y125: 0 | Z125: 35 | AA125: 490 | AB125: 1960 | AC125: =+Table13[[#This Row],[Na Palecie]]/Table13[[#This Row],[W Outer]] -> 56 | AD125: =+Table13[[#This Row],[Na Palecie]]/Table13[[#This Row],[Na Warstwie]] -> 4 | AE125: 3086123233829 | AF125: 0070330101241 | AG125: 03086129828661 | AH125: 03086127620397 | AJ125: 32.99.12.0 | AK125: 96081092 | AL125: =_xlfn.XLOOKUP(Table13[[#This Row],[Rabat Indywidualny]],'PC2 code'!A:A,'PC2 code'!B:B,0) -> 00
A126: 897785 | B126: =TEXT(Table13[[#This Row],[Kod EAN (Sku)]],"0000000000000") -> 3086123291348 | C126: =IF(AND(Table13[[#This Row],[Kod EAN (Szt)]]<>0,Table13[[#This Row],[Kod EAN (Szt)]]<>"0"),TEXT(Table13[[#This Row],[Kod EAN (Szt)]],"0000000000000"),"") | D126: BIC 4 Colours PRO Długopis mix AST Blister 1szt | E126: PROD SZKOLNO BIUROWE | F126: ARTYKUŁY PIŚMIENNICZE | H126: 8.28 | J126: =Table13[[#This Row],[Cena Netto]]*(1-Table13[[#This Row],[Rabat Długoterminowy]]) -> 8.28 | K126: =IF(TRIM($D$8)='Payment Term'!A$1,1-(1-$D$9)*(1-2%),$D$9) -> 0.25 | L126: 0.1 | M126: =1-(1-Table13[[#This Row],[Rabat Długoterminowy]])*(1-Table13[[#This Row],[Dodatkowy rabat kwartału (składany)]]) -> 0.1 | N126: 0 | O126: =ROUND(Table13[[#This Row],[Cena Netto Po Rabacie Długoterminowym]]*(1-Table13[[#This Row],[Rabat Podstawowy]])*(1-Table13[[#This Row],[Dodatkowy rabat kwartału (składany)]])*(1-Table13[[#This Row],[Rabat Indywidualny]]),2) -> 5.59 | P126: =Table13[[#This Row],[Сena SKU Po Wszystkich Rabatach]]/Table13[[#This Row],[Szt/ Opak.]] -> 5.59 | Q126: 1 | R126: 20 | S126: =IF(ISERROR(Table13[[#This Row],[W Inner]]),Table13[[#This Row],[W Outer]],IF(AND(Table13[[#This Row],[W Inner]]>0,Table13[[#This Row],[W Inner]]<>"0"),Table13[[#This Row],[W Inner]],Table13[[#This Row],[W Outer]])) -> 20 | U126: =IF(ISERROR(Table13[[#This Row],[Zamówienie - Ilosc SKU '[Szt']]]), "", IF(MROUND(Table13[[#This Row],[Zamówienie - Ilosc SKU '[Szt']]],Table13[[#This Row],[Min. Ilość Zam. Sku]])<Table13[[#This Row],[Zamówienie - Ilosc SKU '[Szt']]],MROUND(Table13[[#This Row],[Zamówienie - Ilosc SKU '[Szt']]],Table13[[#This Row],[Min. Ilość Zam. Sku]])+Table13[[#This Row],[Min. Ilość Zam. Sku]],MROUND(Table13[[#This Row],[Zamówienie - Ilosc SKU '[Szt']]],Table13[[#This Row],[Min. Ilość Zam. Sku]]))) -> 0 | V126: =IF(Table13[[#This Row],[Zamówienie - Ilosc SKU '[Szt']]]=0,0,MOD(Table13[[#This Row],[Zamówienie - Ilosc SKU '[Szt']]],Table13[[#This Row],[Min. Ilość Zam. Sku]])-0.5) -> 0 | W126: =Table13[[#This Row],[Сena SKU Po Wszystkich Rabatach]]*U126 -> 0 | X126: =IF(Table13[[#This Row],[Zamówienie - Ilosc SKU '[Szt']]]=0,"Niezamówione produkty","Zamówione produkty") -> Niezamówione produkty | Y126: 0 | Z126: 20 | AA126: 560 | AB126: 5040 | AC126: =+Table13[[#This Row],[Na Palecie]]/Table13[[#This Row],[W Outer]] -> 252 | AD126: =+Table13[[#This Row],[Na Palecie]]/Table13[[#This Row],[Na Warstwie]] -> 9 | AE126: 3086123291348 | AF126: 0 | AG126: 03086128977858 | AH126: 03086124103800 | AJ126: 32.99.12.0 | AK126: 96081092 | AL126: =_xlfn.XLOOKUP(Table13[[#This Row],[Rabat Indywidualny]],'PC2 code'!A:A,'PC2 code'!B:B,0) -> 00
A127: 982869 | B127: =TEXT(Table13[[#This Row],[Kod EAN (Sku)]],"0000000000000") -> 3086123307544 | C127: =IF(AND(Table13[[#This Row],[Kod EAN (Szt)]]<>0,Table13[[#This Row],[Kod EAN (Szt)]]<>"0"),TEXT(Table13[[#This Row],[Kod EAN (Szt)]],"0000000000000"),"") -> 3086123290990 | D127: BIC 4 Colours PRO Długopis mix AST Pudełko 12szt | E127: PROD SZKOLNO BIUROWE | F127: ARTYKUŁY PIŚMIENNICZE | H127: 66.56 | I127: 0.2 | J127: =Table13[[#This Row],[Cena Netto]]*(1-Table13[[#This Row],[Rabat Długoterminowy]]) -> 53.248 | K127: =IF(TRIM($D$8)='Payment Term'!A$1,1-(1-$D$9)*(1-2%),$D$9) -> 0.25 | L127: 0.1 | M127: =1-(1-Table13[[#This Row],[Rabat Długoterminowy]])*(1-Table13[[#This Row],[Dodatkowy rabat kwartału (składany)]]) -> 0.28 | N127: 0 | O127: =ROUND(Table13[[#This Row],[Cena Netto Po Rabacie Długoterminowym]]*(1-Table13[[#This Row],[Rabat Podstawowy]])*(1-Table13[[#This Row],[Dodatkowy rabat kwartału (składany)]])*(1-Table13[[#This Row],[Rabat Indywidualny]]),2) -> 35.94 | P127: =Table13[[#This Row],[Сena SKU Po Wszystkich Rabatach]]/Table13[[#This Row],[Szt/ Opak.]] -> 2.995 | Q127: 12 | R127: 1 | S127: =IF(ISERROR(Table13[[#This Row],[W Inner]]),Table13[[#This Row],[W Outer]],IF(AND(Table13[[#This Row],[W Inner]]>0,Table13[[#This Row],[W Inner]]<>"0"),Table13[[#This Row],[W Inner]],Table13[[#This Row],[W Outer]])) -> 35 | U127: =IF(ISERROR(Table13[[#This Row],[Zamówienie - Ilosc SKU '[Szt']]]), "", IF(MROUND(Table13[[#This Row],[Zamówienie - Ilosc SKU '[Szt']]],Table13[[#This Row],[Min. Ilość Zam. Sku]])<Table13[[#This Row],[Zamówienie - Ilosc SKU '[Szt']]],MROUND(Table13[[#This Row],[Zamówienie - Ilosc SKU '[Szt']]],Table13[[#This Row],[Min. Ilość Zam. Sku]])+Table13[[#This Row],[Min. Ilość Zam. Sku]],MROUND(Table13[[#This Row],[Zamówienie - Ilosc SKU '[Szt']]],Table13[[#This Row],[Min. Ilość Zam. Sku]]))) -> 0 | V127: =IF(Table13[[#This Row],[Zamówienie - Ilosc SKU '[Szt']]]=0,0,MOD(Table13[[#This Row],[Zamówienie - Ilosc SKU '[Szt']]],Table13[[#This Row],[Min. Ilość Zam. Sku]])-0.5) -> 0 | W127: =Table13[[#This Row],[Сena SKU Po Wszystkich Rabatach]]*U127 -> 0 | X127: =IF(Table13[[#This Row],[Zamówienie - Ilosc SKU '[Szt']]]=0,"Niezamówione produkty","Zamówione produkty") -> Niezamówione produkty | Y127: 0 | Z127: 35 | AA127: 490 | AB127: 1960 | AC127: =+Table13[[#This Row],[Na Palecie]]/Table13[[#This Row],[W Outer]] -> 56 | AD127: =+Table13[[#This Row],[Na Palecie]]/Table13[[#This Row],[Na Warstwie]] -> 4 | AE127: 3086123307544 | AF127: 3086123290990 | AG127: 03086129021291 | AH127: 03086127281802 | AJ127: 32.99.12.0 | AK127: 96081092 | AL127: =_xlfn.XLOOKUP(Table13[[#This Row],[Rabat Indywidualny]],'PC2 code'!A:A,'PC2 code'!B:B,0) -> 00
A128: 982870 | B128: =TEXT(Table13[[#This Row],[Kod EAN (Sku)]],"0000000000000") -> 3086123219137 | C128: =IF(AND(Table13[[#This Row],[Kod EAN (Szt)]]<>0,Table13[[#This Row],[Kod EAN (Szt)]]<>"0"),TEXT(Table13[[#This Row],[Kod EAN (Szt)]],"0000000000000"),"") -> 3086123458253 | D128: BIC 4 Colours Original Długopis mix FUN Pudełko 12szt | E128: PROD SZKOLNO BIUROWE | F128: ARTYKUŁY PIŚMIENNICZE | H128: 66.56 | I128: 0.2 | J128: =Table13[[#This Row],[Cena Netto]]*(1-Table13[[#This Row],[Rabat Długoterminowy]]) -> 53.248 | K128: =IF(TRIM($D$8)='Payment Term'!A$1,1-(1-$D$9)*(1-2%),$D$9) -> 0.25 | L128: 0.1 | M128: =1-(1-Table13[[#This Row],[Rabat Długoterminowy]])*(1-Table13[[#This Row],[Dodatkowy rabat kwartału (składany)]]) -> 0.28 | N128: 0 | O128: =ROUND(Table13[[#This Row],[Cena Netto Po Rabacie Długoterminowym]]*(1-Table13[[#This Row],[Rabat Podstawowy]])*(1-Table13[[#This Row],[Dodatkowy rabat kwartału (składany)]])*(1-Table13[[#This Row],[Rabat Indywidualny]]),2) -> 35.94 | P128: =Table13[[#This Row],[Сena SKU Po Wszystkich Rabatach]]/Table13[[#This Row],[Szt/ Opak.]] -> 2.995 | Q128: 12 | R128: 1 | S128: =IF(ISERROR(Table13[[#This Row],[W Inner]]),Table13[[#This Row],[W Outer]],IF(AND(Table13[[#This Row],[W Inner]]>0,Table13[[#This Row],[W Inner]]<>"0"),Table13[[#This Row],[W Inner]],Table13[[#This Row],[W Outer]])) -> 35 | U128: =IF(ISERROR(Table13[[#This Row],[Zamówienie - Ilosc SKU '[Szt']]]), "", IF(MROUND(Table13[[#This Row],[Zamówienie - Ilosc SKU '[Szt']]],Table13[[#This Row],[Min. Ilość Zam. Sku]])<Table13[[#This Row],[Zamówienie - Ilosc SKU '[Szt']]],MROUND(Table13[[#This Row],[Zamówienie - Ilosc SKU '[Szt']]],Table13[[#This Row],[Min. Ilość Zam. Sku]])+Table13[[#This Row],[Min. Ilość Zam. Sku]],MROUND(Table13[[#This Row],[Zamówienie - Ilosc SKU '[Szt']]],Table13[[#This Row],[Min. Ilość Zam. Sku]]))) -> 0 | V128: =IF(Table13[[#This Row],[Zamówienie - Ilosc SKU '[Szt']]]=0,0,MOD(Table13[[#This Row],[Zamówienie - Ilosc SKU '[Szt']]],Table13[[#This Row],[Min. Ilość Zam. Sku]])-0.5) -> 0 | W128: =Table13[[#This Row],[Сena SKU Po Wszystkich Rabatach]]*U128 -> 0 | X128: =IF(Table13[[#This Row],[Zamówienie - Ilosc SKU '[Szt']]]=0,"Niezamówione produkty","Zamówione produkty") -> Niezamówione produkty | Y128: 0 | Z128: 35 | AA128: 490 | AB128: 1960 | AC128: =+Table13[[#This Row],[Na Palecie]]/Table13[[#This Row],[W Outer]] -> 56 | AD128: =+Table13[[#This Row],[Na Palecie]]/Table13[[#This Row],[Na Warstwie]] -> 4 | AE128: 3086123219137 | AF128: 3086123458253 | AG128: 03086129828708 | AH128: 03086127620434 | AJ128: 32.99.12.0 | AK128: 96081092 | AL128: =_xlfn.XLOOKUP(Table13[[#This Row],[Rabat Indywidualny]],'PC2 code'!A:A,'PC2 code'!B:B,0) -> 00
A129: 503815 | B129: =TEXT(Table13[[#This Row],[Kod EAN (Sku)]],"0000000000000") -> 3086123681217 | C129: =IF(AND(Table13[[#This Row],[Kod EAN (Szt)]]<>0,Table13[[#This Row],[Kod EAN (Szt)]]<>"0"),TEXT(Table13[[#This Row],[Kod EAN (Szt)]],"0000000000000"),"") -> 3086123458260 | D129: BIC 4 Colours Original Długopis mix FUN Pudełko 12szt | E129: PROD SZKOLNO BIUROWE | F129: ARTYKUŁY PIŚMIENNICZE | H129: 66.56 | I129: 0.2 | J129: =Table13[[#This Row],[Cena Netto]]*(1-Table13[[#This Row],[Rabat Długoterminowy]]) -> 53.248 | K129: =IF(TRIM($D$8)='Payment Term'!A$1,1-(1-$D$9)*(1-2%),$D$9) -> 0.25 | L129: 0.1 | M129: =1-(1-Table13[[#This Row],[Rabat Długoterminowy]])*(1-Table13[[#This Row],[Dodatkowy rabat kwartału (składany)]]) -> 0.28 | N129: 0 | O129: =ROUND(Table13[[#This Row],[Cena Netto Po Rabacie Długoterminowym]]*(1-Table13[[#This Row],[Rabat Podstawowy]])*(1-Table13[[#This Row],[Dodatkowy rabat kwartału (składany)]])*(1-Table13[[#This Row],[Rabat Indywidualny]]),2) -> 35.94 | P129: =Table13[[#This Row],[Сena SKU Po Wszystkich Rabatach]]/Table13[[#This Row],[Szt/ Opak.]] -> 2.995 | Q129: 12 | R129: 1 | S129: =IF(ISERROR(Table13[[#This Row],[W Inner]]),Table13[[#This Row],[W Outer]],IF(AND(Table13[[#This Row],[W Inner]]>0,Table13[[#This Row],[W Inner]]<>"0"),Table13[[#This Row],[W Inner]],Table13[[#This Row],[W Outer]])) -> 35 | U129: =IF(ISERROR(Table13[[#This Row],[Zamówienie - Ilosc SKU '[Szt']]]), "", IF(MROUND(Table13[[#This Row],[Zamówienie - Ilosc SKU '[Szt']]],Table13[[#This Row],[Min. Ilość Zam. Sku]])<Table13[[#This Row],[Zamówienie - Ilosc SKU '[Szt']]],MROUND(Table13[[#This Row],[Zamówienie - Ilosc SKU '[Szt']]],Table13[[#This Row],[Min. Ilość Zam. Sku]])+Table13[[#This Row],[Min. Ilość Zam. Sku]],MROUND(Table13[[#This Row],[Zamówienie - Ilosc SKU '[Szt']]],Table13[[#This Row],[Min. Ilość Zam. Sku]]))) -> 0 | V129: =IF(Table13[[#This Row],[Zamówienie - Ilosc SKU '[Szt']]]=0,0,MOD(Table13[[#This Row],[Zamówienie - Ilosc SKU '[Szt']]],Table13[[#This Row],[Min. Ilość Zam. Sku]])-0.5) -> 0 | W129: =Table13[[#This Row],[Сena SKU Po Wszystkich Rabatach]]*U129 -> 0 | X129: =IF(Table13[[#This Row],[Zamówienie - Ilosc SKU '[Szt']]]=0,"Niezamówione produkty","Zamówione produkty") -> Niezamówione produkty | Y129: 0 | Z129: 35 | AA129: 490 | AB129: 1960 | AC129: =+Table13[[#This Row],[Na Palecie]]/Table13[[#This Row],[W Outer]] -> 56 | AD129: =+Table13[[#This Row],[Na Palecie]]/Table13[[#This Row],[Na Warstwie]] -> 4 | AE129: 3086123681217 | AF129: 3086123458260 | AG129: 03086125038156 | AH129: 03086127642924 | AJ129: 32.99.12.0 | AK129: 96081092 | AL129: =_xlfn.XLOOKUP(Table13[[#This Row],[Rabat Indywidualny]],'PC2 code'!A:A,'PC2 code'!B:B,0) -> 00
A130: 517322 | B130: =TEXT(Table13[[#This Row],[Kod EAN (Sku)]],"0000000000000") -> 3086123740310 | C130: =IF(AND(Table13[[#This Row],[Kod EAN (Szt)]]<>0,Table13[[#This Row],[Kod EAN (Szt)]]<>"0"),TEXT(Table13[[#This Row],[Kod EAN (Szt)]],"0000000000000"),"") | D130: BIC 4 Colours Pastel Długopis Blister 1szt | E130: PROD SZKOLNO BIUROWE | F130: ARTYKUŁY PIŚMIENNICZE | H130: 8.5 | J130: =Table13[[#This Row],[Cena Netto]]*(1-Table13[[#This Row],[Rabat Długoterminowy]]) -> 8.5 | K130: =IF(TRIM($D$8)='Payment Term'!A$1,1-(1-$D$9)*(1-2%),$D$9) -> 0.25 | L130: 0.1 | M130: =1-(1-Table13[[#This Row],[Rabat Długoterminowy]])*(1-Table13[[#This Row],[Dodatkowy rabat kwartału (składany)]]) -> 0.1 | N130: 0 | O130: =ROUND(Table13[[#This Row],[Cena Netto Po Rabacie Długoterminowym]]*(1-Table13[[#This Row],[Rabat Podstawowy]])*(1-Table13[[#This Row],[Dodatkowy rabat kwartału (składany)]])*(1-Table13[[#This Row],[Rabat Indywidualny]]),2) -> 5.74 | P130: =Table13[[#This Row],[Сena SKU Po Wszystkich Rabatach]]/Table13[[#This Row],[Szt/ Opak.]] -> 5.74 | Q130: 1 | R130: 10 | S130: =IF(ISERROR(Table13[[#This Row],[W Inner]]),Table13[[#This Row],[W Outer]],IF(AND(Table13[[#This Row],[W Inner]]>0,Table13[[#This Row],[W Inner]]<>"0"),Table13[[#This Row],[W Inner]],Table13[[#This Row],[W Outer]])) -> 10 | U130: =IF(ISERROR(Table13[[#This Row],[Zamówienie - Ilosc SKU '[Szt']]]), "", IF(MROUND(Table13[[#This Row],[Zamówienie - Ilosc SKU '[Szt']]],Table13[[#This Row],[Min. Ilość Zam. Sku]])<Table13[[#This Row],[Zamówienie - Ilosc SKU '[Szt']]],MROUND(Table13[[#This Row],[Zamówienie - Ilosc SKU '[Szt']]],Table13[[#This Row],[Min. Ilość Zam. Sku]])+Table13[[#This Row],[Min. Ilość Zam. Sku]],MROUND(Table13[[#This Row],[Zamówienie - Ilosc SKU '[Szt']]],Table13[[#This Row],[Min. Ilość Zam. Sku]]))) -> 0 | V130: =IF(Table13[[#This Row],[Zamówienie - Ilosc SKU '[Szt']]]=0,0,MOD(Table13[[#This Row],[Zamówienie - Ilosc SKU '[Szt']]],Table13[[#This Row],[Min. Ilość Zam. Sku]])-0.5) -> 0 | W130: =Table13[[#This Row],[Сena SKU Po Wszystkich Rabatach]]*U130 -> 0 | X130: =IF(Table13[[#This Row],[Zamówienie - Ilosc SKU '[Szt']]]=0,"Niezamówione produkty","Zamówione produkty") -> Niezamówione produkty | Y130: 0 | Z130: 10 | AA130: 280 | AB130: 2240 | AC130: =+Table13[[#This Row],[Na Palecie]]/Table13[[#This Row],[W Outer]] -> 224 | AD130: =+Table13[[#This Row],[Na Palecie]]/Table13[[#This Row],[Na Warstwie]] -> 8 | AE130: 3086123740310 | AF130: 0 | AG130: 03086125173222 | AH130: 03086127699188 | AJ130: 32.99.12.0 | AK130: 96081092 | AL130: =_xlfn.XLOOKUP(Table13[[#This Row],[Rabat Indywidualny]],'PC2 code'!A:A,'PC2 code'!B:B,0) -> 00
A131: 517317 | B131: =TEXT(Table13[[#This Row],[Kod EAN (Sku)]],"0000000000000") -> 3086123740266 | C131: =IF(AND(Table13[[#This Row],[Kod EAN (Szt)]]<>0,Table13[[#This Row],[Kod EAN (Szt)]]<>"0"),TEXT(Table13[[#This Row],[Kod EAN (Szt)]],"0000000000000"),"") | D131: BIC 4 Colours Pastel Długopis AST Pudełko 3szt | E131: PROD SZKOLNO BIUROWE | F131: ARTYKUŁY PIŚMIENNICZE | H131: 21.69 | J131: =Table13[[#This Row],[Cena Netto]]*(1-Table13[[#This Row],[Rabat Długoterminowy]]) -> 21.69 | K131: =IF(TRIM($D$8)='Payment Term'!A$1,1-(1-$D$9)*(1-2%),$D$9) -> 0.25 | L131: 0.1 | M131: =1-(1-Table13[[#This Row],[Rabat Długoterminowy]])*(1-Table13[[#This Row],[Dodatkowy rabat kwartału (składany)]]) -> 0.1 | N131: 0 | O131: =ROUND(Table13[[#This Row],[Cena Netto Po Rabacie Długoterminowym]]*(1-Table13[[#This Row],[Rabat Podstawowy]])*(1-Table13[[#This Row],[Dodatkowy rabat kwartału (składany)]])*(1-Table13[[#This Row],[Rabat Indywidualny]]),2) -> 14.64 | P131: =Table13[[#This Row],[Сena SKU Po Wszystkich Rabatach]]/Table13[[#This Row],[Szt/ Opak.]] -> 4.88 | Q131: 3 | R131: 10 | S131: =IF(ISERROR(Table13[[#This Row],[W Inner]]),Table13[[#This Row],[W Outer]],IF(AND(Table13[[#This Row],[W Inner]]>0,Table13[[#This Row],[W Inner]]<>"0"),Table13[[#This Row],[W Inner]],Table13[[#This Row],[W Outer]])) -> 10 | U131: =IF(ISERROR(Table13[[#This Row],[Zamówienie - Ilosc SKU '[Szt']]]), "", IF(MROUND(Table13[[#This Row],[Zamówienie - Ilosc SKU '[Szt']]],Table13[[#This Row],[Min. Ilość Zam. Sku]])<Table13[[#This Row],[Zamówienie - Ilosc SKU '[Szt']]],MROUND(Table13[[#This Row],[Zamówienie - Ilosc SKU '[Szt']]],Table13[[#This Row],[Min. Ilość Zam. Sku]])+Table13[[#This Row],[Min. Ilość Zam. Sku]],MROUND(Table13[[#This Row],[Zamówienie - Ilosc SKU '[Szt']]],Table13[[#This Row],[Min. Ilość Zam. Sku]]))) -> 0 | V131: =IF(Table13[[#This Row],[Zamówienie - Ilosc SKU '[Szt']]]=0,0,MOD(Table13[[#This Row],[Zamówienie - Ilosc SKU '[Szt']]],Table13[[#This Row],[Min. Ilość Zam. Sku]])-0.5) -> 0 | W131: =Table13[[#This Row],[Сena SKU Po Wszystkich Rabatach]]*U131 -> 0 | X131: =IF(Table13[[#This Row],[Zamówienie - Ilosc SKU '[Szt']]]=0,"Niezamówione produkty","Zamówione produkty") -> Niezamówione produkty | Y131: 0 | Z131: 10 | AA131: 280 | AB131: 2240 | AC131: =+Table13[[#This Row],[Na Palecie]]/Table13[[#This Row],[W Outer]] -> 224 | AD131: =+Table13[[#This Row],[Na Palecie]]/Table13[[#This Row],[Na Warstwie]] -> 8 | AE131: 3086123740266 | AF131: 0 | AG131: 03086125173178 | AH131: 03086127716847 | AJ131: 32.99.12.0 | AK131: 96081092 | AL131: =_xlfn.XLOOKUP(Table13[[#This Row],[Rabat Indywidualny]],'PC2 code'!A:A,'PC2 code'!B:B,0) -> 00
A132: 517320 | B132: =TEXT(Table13[[#This Row],[Kod EAN (Sku)]],"0000000000000") -> 3086123740297 | C132: =IF(AND(Table13[[#This Row],[Kod EAN (Szt)]]<>0,Table13[[#This Row],[Kod EAN (Szt)]]<>"0"),TEXT(Table13[[#This Row],[Kod EAN (Szt)]],"0000000000000"),"") | D132: BIC 4 Colours Pastel Długopis AST Pudełko 12szt | E132: PROD SZKOLNO BIUROWE | F132: ARTYKUŁY PIŚMIENNICZE | H132: 76.19 | I132: 0.15 | J132: =Table13[[#This Row],[Cena Netto]]*(1-Table13[[#This Row],[Rabat Długoterminowy]]) -> 64.7615 | K132: =IF(TRIM($D$8)='Payment Term'!A$1,1-(1-$D$9)*(1-2%),$D$9) -> 0.25 | L132: 0.1 | M132: =1-(1-Table13[[#This Row],[Rabat Długoterminowy]])*(1-Table13[[#This Row],[Dodatkowy rabat kwartału (składany)]]) -> 0.235 | N132: 0 | O132: =ROUND(Table13[[#This Row],[Cena Netto Po Rabacie Długoterminowym]]*(1-Table13[[#This Row],[Rabat Podstawowy]])*(1-Table13[[#This Row],[Dodatkowy rabat kwartału (składany)]])*(1-Table13[[#This Row],[Rabat Indywidualny]]),2) -> 43.71 | P132: =Table13[[#This Row],[Сena SKU Po Wszystkich Rabatach]]/Table13[[#This Row],[Szt/ Opak.]] -> 3.6425 | Q132: 12 | R132: 1 | S132: =IF(ISERROR(Table13[[#This Row],[W Inner]]),Table13[[#This Row],[W Outer]],IF(AND(Table13[[#This Row],[W Inner]]>0,Table13[[#This Row],[W Inner]]<>"0"),Table13[[#This Row],[W Inner]],Table13[[#This Row],[W Outer]])) -> 18 | U132: =IF(ISERROR(Table13[[#This Row],[Zamówienie - Ilosc SKU '[Szt']]]), "", IF(MROUND(Table13[[#This Row],[Zamówienie - Ilosc SKU '[Szt']]],Table13[[#This Row],[Min. Ilość Zam. Sku]])<Table13[[#This Row],[Zamówienie - Ilosc SKU '[Szt']]],MROUND(Table13[[#This Row],[Zamówienie - Ilosc SKU '[Szt']]],Table13[[#This Row],[Min. Ilość Zam. Sku]])+Table13[[#This Row],[Min. Ilość Zam. Sku]],MROUND(Table13[[#This Row],[Zamówienie - Ilosc SKU '[Szt']]],Table13[[#This Row],[Min. Ilość Zam. Sku]]))) -> 0 | V132: =IF(Table13[[#This Row],[Zamówienie - Ilosc SKU '[Szt']]]=0,0,MOD(Table13[[#This Row],[Zamówienie - Ilosc SKU '[Szt']]],Table13[[#This Row],[Min. Ilość Zam. Sku]])-0.5) -> 0 | W132: =Table13[[#This Row],[Сena SKU Po Wszystkich Rabatach]]*U132 -> 0 | X132: =IF(Table13[[#This Row],[Zamówienie - Ilosc SKU '[Szt']]]=0,"Niezamówione produkty","Zamówione produkty") -> Niezamówione produkty | Y132: 0 | Z132: 18 | AA132: 306 | AB132: 1836 | AC132: =+Table13[[#This Row],[Na Palecie]]/Table13[[#This Row],[W Outer]] -> 102 | AD132: =+Table13[[#This Row],[Na Palecie]]/Table13[[#This Row],[Na Warstwie]] -> 6 | AE132: 3086123740297 | AF132: 0 | AG132: 03086125173208 | AH132: 03086127699164 | AJ132: 32.99.12.0 | AK132: 96081092 | AL132: =_xlfn.XLOOKUP(Table13[[#This Row],[Rabat Indywidualny]],'PC2 code'!A:A,'PC2 code'!B:B,0) -> 00
A133: 503806 | B133: =TEXT(Table13[[#This Row],[Kod EAN (Sku)]],"0000000000000") -> 3086123538931 | C133: =IF(AND(Table13[[#This Row],[Kod EAN (Szt)]]<>0,Table13[[#This Row],[Kod EAN (Szt)]]<>"0"),TEXT(Table13[[#This Row],[Kod EAN (Szt)]],"0000000000000"),"") | D133: BIC 4 Colours Decor Line Długopis AST Blister 1szt | E133: PROD SZKOLNO BIUROWE | F133: ARTYKUŁY PIŚMIENNICZE | H133: 8.5 | J133: =Table13[[#This Row],[Cena Netto]]*(1-Table13[[#This Row],[Rabat Długoterminowy]]) -> 8.5 | K133: =IF(TRIM($D$8)='Payment Term'!A$1,1-(1-$D$9)*(1-2%),$D$9) -> 0.25 | L133: 0.1 | M133: =1-(1-Table13[[#This Row],[Rabat Długoterminowy]])*(1-Table13[[#This Row],[Dodatkowy rabat kwartału (składany)]]) -> 0.1 | N133: 0 | O133: =ROUND(Table13[[#This Row],[Cena Netto Po Rabacie Długoterminowym]]*(1-Table13[[#This Row],[Rabat Podstawowy]])*(1-Table13[[#This Row],[Dodatkowy rabat kwartału (składany)]])*(1-Table13[[#This Row],[Rabat Indywidualny]]),2) -> 5.74 | P133: =Table13[[#This Row],[Сena SKU Po Wszystkich Rabatach]]/Table13[[#This Row],[Szt/ Opak.]] -> 5.74 | Q133: 1 | R133: 10 | S133: =IF(ISERROR(Table13[[#This Row],[W Inner]]),Table13[[#This Row],[W Outer]],IF(AND(Table13[[#This Row],[W Inner]]>0,Table13[[#This Row],[W Inner]]<>"0"),Table13[[#This Row],[W Inner]],Table13[[#This Row],[W Outer]])) -> 10 | U133: =IF(ISERROR(Table13[[#This Row],[Zamówienie - Ilosc SKU '[Szt']]]), "", IF(MROUND(Table13[[#This Row],[Zamówienie - Ilosc SKU '[Szt']]],Table13[[#This Row],[Min. Ilość Zam. Sku]])<Table13[[#This Row],[Zamówienie - Ilosc SKU '[Szt']]],MROUND(Table13[[#This Row],[Zamówienie - Ilosc SKU '[Szt']]],Table13[[#This Row],[Min. Ilość Zam. Sku]])+Table13[[#This Row],[Min. Ilość Zam. Sku]],MROUND(Table13[[#This Row],[Zamówienie - Ilosc SKU '[Szt']]],Table13[[#This Row],[Min. Ilość Zam. Sku]]))) -> 0 | V133: =IF(Table13[[#This Row],[Zamówienie - Ilosc SKU '[Szt']]]=0,0,MOD(Table13[[#This Row],[Zamówienie - Ilosc SKU '[Szt']]],Table13[[#This Row],[Min. Ilość Zam. Sku]])-0.5) -> 0 | W133: =Table13[[#This Row],[Сena SKU Po Wszystkich Rabatach]]*U133 -> 0 | X133: =IF(Table13[[#This Row],[Zamówienie - Ilosc SKU '[Szt']]]=0,"Niezamówione produkty","Zamówione produkty") -> Niezamówione produkty | Y133: 0 | Z133: 10 | AA133: 280 | AB133: 2520 | AC133: =+Table13[[#This Row],[Na Palecie]]/Table13[[#This Row],[W Outer]] -> 252 | AD133: =+Table13[[#This Row],[Na Palecie]]/Table13[[#This Row],[Na Warstwie]] -> 9 | AE133: 3086123538931 | AF133: 0 | AG133: 03086125038064 | AH133: 03086124104814 | AJ133: 32.99.12.0 | AK133: 96081092 | AL133: =_xlfn.XLOOKUP(Table13[[#This Row],[Rabat Indywidualny]],'PC2 code'!A:A,'PC2 code'!B:B,0) -> 00
A134: 503772 | B134: =TEXT(Table13[[#This Row],[Kod EAN (Sku)]],"0000000000000") -> 3086123680784 | C134: =IF(AND(Table13[[#This Row],[Kod EAN (Szt)]]<>0,Table13[[#This Row],[Kod EAN (Szt)]]<>"0"),TEXT(Table13[[#This Row],[Kod EAN (Szt)]],"0000000000000"),"") | D134: BIC 4 Colours Decor Line Długopis AST Blister 3szt | E134: PROD SZKOLNO BIUROWE | F134: ARTYKUŁY PIŚMIENNICZE | H134: 21.69 | J134: =Table13[[#This Row],[Cena Netto]]*(1-Table13[[#This Row],[Rabat Długoterminowy]]) -> 21.69 | K134: =IF(TRIM($D$8)='Payment Term'!A$1,1-(1-$D$9)*(1-2%),$D$9) -> 0.25 | L134: 0.1 | M134: =1-(1-Table13[[#This Row],[Rabat Długoterminowy]])*(1-Table13[[#This Row],[Dodatkowy rabat kwartału (składany)]]) -> 0.1 | N134: 0 | O134: =ROUND(Table13[[#This Row],[Cena Netto Po Rabacie Długoterminowym]]*(1-Table13[[#This Row],[Rabat Podstawowy]])*(1-Table13[[#This Row],[Dodatkowy rabat kwartału (składany)]])*(1-Table13[[#This Row],[Rabat Indywidualny]]),2) -> 14.64 | P134: =Table13[[#This Row],[Сena SKU Po Wszystkich Rabatach]]/Table13[[#This Row],[Szt/ Opak.]] -> 4.88 | Q134: 3 | R134: 10 | S134: =IF(ISERROR(Table13[[#This Row],[W Inner]]),Table13[[#This Row],[W Outer]],IF(AND(Table13[[#This Row],[W Inner]]>0,Table13[[#This Row],[W Inner]]<>"0"),Table13[[#This Row],[W Inner]],Table13[[#This Row],[W Outer]])) -> 10 | U134: =IF(ISERROR(Table13[[#This Row],[Zamówienie - Ilosc SKU '[Szt']]]), "", IF(MROUND(Table13[[#This Row],[Zamówienie - Ilosc SKU '[Szt']]],Table13[[#This Row],[Min. Ilość Zam. Sku]])<Table13[[#This Row],[Zamówienie - Ilosc SKU '[Szt']]],MROUND(Table13[[#This Row],[Zamówienie - Ilosc SKU '[Szt']]],Table13[[#This Row],[Min. Ilość Zam. Sku]])+Table13[[#This Row],[Min. Ilość Zam. Sku]],MROUND(Table13[[#This Row],[Zamówienie - Ilosc SKU '[Szt']]],Table13[[#This Row],[Min. Ilość Zam. Sku]]))) -> 0 | V134: =IF(Table13[[#This Row],[Zamówienie - Ilosc SKU '[Szt']]]=0,0,MOD(Table13[[#This Row],[Zamówienie - Ilosc SKU '[Szt']]],Table13[[#This Row],[Min. Ilość Zam. Sku]])-0.5) -> 0 | W134: =Table13[[#This Row],[Сena SKU Po Wszystkich Rabatach]]*U134 -> 0 | X134: =IF(Table13[[#This Row],[Zamówienie - Ilosc SKU '[Szt']]]=0,"Niezamówione produkty","Zamówione produkty") -> Niezamówione produkty | Y134: 0 | Z134: 10 | AA134: 280 | AB134: 2520 | AC134: =+Table13[[#This Row],[Na Palecie]]/Table13[[#This Row],[W Outer]] -> 252 | AD134: =+Table13[[#This Row],[Na Palecie]]/Table13[[#This Row],[Na Warstwie]] -> 9 | AE134: 3086123680784 | AF134: 0 | AG134: 03086125037722 | AH134: 03086124107006 | AJ134: 32.99.12.0 | AK134: 96081092 | AL134: =_xlfn.XLOOKUP(Table13[[#This Row],[Rabat Indywidualny]],'PC2 code'!A:A,'PC2 code'!B:B,0) -> 00
A135: 5038221 | B135: =TEXT(Table13[[#This Row],[Kod EAN (Sku)]],"0000000000000") -> 3086123681286 | C135: =IF(AND(Table13[[#This Row],[Kod EAN (Szt)]]<>0,Table13[[#This Row],[Kod EAN (Szt)]]<>"0"),TEXT(Table13[[#This Row],[Kod EAN (Szt)]],"0000000000000"),"") | D135: BIC 4 Colours Decor Line/Tie Dye BP+ MPM Corr. Blister 1+1szt | E135: PROD SZKOLNO BIUROWE | F135: ARTYKUŁY PIŚMIENNICZE | H135: 21.69 | J135: =Table13[[#This Row],[Cena Netto]]*(1-Table13[[#This Row],[Rabat Długoterminowy]]) -> 21.69 | K135: =IF(TRIM($D$8)='Payment Term'!A$1,1-(1-$D$9)*(1-2%),$D$9) -> 0.25 | L135: 0.1 | M135: =1-(1-Table13[[#This Row],[Rabat Długoterminowy]])*(1-Table13[[#This Row],[Dodatkowy rabat kwartału (składany)]]) -> 0.1 | N135: 0 | O135: =ROUND(Table13[[#This Row],[Cena Netto Po Rabacie Długoterminowym]]*(1-Table13[[#This Row],[Rabat Podstawowy]])*(1-Table13[[#This Row],[Dodatkowy rabat kwartału (składany)]])*(1-Table13[[#This Row],[Rabat Indywidualny]]),2) -> 14.64 | P135: =Table13[[#This Row],[Сena SKU Po Wszystkich Rabatach]]/Table13[[#This Row],[Szt/ Opak.]] -> 7.32 | Q135: 2 | R135: 20 | S135: =IF(ISERROR(Table13[[#This Row],[W Inner]]),Table13[[#This Row],[W Outer]],IF(AND(Table13[[#This Row],[W Inner]]>0,Table13[[#This Row],[W Inner]]<>"0"),Table13[[#This Row],[W Inner]],Table13[[#This Row],[W Outer]])) -> 20 | U135: =IF(ISERROR(Table13[[#This Row],[Zamówienie - Ilosc SKU '[Szt']]]), "", IF(MROUND(Table13[[#This Row],[Zamówienie - Ilosc SKU '[Szt']]],Table13[[#This Row],[Min. Ilość Zam. Sku]])<Table13[[#This Row],[Zamówienie - Ilosc SKU '[Szt']]],MROUND(Table13[[#This Row],[Zamówienie - Ilosc SKU '[Szt']]],Table13[[#This Row],[Min. Ilość Zam. Sku]])+Table13[[#This Row],[Min. Ilość Zam. Sku]],MROUND(Table13[[#This Row],[Zamówienie - Ilosc SKU '[Szt']]],Table13[[#This Row],[Min. Ilość Zam. Sku]]))) -> 0 | V135: =IF(Table13[[#This Row],[Zamówienie - Ilosc SKU '[Szt']]]=0,0,MOD(Table13[[#This Row],[Zamówienie - Ilosc SKU '[Szt']]],Table13[[#This Row],[Min. Ilość Zam. Sku]])-0.5) -> 0 | W135: =Table13[[#This Row],[Сena SKU Po Wszystkich Rabatach]]*U135 -> 0 | X135: =IF(Table13[[#This Row],[Zamówienie - Ilosc SKU '[Szt']]]=0,"Niezamówione produkty","Zamówione produkty") -> Niezamówione produkty | Y135: 0 | Z135: 20 | AA135: 380 | AB135: 1900 | AC135: =+Table13[[#This Row],[Na Palecie]]/Table13[[#This Row],[W Outer]] -> 95 | AD135: =+Table13[[#This Row],[Na Palecie]]/Table13[[#This Row],[Na Warstwie]] -> 5 | AE135: 3086123681286 | AF135: 0 | AG135: 03086125038224 | AH135: 03086127642993 | AJ135: 32.99.12.0 | AK135: 96081092 | AL135: =_xlfn.XLOOKUP(Table13[[#This Row],[Rabat Indywidualny]],'PC2 code'!A:A,'PC2 code'!B:B,0) -> 00
A136: 518205 | B136: =TEXT(Table13[[#This Row],[Kod EAN (Sku)]],"0000000000000") -> 3086123743922 | C136: =IF(AND(Table13[[#This Row],[Kod EAN (Szt)]]<>0,Table13[[#This Row],[Kod EAN (Szt)]]<>"0"),TEXT(Table13[[#This Row],[Kod EAN (Szt)]],"0000000000000"),"") -> 3086123679573 | D136: BIC 4 Colours Decor Line Blue Długopis Pudełko 12szt | E136: PROD SZKOLNO BIUROWE | F136: ARTYKUŁY PIŚMIENNICZE | H136: 76.19 | I136: 0.15 | J136: =Table13[[#This Row],[Cena Netto]]*(1-Table13[[#This Row],[Rabat Długoterminowy]]) -> 64.7615 | K136: =IF(TRIM($D$8)='Payment Term'!A$1,1-(1-$D$9)*(1-2%),$D$9) -> 0.25 | L136: 0.1 | M136: =1-(1-Table13[[#This Row],[Rabat Długoterminowy]])*(1-Table13[[#This Row],[Dodatkowy rabat kwartału (składany)]]) -> 0.235 | N136: 0 | O136: =ROUND(Table13[[#This Row],[Cena Netto Po Rabacie Długoterminowym]]*(1-Table13[[#This Row],[Rabat Podstawowy]])*(1-Table13[[#This Row],[Dodatkowy rabat kwartału (składany)]])*(1-Table13[[#This Row],[Rabat Indywidualny]]),2) -> 43.71 | P136: =Table13[[#This Row],[Сena SKU Po Wszystkich Rabatach]]/Table13[[#This Row],[Szt/ Opak.]] -> 3.6425 | Q136: 12 | R136: 1 | S136: =IF(ISERROR(Table13[[#This Row],[W Inner]]),Table13[[#This Row],[W Outer]],IF(AND(Table13[[#This Row],[W Inner]]>0,Table13[[#This Row],[W Inner]]<>"0"),Table13[[#This Row],[W Inner]],Table13[[#This Row],[W Outer]])) -> 18 | U136: =IF(ISERROR(Table13[[#This Row],[Zamówienie - Ilosc SKU '[Szt']]]), "", IF(MROUND(Table13[[#This Row],[Zamówienie - Ilosc SKU '[Szt']]],Table13[[#This Row],[Min. Ilość Zam. Sku]])<Table13[[#This Row],[Zamówienie - Ilosc SKU '[Szt']]],MROUND(Table13[[#This Row],[Zamówienie - Ilosc SKU '[Szt']]],Table13[[#This Row],[Min. Ilość Zam. Sku]])+Table13[[#This Row],[Min. Ilość Zam. Sku]],MROUND(Table13[[#This Row],[Zamówienie - Ilosc SKU '[Szt']]],Table13[[#This Row],[Min. Ilość Zam. Sku]]))) -> 0 | V136: =IF(Table13[[#This Row],[Zamówienie - Ilosc SKU '[Szt']]]=0,0,MOD(Table13[[#This Row],[Zamówienie - Ilosc SKU '[Szt']]],Table13[[#This Row],[Min. Ilość Zam. Sku]])-0.5) -> 0 | W136: =Table13[[#This Row],[Сena SKU Po Wszystkich Rabatach]]*U136 -> 0 | X136: =IF(Table13[[#This Row],[Zamówienie - Ilosc SKU '[Szt']]]=0,"Niezamówione produkty","Zamówione produkty") -> Niezamówione produkty | Y136: 0 | Z136: 18 | AA136: 306 | AB136: 1836 | AC136: =+Table13[[#This Row],[Na Palecie]]/Table13[[#This Row],[W Outer]] -> 102 | AD136: =+Table13[[#This Row],[Na Palecie]]/Table13[[#This Row],[Na Warstwie]] -> 6 | AE136: 3086123743922 | AF136: 3086123679573 | AG136: 03086125182057 | AH136: 03086127702758 | AJ136: 32.99.12.0 | AK136: 96081092 | AL136: =_xlfn.XLOOKUP(Table13[[#This Row],[Rabat Indywidualny]],'PC2 code'!A:A,'PC2 code'!B:B,0) -> 00
A137: 503774 | B137: =TEXT(Table13[[#This Row],[Kod EAN (Sku)]],"0000000000000") -> 3086123680807 | C137: =IF(AND(Table13[[#This Row],[Kod EAN (Szt)]]<>0,Table13[[#This Row],[Kod EAN (Szt)]]<>"0"),TEXT(Table13[[#This Row],[Kod EAN (Szt)]],"0000000000000"),"") | D137: BIC 4 Colours Decor Hydro Długopis AST Blister 1szt | E137: PROD SZKOLNO BIUROWE | F137: ARTYKUŁY PIŚMIENNICZE | H137: 8.5 | J137: =Table13[[#This Row],[Cena Netto]]*(1-Table13[[#This Row],[Rabat Długoterminowy]]) -> 8.5 | K137: =IF(TRIM($D$8)='Payment Term'!A$1,1-(1-$D$9)*(1-2%),$D$9) -> 0.25 | L137: 0.1 | M137: =1-(1-Table13[[#This Row],[Rabat Długoterminowy]])*(1-Table13[[#This Row],[Dodatkowy rabat kwartału (składany)]]) -> 0.1 | N137: 0 | O137: =ROUND(Table13[[#This Row],[Cena Netto Po Rabacie Długoterminowym]]*(1-Table13[[#This Row],[Rabat Podstawowy]])*(1-Table13[[#This Row],[Dodatkowy rabat kwartału (składany)]])*(1-Table13[[#This Row],[Rabat Indywidualny]]),2) -> 5.74 | P137: =Table13[[#This Row],[Сena SKU Po Wszystkich Rabatach]]/Table13[[#This Row],[Szt/ Opak.]] -> 5.74 | Q137: 1 | R137: 10 | S137: =IF(ISERROR(Table13[[#This Row],[W Inner]]),Table13[[#This Row],[W Outer]],IF(AND(Table13[[#This Row],[W Inner]]>0,Table13[[#This Row],[W Inner]]<>"0"),Table13[[#This Row],[W Inner]],Table13[[#This Row],[W Outer]])) -> 10 | U137: =IF(ISERROR(Table13[[#This Row],[Zamówienie - Ilosc SKU '[Szt']]]), "", IF(MROUND(Table13[[#This Row],[Zamówienie - Ilosc SKU '[Szt']]],Table13[[#This Row],[Min. Ilość Zam. Sku]])<Table13[[#This Row],[Zamówienie - Ilosc SKU '[Szt']]],MROUND(Table13[[#This Row],[Zamówienie - Ilosc SKU '[Szt']]],Table13[[#This Row],[Min. Ilość Zam. Sku]])+Table13[[#This Row],[Min. Ilość Zam. Sku]],MROUND(Table13[[#This Row],[Zamówienie - Ilosc SKU '[Szt']]],Table13[[#This Row],[Min. Ilość Zam. Sku]]))) -> 0 | V137: =IF(Table13[[#This Row],[Zamówienie - Ilosc SKU '[Szt']]]=0,0,MOD(Table13[[#This Row],[Zamówienie - Ilosc SKU '[Szt']]],Table13[[#This Row],[Min. Ilość Zam. Sku]])-0.5) -> 0 | W137: =Table13[[#This Row],[Сena SKU Po Wszystkich Rabatach]]*U137 -> 0 | X137: =IF(Table13[[#This Row],[Zamówienie - Ilosc SKU '[Szt']]]=0,"Niezamówione produkty","Zamówione produkty") -> Niezamówione produkty | Y137: 0 | Z137: 10 | AA137: 280 | AB137: 2520 | AC137: =+Table13[[#This Row],[Na Palecie]]/Table13[[#This Row],[W Outer]] -> 252 | AD137: =+Table13[[#This Row],[Na Palecie]]/Table13[[#This Row],[Na Warstwie]] -> 9 | AE137: 3086123680807 | AF137: 0 | AG137: 03086125037746 | AH137: 03086124104661 | AJ137: 32.99.12.0 | AK137: 96081092 | AL137: =_xlfn.XLOOKUP(Table13[[#This Row],[Rabat Indywidualny]],'PC2 code'!A:A,'PC2 code'!B:B,0) -> 00
A138: 503804 | B138: =TEXT(Table13[[#This Row],[Kod EAN (Sku)]],"0000000000000") -> 3086123681101 | C138: =IF(AND(Table13[[#This Row],[Kod EAN (Szt)]]<>0,Table13[[#This Row],[Kod EAN (Szt)]]<>"0"),TEXT(Table13[[#This Row],[Kod EAN (Szt)]],"0000000000000"),"") | D138: BIC 4 Colours Decor Hydro Długopis AST Blister 3szt | E138: PROD SZKOLNO BIUROWE | F138: ARTYKUŁY PIŚMIENNICZE | H138: 21.69 | J138: =Table13[[#This Row],[Cena Netto]]*(1-Table13[[#This Row],[Rabat Długoterminowy]]) -> 21.69 | K138: =IF(TRIM($D$8)='Payment Term'!A$1,1-(1-$D$9)*(1-2%),$D$9) -> 0.25 | L138: 0.1 | M138: =1-(1-Table13[[#This Row],[Rabat Długoterminowy]])*(1-Table13[[#This Row],[Dodatkowy rabat kwartału (składany)]]) -> 0.1 | N138: 0 | O138: =ROUND(Table13[[#This Row],[Cena Netto Po Rabacie Długoterminowym]]*(1-Table13[[#This Row],[Rabat Podstawowy]])*(1-Table13[[#This Row],[Dodatkowy rabat kwartału (składany)]])*(1-Table13[[#This Row],[Rabat Indywidualny]]),2) -> 14.64 | P138: =Table13[[#This Row],[Сena SKU Po Wszystkich Rabatach]]/Table13[[#This Row],[Szt/ Opak.]] -> 4.88 | Q138: 3 | R138: 10 | S138: =IF(ISERROR(Table13[[#This Row],[W Inner]]),Table13[[#This Row],[W Outer]],IF(AND(Table13[[#This Row],[W Inner]]>0,Table13[[#This Row],[W Inner]]<>"0"),Table13[[#This Row],[W Inner]],Table13[[#This Row],[W Outer]])) -> 10 | U138: =IF(ISERROR(Table13[[#This Row],[Zamówienie - Ilosc SKU '[Szt']]]), "", IF(MROUND(Table13[[#This Row],[Zamówienie - Ilosc SKU '[Szt']]],Table13[[#This Row],[Min. Ilość Zam. Sku]])<Table13[[#This Row],[Zamówienie - Ilosc SKU '[Szt']]],MROUND(Table13[[#This Row],[Zamówienie - Ilosc SKU '[Szt']]],Table13[[#This Row],[Min. Ilość Zam. Sku]])+Table13[[#This Row],[Min. Ilość Zam. Sku]],MROUND(Table13[[#This Row],[Zamówienie - Ilosc SKU '[Szt']]],Table13[[#This Row],[Min. Ilość Zam. Sku]]))) -> 0 | V138: =IF(Table13[[#This Row],[Zamówienie - Ilosc SKU '[Szt']]]=0,0,MOD(Table13[[#This Row],[Zamówienie - Ilosc SKU '[Szt']]],Table13[[#This Row],[Min. Ilość Zam. Sku]])-0.5) -> 0 | W138: =Table13[[#This Row],[Сena SKU Po Wszystkich Rabatach]]*U138 -> 0 | X138: =IF(Table13[[#This Row],[Zamówienie - Ilosc SKU '[Szt']]]=0,"Niezamówione produkty","Zamówione produkty") -> Niezamówione produkty | Y138: 0 | Z138: 10 | AA138: 280 | AB138: 2520 | AC138: =+Table13[[#This Row],[Na Palecie]]/Table13[[#This Row],[W Outer]] -> 252 | AD138: =+Table13[[#This Row],[Na Palecie]]/Table13[[#This Row],[Na Warstwie]] -> 9 | AE138: 3086123681101 | AF138: 0 | AG138: 03086125038040 | AH138: 03086124105231 | AJ138: 32.99.12.0 | AK138: 96081092 | AL138: =_xlfn.XLOOKUP(Table13[[#This Row],[Rabat Indywidualny]],'PC2 code'!A:A,'PC2 code'!B:B,0) -> 00
A139: 503832 | B139: =TEXT(Table13[[#This Row],[Kod EAN (Sku)]],"0000000000000") -> 3086123681385 | C139: =IF(AND(Table13[[#This Row],[Kod EAN (Szt)]]<>0,Table13[[#This Row],[Kod EAN (Szt)]]<>"0"),TEXT(Table13[[#This Row],[Kod EAN (Szt)]],"0000000000000"),"") | D139: BIC 4 Colours Decor Hydro Długopis AST Blister 5szt | E139: PROD SZKOLNO BIUROWE | F139: ARTYKUŁY PIŚMIENNICZE | H139: 31.9 | J139: =Table13[[#This Row],[Cena Netto]]*(1-Table13[[#This Row],[Rabat Długoterminowy]]) -> 31.9 | K139: =IF(TRIM($D$8)='Payment Term'!A$1,1-(1-$D$9)*(1-2%),$D$9) -> 0.25 | L139: 0.1 | M139: =1-(1-Table13[[#This Row],[Rabat Długoterminowy]])*(1-Table13[[#This Row],[Dodatkowy rabat kwartału (składany)]]) -> 0.1 | N139: 0 | O139: =ROUND(Table13[[#This Row],[Cena Netto Po Rabacie Długoterminowym]]*(1-Table13[[#This Row],[Rabat Podstawowy]])*(1-Table13[[#This Row],[Dodatkowy rabat kwartału (składany)]])*(1-Table13[[#This Row],[Rabat Indywidualny]]),2) -> 21.53 | P139: =Table13[[#This Row],[Сena SKU Po Wszystkich Rabatach]]/Table13[[#This Row],[Szt/ Opak.]] -> 4.306 | Q139: 5 | R139: 10 | S139: =IF(ISERROR(Table13[[#This Row],[W Inner]]),Table13[[#This Row],[W Outer]],IF(AND(Table13[[#This Row],[W Inner]]>0,Table13[[#This Row],[W Inner]]<>"0"),Table13[[#This Row],[W Inner]],Table13[[#This Row],[W Outer]])) -> 10 | U139: =IF(ISERROR(Table13[[#This Row],[Zamówienie - Ilosc SKU '[Szt']]]), "", IF(MROUND(Table13[[#This Row],[Zamówienie - Ilosc SKU '[Szt']]],Table13[[#This Row],[Min. Ilość Zam. Sku]])<Table13[[#This Row],[Zamówienie - Ilosc SKU '[Szt']]],MROUND(Table13[[#This Row],[Zamówienie - Ilosc SKU '[Szt']]],Table13[[#This Row],[Min. Ilość Zam. Sku]])+Table13[[#This Row],[Min. Ilość Zam. Sku]],MROUND(Table13[[#This Row],[Zamówienie - Ilosc SKU '[Szt']]],Table13[[#This Row],[Min. Ilość Zam. Sku]]))) -> 0 | V139: =IF(Table13[[#This Row],[Zamówienie - Ilosc SKU '[Szt']]]=0,0,MOD(Table13[[#This Row],[Zamówienie - Ilosc SKU '[Szt']]],Table13[[#This Row],[Min. Ilość Zam. Sku]])-0.5) -> 0 | W139: =Table13[[#This Row],[Сena SKU Po Wszystkich Rabatach]]*U139 -> 0 | X139: =IF(Table13[[#This Row],[Zamówienie - Ilosc SKU '[Szt']]]=0,"Niezamówione produkty","Zamówione produkty") -> Niezamówione produkty | Y139: 0 | Z139: 10 | AA139: 280 | AB139: 1680 | AC139: =+Table13[[#This Row],[Na Palecie]]/Table13[[#This Row],[W Outer]] -> 168 | AD139: =+Table13[[#This Row],[Na Palecie]]/Table13[[#This Row],[Na Warstwie]] -> 6 | AE139: 3086123681385 | AF139: 0 | AG139: 03086125038323 | AH139: 03086127643099 | AJ139: 32.99.12.0 | AK139: 96081092 | AL139: =_xlfn.XLOOKUP(Table13[[#This Row],[Rabat Indywidualny]],'PC2 code'!A:A,'PC2 code'!B:B,0) -> 00
A140: 518206 | B140: =TEXT(Table13[[#This Row],[Kod EAN (Sku)]],"0000000000000") -> 3086123743939 | C140: =IF(AND(Table13[[#This Row],[Kod EAN (Szt)]]<>0,Table13[[#This Row],[Kod EAN (Szt)]]<>"0"),TEXT(Table13[[#This Row],[Kod EAN (Szt)]],"0000000000000"),"") -> 3086123679559 | D140: BIC 4 Colours Decor Hydro Purple Długopis Pudełko 12szt | E140: PROD SZKOLNO BIUROWE | F140: ARTYKUŁY PIŚMIENNICZE | H140: 76.19 | I140: 0.15 | J140: =Table13[[#This Row],[Cena Netto]]*(1-Table13[[#This Row],[Rabat Długoterminowy]]) -> 64.7615 | K140: =IF(TRIM($D$8)='Payment Term'!A$1,1-(1-$D$9)*(1-2%),$D$9) -> 0.25 | L140: 0.1 | M140: =1-(1-Table13[[#This Row],[Rabat Długoterminowy]])*(1-Table13[[#This Row],[Dodatkowy rabat kwartału (składany)]]) -> 0.235 | N140: 0 | O140: =ROUND(Table13[[#This Row],[Cena Netto Po Rabacie Długoterminowym]]*(1-Table13[[#This Row],[Rabat Podstawowy]])*(1-Table13[[#This Row],[Dodatkowy rabat kwartału (składany)]])*(1-Table13[[#This Row],[Rabat Indywidualny]]),2) -> 43.71 | P140: =Table13[[#This Row],[Сena SKU Po Wszystkich Rabatach]]/Table13[[#This Row],[Szt/ Opak.]] -> 3.6425 | Q140: 12 | R140: 1 | S140: =IF(ISERROR(Table13[[#This Row],[W Inner]]),Table13[[#This Row],[W Outer]],IF(AND(Table13[[#This Row],[W Inner]]>0,Table13[[#This Row],[W Inner]]<>"0"),Table13[[#This Row],[W Inner]],Table13[[#This Row],[W Outer]])) -> 18 | U140: =IF(ISERROR(Table13[[#This Row],[Zamówienie - Ilosc SKU '[Szt']]]), "", IF(MROUND(Table13[[#This Row],[Zamówienie - Ilosc SKU '[Szt']]],Table13[[#This Row],[Min. Ilość Zam. Sku]])<Table13[[#This Row],[Zamówienie - Ilosc SKU '[Szt']]],MROUND(Table13[[#This Row],[Zamówienie - Ilosc SKU '[Szt']]],Table13[[#This Row],[Min. Ilość Zam. Sku]])+Table13[[#This Row],[Min. Ilość Zam. Sku]],MROUND(Table13[[#This Row],[Zamówienie - Ilosc SKU '[Szt']]],Table13[[#This Row],[Min. Ilość Zam. Sku]]))) -> 0 | V140: =IF(Table13[[#This Row],[Zamówienie - Ilosc SKU '[Szt']]]=0,0,MOD(Table13[[#This Row],[Zamówienie - Ilosc SKU '[Szt']]],Table13[[#This Row],[Min. Ilość Zam. Sku]])-0.5) -> 0 | W140: =Table13[[#This Row],[Сena SKU Po Wszystkich Rabatach]]*U140 -> 0 | X140: =IF(Table13[[#This Row],[Zamówienie - Ilosc SKU '[Szt']]]=0,"Niezamówione produkty","Zamówione produkty") -> Niezamówione produkty | Y140: 0 | Z140: 18 | AA140: 306 | AB140: 1836 | AC140: =+Table13[[#This Row],[Na Palecie]]/Table13[[#This Row],[W Outer]] -> 102 | AD140: =+Table13[[#This Row],[Na Palecie]]/Table13[[#This Row],[Na Warstwie]] -> 6 | AE140: 3086123743939 | AF140: 3086123679559 | AG140: 03086125182064 | AH140: 03086127702765 | AJ140: 32.99.12.0 | AK140: 96081092 | AL140: =_xlfn.XLOOKUP(Table13[[#This Row],[Rabat Indywidualny]],'PC2 code'!A:A,'PC2 code'!B:B,0) -> 00
A141: 9926071 | B141: =TEXT(Table13[[#This Row],[Kod EAN (Sku)]],"0000000000000") -> 3086123594180 | C141: =IF(AND(Table13[[#This Row],[Kod EAN (Szt)]]<>0,Table13[[#This Row],[Kod EAN (Szt)]]<>"0"),TEXT(Table13[[#This Row],[Kod EAN (Szt)]],"0000000000000"),"") | D141: BIC 4 Colours Messages Długopis mix AST Pudełko metalowe 6szt | E141: PROD SZKOLNO BIUROWE | F141: ARTYKUŁY PIŚMIENNICZE | H141: 63.03 | J141: =Table13[[#This Row],[Cena Netto]]*(1-Table13[[#This Row],[Rabat Długoterminowy]]) -> 63.03 | K141: =IF(TRIM($D$8)='Payment Term'!A$1,1-(1-$D$9)*(1-2%),$D$9) -> 0.25 | L141: 0.1 | M141: =1-(1-Table13[[#This Row],[Rabat Długoterminowy]])*(1-Table13[[#This Row],[Dodatkowy rabat kwartału (składany)]]) -> 0.1 | N141: 0 | O141: =ROUND(Table13[[#This Row],[Cena Netto Po Rabacie Długoterminowym]]*(1-Table13[[#This Row],[Rabat Podstawowy]])*(1-Table13[[#This Row],[Dodatkowy rabat kwartału (składany)]])*(1-Table13[[#This Row],[Rabat Indywidualny]]),2) -> 42.55 | P141: =Table13[[#This Row],[Сena SKU Po Wszystkich Rabatach]]/Table13[[#This Row],[Szt/ Opak.]] -> 7.0916667 | Q141: 6 | R141: 1 | S141: =IF(ISERROR(Table13[[#This Row],[W Inner]]),Table13[[#This Row],[W Outer]],IF(AND(Table13[[#This Row],[W Inner]]>0,Table13[[#This Row],[W Inner]]<>"0"),Table13[[#This Row],[W Inner]],Table13[[#This Row],[W Outer]])) -> 20 | U141: =IF(ISERROR(Table13[[#This Row],[Zamówienie - Ilosc SKU '[Szt']]]), "", IF(MROUND(Table13[[#This Row],[Zamówienie - Ilosc SKU '[Szt']]],Table13[[#This Row],[Min. Ilość Zam. Sku]])<Table13[[#This Row],[Zamówienie - Ilosc SKU '[Szt']]],MROUND(Table13[[#This Row],[Zamówienie - Ilosc SKU '[Szt']]],Table13[[#This Row],[Min. Ilość Zam. Sku]])+Table13[[#This Row],[Min. Ilość Zam. Sku]],MROUND(Table13[[#This Row],[Zamówienie - Ilosc SKU '[Szt']]],Table13[[#This Row],[Min. Ilość Zam. Sku]]))) -> 0 | V141: =IF(Table13[[#This Row],[Zamówienie - Ilosc SKU '[Szt']]]=0,0,MOD(Table13[[#This Row],[Zamówienie - Ilosc SKU '[Szt']]],Table13[[#This Row],[Min. Ilość Zam. Sku]])-0.5) -> 0 | W141: =Table13[[#This Row],[Сena SKU Po Wszystkich Rabatach]]*U141 -> 0 | X141: =IF(Table13[[#This Row],[Zamówienie - Ilosc SKU '[Szt']]]=0,"Niezamówione produkty","Zamówione produkty") -> Niezamówione produkty | Y141: 0 | Z141: 20 | AA141: 160 | AB141: 800 | AC141: =+Table13[[#This Row],[Na Palecie]]/Table13[[#This Row],[W Outer]] -> 40 | AD141: =+Table13[[#This Row],[Na Palecie]]/Table13[[#This Row],[Na Warstwie]] -> 5 | AE141: 3086123594180 | AF141: 0 | AG141: 03086129926077 | AH141: 03086127567852 | AJ141: 32.99.12.0 | AK141: 96081092 | AL141: =_xlfn.XLOOKUP(Table13[[#This Row],[Rabat Indywidualny]],'PC2 code'!A:A,'PC2 code'!B:B,0) -> 00
A142: 992563 | B142: =TEXT(Table13[[#This Row],[Kod EAN (Sku)]],"0000000000000") -> 3086123593749 | C142: =IF(AND(Table13[[#This Row],[Kod EAN (Szt)]]<>0,Table13[[#This Row],[Kod EAN (Szt)]]<>"0"),TEXT(Table13[[#This Row],[Kod EAN (Szt)]],"0000000000000"),"") -> 3086123589476 | D142: BIC 4 Colours Message Boss Długopis AST Pudełko 12szt | E142: PROD SZKOLNO BIUROWE | F142: ARTYKUŁY PIŚMIENNICZE | H142: 76.19 | I142: 0.15 | J142: =Table13[[#This Row],[Cena Netto]]*(1-Table13[[#This Row],[Rabat Długoterminowy]]) -> 64.7615 | K142: =IF(TRIM($D$8)='Payment Term'!A$1,1-(1-$D$9)*(1-2%),$D$9) -> 0.25 | L142: 0.1 | M142: =1-(1-Table13[[#This Row],[Rabat Długoterminowy]])*(1-Table13[[#This Row],[Dodatkowy rabat kwartału (składany)]]) -> 0.235 | N142: 0 | O142: =ROUND(Table13[[#This Row],[Cena Netto Po Rabacie Długoterminowym]]*(1-Table13[[#This Row],[Rabat Podstawowy]])*(1-Table13[[#This Row],[Dodatkowy rabat kwartału (składany)]])*(1-Table13[[#This Row],[Rabat Indywidualny]]),2) -> 43.71 | P142: =Table13[[#This Row],[Сena SKU Po Wszystkich Rabatach]]/Table13[[#This Row],[Szt/ Opak.]] -> 3.6425 | Q142: 12 | R142: 1 | S142: =IF(ISERROR(Table13[[#This Row],[W Inner]]),Table13[[#This Row],[W Outer]],IF(AND(Table13[[#This Row],[W Inner]]>0,Table13[[#This Row],[W Inner]]<>"0"),Table13[[#This Row],[W Inner]],Table13[[#This Row],[W Outer]])) -> 18 | U142: =IF(ISERROR(Table13[[#This Row],[Zamówienie - Ilosc SKU '[Szt']]]), "", IF(MROUND(Table13[[#This Row],[Zamówienie - Ilosc SKU '[Szt']]],Table13[[#This Row],[Min. Ilość Zam. Sku]])<Table13[[#This Row],[Zamówienie - Ilosc SKU '[Szt']]],MROUND(Table13[[#This Row],[Zamówienie - Ilosc SKU '[Szt']]],Table13[[#This Row],[Min. Ilość Zam. Sku]])+Table13[[#This Row],[Min. Ilość Zam. Sku]],MROUND(Table13[[#This Row],[Zamówienie - Ilosc SKU '[Szt']]],Table13[[#This Row],[Min. Ilość Zam. Sku]]))) -> 0 | V142: =IF(Table13[[#This Row],[Zamówienie - Ilosc SKU '[Szt']]]=0,0,MOD(Table13[[#This Row],[Zamówienie - Ilosc SKU '[Szt']]],Table13[[#This Row],[Min. Ilość Zam. Sku]])-0.5) -> 0 | W142: =Table13[[#This Row],[Сena SKU Po Wszystkich Rabatach]]*U142 -> 0 | X142: =IF(Table13[[#This Row],[Zamówienie - Ilosc SKU '[Szt']]]=0,"Niezamówione produkty","Zamówione produkty") -> Niezamówione produkty | Y142: 0 | Z142: 18 | AA142: 306 | AB142: 1836 | AC142: =+Table13[[#This Row],[Na Palecie]]/Table13[[#This Row],[W Outer]] -> 102 | AD142: =+Table13[[#This Row],[Na Palecie]]/Table13[[#This Row],[Na Warstwie]] -> 6 | AE142: 3086123593749 | AF142: 3086123589476 | AG142: 03086129925636 | AH142: 03086127567418 | AJ142: 32.99.12.0 | AK142: 96081092 | AL142: =_xlfn.XLOOKUP(Table13[[#This Row],[Rabat Indywidualny]],'PC2 code'!A:A,'PC2 code'!B:B,0) -> 00
A143: 902126 | B143: =TEXT(Table13[[#This Row],[Kod EAN (Sku)]],"0000000000000") -> 3086123307513 | C143: =IF(AND(Table13[[#This Row],[Kod EAN (Szt)]]<>0,Table13[[#This Row],[Kod EAN (Szt)]]<>"0"),TEXT(Table13[[#This Row],[Kod EAN (Szt)]],"0000000000000"),"") | D143: BIC 4 Colours Shine Długopis mix AST Blister 1szt | E143: PROD SZKOLNO BIUROWE | F143: ARTYKUŁY PIŚMIENNICZE | H143: 8.5 | J143: =Table13[[#This Row],[Cena Netto]]*(1-Table13[[#This Row],[Rabat Długoterminowy]]) -> 8.5 | K143: =IF(TRIM($D$8)='Payment Term'!A$1,1-(1-$D$9)*(1-2%),$D$9) -> 0.25 | L143: 0.1 | M143: =1-(1-Table13[[#This Row],[Rabat Długoterminowy]])*(1-Table13[[#This Row],[Dodatkowy rabat kwartału (składany)]]) -> 0.1 | N143: 0 | O143: =ROUND(Table13[[#This Row],[Cena Netto Po Rabacie Długoterminowym]]*(1-Table13[[#This Row],[Rabat Podstawowy]])*(1-Table13[[#This Row],[Dodatkowy rabat kwartału (składany)]])*(1-Table13[[#This Row],[Rabat Indywidualny]]),2) -> 5.74 | P143: =Table13[[#This Row],[Сena SKU Po Wszystkich Rabatach]]/Table13[[#This Row],[Szt/ Opak.]] -> 5.74 | Q143: 1 | R143: 20 | S143: =IF(ISERROR(Table13[[#This Row],[W Inner]]),Table13[[#This Row],[W Outer]],IF(AND(Table13[[#This Row],[W Inner]]>0,Table13[[#This Row],[W Inner]]<>"0"),Table13[[#This Row],[W Inner]],Table13[[#This Row],[W Outer]])) -> 20 | U143: =IF(ISERROR(Table13[[#This Row],[Zamówienie - Ilosc SKU '[Szt']]]), "", IF(MROUND(Table13[[#This Row],[Zamówienie - Ilosc SKU '[Szt']]],Table13[[#This Row],[Min. Ilość Zam. Sku]])<Table13[[#This Row],[Zamówienie - Ilosc SKU '[Szt']]],MROUND(Table13[[#This Row],[Zamówienie - Ilosc SKU '[Szt']]],Table13[[#This Row],[Min. Ilość Zam. Sku]])+Table13[[#This Row],[Min. Ilość Zam. Sku]],MROUND(Table13[[#This Row],[Zamówienie - Ilosc SKU '[Szt']]],Table13[[#This Row],[Min. Ilość Zam. Sku]]))) -> 0 | V143: =IF(Table13[[#This Row],[Zamówienie - Ilosc SKU '[Szt']]]=0,0,MOD(Table13[[#This Row],[Zamówienie - Ilosc SKU '[Szt']]],Table13[[#This Row],[Min. Ilość Zam. Sku]])-0.5) -> 0 | W143: =Table13[[#This Row],[Сena SKU Po Wszystkich Rabatach]]*U143 -> 0 | X143: =IF(Table13[[#This Row],[Zamówienie - Ilosc SKU '[Szt']]]=0,"Niezamówione produkty","Zamówione produkty") -> Niezamówione produkty | Y143: 0 | Z143: 20 | AA143: 560 | AB143: 5040 | AC143: =+Table13[[#This Row],[Na Palecie]]/Table13[[#This Row],[W Outer]] -> 252 | AD143: =+Table13[[#This Row],[Na Palecie]]/Table13[[#This Row],[Na Warstwie]] -> 9 | AE143: 3086123307513 | AF143: 0 | AG143: 03086129021260 | AH143: 03086124104678 | AJ143: 32.99.12.0 | AK143: 96081092 | AL143: =_xlfn.XLOOKUP(Table13[[#This Row],[Rabat Indywidualny]],'PC2 code'!A:A,'PC2 code'!B:B,0) -> 00
A144: 982877 | B144: =TEXT(Table13[[#This Row],[Kod EAN (Sku)]],"0000000000000") -> 3086123537613 | C144: =IF(AND(Table13[[#This Row],[Kod EAN (Szt)]]<>0,Table13[[#This Row],[Kod EAN (Szt)]]<>"0"),TEXT(Table13[[#This Row],[Kod EAN (Szt)]],"0000000000000"),"") -> 3086123404137 | D144: BIC 4 Colours Shine Red Długopis mix AST Pudełko 12szt | E144: PROD SZKOLNO BIUROWE | F144: ARTYKUŁY PIŚMIENNICZE | H144: 76.19 | I144: 0.15 | J144: =Table13[[#This Row],[Cena Netto]]*(1-Table13[[#This Row],[Rabat Długoterminowy]]) -> 64.7615 | K144: =IF(TRIM($D$8)='Payment Term'!A$1,1-(1-$D$9)*(1-2%),$D$9) -> 0.25 | L144: 0.1 | M144: =1-(1-Table13[[#This Row],[Rabat Długoterminowy]])*(1-Table13[[#This Row],[Dodatkowy rabat kwartału (składany)]]) -> 0.235 | N144: 0 | O144: =ROUND(Table13[[#This Row],[Cena Netto Po Rabacie Długoterminowym]]*(1-Table13[[#This Row],[Rabat Podstawowy]])*(1-Table13[[#This Row],[Dodatkowy rabat kwartału (składany)]])*(1-Table13[[#This Row],[Rabat Indywidualny]]),2) -> 43.71 | P144: =Table13[[#This Row],[Сena SKU Po Wszystkich Rabatach]]/Table13[[#This Row],[Szt/ Opak.]] -> 3.6425 | Q144: 12 | R144: 1 | S144: =IF(ISERROR(Table13[[#This Row],[W Inner]]),Table13[[#This Row],[W Outer]],IF(AND(Table13[[#This Row],[W Inner]]>0,Table13[[#This Row],[W Inner]]<>"0"),Table13[[#This Row],[W Inner]],Table13[[#This Row],[W Outer]])) -> 35 | U144: =IF(ISERROR(Table13[[#This Row],[Zamówienie - Ilosc SKU '[Szt']]]), "", IF(MROUND(Table13[[#This Row],[Zamówienie - Ilosc SKU '[Szt']]],Table13[[#This Row],[Min. Ilość Zam. Sku]])<Table13[[#This Row],[Zamówienie - Ilosc SKU '[Szt']]],MROUND(Table13[[#This Row],[Zamówienie - Ilosc SKU '[Szt']]],Table13[[#This Row],[Min. Ilość Zam. Sku]])+Table13[[#This Row],[Min. Ilość Zam. Sku]],MROUND(Table13[[#This Row],[Zamówienie - Ilosc SKU '[Szt']]],Table13[[#This Row],[Min. Ilość Zam. Sku]]))) -> 0 | V144: =IF(Table13[[#This Row],[Zamówienie - Ilosc SKU '[Szt']]]=0,0,MOD(Table13[[#This Row],[Zamówienie - Ilosc SKU '[Szt']]],Table13[[#This Row],[Min. Ilość Zam. Sku]])-0.5) -> 0 | W144: =Table13[[#This Row],[Сena SKU Po Wszystkich Rabatach]]*U144 -> 0 | X144: =IF(Table13[[#This Row],[Zamówienie - Ilosc SKU '[Szt']]]=0,"Niezamówione produkty","Zamówione produkty") -> Niezamówione produkty | Y144: 0 | Z144: 35 | AA144: 490 | AB144: 1960 | AC144: =+Table13[[#This Row],[Na Palecie]]/Table13[[#This Row],[W Outer]] -> 56 | AD144: =+Table13[[#This Row],[Na Palecie]]/Table13[[#This Row],[Na Warstwie]] -> 4 | AE144: 3086123537613 | AF144: 3086123404137 | AG144: 03086129828777 | AH144: 03086127620502 | AJ144: 32.99.12.0 | AK144: 96081092 | AL144: =_xlfn.XLOOKUP(Table13[[#This Row],[Rabat Indywidualny]],'PC2 code'!A:A,'PC2 code'!B:B,0) -> 00
A145: 982878 | B145: =TEXT(Table13[[#This Row],[Kod EAN (Sku)]],"0000000000000") -> 3086123537620 | C145: =IF(AND(Table13[[#This Row],[Kod EAN (Szt)]]<>0,Table13[[#This Row],[Kod EAN (Szt)]]<>"0"),TEXT(Table13[[#This Row],[Kod EAN (Szt)]],"0000000000000"),"") -> 3086123404120 | D145: BIC 4 Colours Shine Gold Długopis mix AST Pudełko 12szt | E145: PROD SZKOLNO BIUROWE | F145: ARTYKUŁY PIŚMIENNICZE | H145: 76.19 | I145: 0.15 | J145: =Table13[[#This Row],[Cena Netto]]*(1-Table13[[#This Row],[Rabat Długoterminowy]]) -> 64.7615 | K145: =IF(TRIM($D$8)='Payment Term'!A$1,1-(1-$D$9)*(1-2%),$D$9) -> 0.25 | L145: 0.1 | M145: =1-(1-Table13[[#This Row],[Rabat Długoterminowy]])*(1-Table13[[#This Row],[Dodatkowy rabat kwartału (składany)]]) -> 0.235 | N145: 0 | O145: =ROUND(Table13[[#This Row],[Cena Netto Po Rabacie Długoterminowym]]*(1-Table13[[#This Row],[Rabat Podstawowy]])*(1-Table13[[#This Row],[Dodatkowy rabat kwartału (składany)]])*(1-Table13[[#This Row],[Rabat Indywidualny]]),2) -> 43.71 | P145: =Table13[[#This Row],[Сena SKU Po Wszystkich Rabatach]]/Table13[[#This Row],[Szt/ Opak.]] -> 3.6425 | Q145: 12 | R145: 1 | S145: =IF(ISERROR(Table13[[#This Row],[W Inner]]),Table13[[#This Row],[W Outer]],IF(AND(Table13[[#This Row],[W Inner]]>0,Table13[[#This Row],[W Inner]]<>"0"),Table13[[#This Row],[W Inner]],Table13[[#This Row],[W Outer]])) -> 35 | U145: =IF(ISERROR(Table13[[#This Row],[Zamówienie - Ilosc SKU '[Szt']]]), "", IF(MROUND(Table13[[#This Row],[Zamówienie - Ilosc SKU '[Szt']]],Table13[[#This Row],[Min. Ilość Zam. Sku]])<Table13[[#This Row],[Zamówienie - Ilosc SKU '[Szt']]],MROUND(Table13[[#This Row],[Zamówienie - Ilosc SKU '[Szt']]],Table13[[#This Row],[Min. Ilość Zam. Sku]])+Table13[[#This Row],[Min. Ilość Zam. Sku]],MROUND(Table13[[#This Row],[Zamówienie - Ilosc SKU '[Szt']]],Table13[[#This Row],[Min. Ilość Zam. Sku]]))) -> 0 | V145: =IF(Table13[[#This Row],[Zamówienie - Ilosc SKU '[Szt']]]=0,0,MOD(Table13[[#This Row],[Zamówienie - Ilosc SKU '[Szt']]],Table13[[#This Row],[Min. Ilość Zam. Sku]])-0.5) -> 0 | W145: =Table13[[#This Row],[Сena SKU Po Wszystkich Rabatach]]*U145 -> 0 | X145: =IF(Table13[[#This Row],[Zamówienie - Ilosc SKU '[Szt']]]=0,"Niezamówione produkty","Zamówione produkty") -> Niezamówione produkty | Y145: 0 | Z145: 35 | AA145: 490 | AB145: 1960 | AC145: =+Table13[[#This Row],[Na Palecie]]/Table13[[#This Row],[W Outer]] -> 56 | AD145: =+Table13[[#This Row],[Na Palecie]]/Table13[[#This Row],[Na Warstwie]] -> 4 | AE145: 3086123537620 | AF145: 3086123404120 | AG145: 03086129828784 | AH145: 03086127620519 | AJ145: 32.99.12.0 | AK145: 96081092 | AL145: =_xlfn.XLOOKUP(Table13[[#This Row],[Rabat Indywidualny]],'PC2 code'!A:A,'PC2 code'!B:B,0) -> 00
A146: 982873 | B146: =TEXT(Table13[[#This Row],[Kod EAN (Sku)]],"0000000000000") -> 3086123343979 | C146: =IF(AND(Table13[[#This Row],[Kod EAN (Szt)]]<>0,Table13[[#This Row],[Kod EAN (Szt)]]<>"0"),TEXT(Table13[[#This Row],[Kod EAN (Szt)]],"0000000000000"),"") -> 3086123310384 | D146: BIC 4 Colours Shine Silver Długopis mix AST Pudełko 12szt | E146: PROD SZKOLNO BIUROWE | F146: ARTYKUŁY PIŚMIENNICZE | H146: 76.19 | I146: 0.15 | J146: =Table13[[#This Row],[Cena Netto]]*(1-Table13[[#This Row],[Rabat Długoterminowy]]) -> 64.7615 | K146: =IF(TRIM($D$8)='Payment Term'!A$1,1-(1-$D$9)*(1-2%),$D$9) -> 0.25 | L146: 0.1 | M146: =1-(1-Table13[[#This Row],[Rabat Długoterminowy]])*(1-Table13[[#This Row],[Dodatkowy rabat kwartału (składany)]]) -> 0.235 | N146: 0 | O146: =ROUND(Table13[[#This Row],[Cena Netto Po Rabacie Długoterminowym]]*(1-Table13[[#This Row],[Rabat Podstawowy]])*(1-Table13[[#This Row],[Dodatkowy rabat kwartału (składany)]])*(1-Table13[[#This Row],[Rabat Indywidualny]]),2) -> 43.71 | P146: =Table13[[#This Row],[Сena SKU Po Wszystkich Rabatach]]/Table13[[#This Row],[Szt/ Opak.]] -> 3.6425 | Q146: 12 | R146: 1 | S146: =IF(ISERROR(Table13[[#This Row],[W Inner]]),Table13[[#This Row],[W Outer]],IF(AND(Table13[[#This Row],[W Inner]]>0,Table13[[#This Row],[W Inner]]<>"0"),Table13[[#This Row],[W Inner]],Table13[[#This Row],[W Outer]])) -> 35 | U146: =IF(ISERROR(Table13[[#This Row],[Zamówienie - Ilosc SKU '[Szt']]]), "", IF(MROUND(Table13[[#This Row],[Zamówienie - Ilosc SKU '[Szt']]],Table13[[#This Row],[Min. Ilość Zam. Sku]])<Table13[[#This Row],[Zamówienie - Ilosc SKU '[Szt']]],MROUND(Table13[[#This Row],[Zamówienie - Ilosc SKU '[Szt']]],Table13[[#This Row],[Min. Ilość Zam. Sku]])+Table13[[#This Row],[Min. Ilość Zam. Sku]],MROUND(Table13[[#This Row],[Zamówienie - Ilosc SKU '[Szt']]],Table13[[#This Row],[Min. Ilość Zam. Sku]]))) -> 0 | V146: =IF(Table13[[#This Row],[Zamówienie - Ilosc SKU '[Szt']]]=0,0,MOD(Table13[[#This Row],[Zamówienie - Ilosc SKU '[Szt']]],Table13[[#This Row],[Min. Ilość Zam. Sku]])-0.5) -> 0 | W146: =Table13[[#This Row],[Сena SKU Po Wszystkich Rabatach]]*U146 -> 0 | X146: =IF(Table13[[#This Row],[Zamówienie - Ilosc SKU '[Szt']]]=0,"Niezamówione produkty","Zamówione produkty") -> Niezamówione produkty | Y146: 0 | Z146: 35 | AA146: 490 | AB146: 1960 | AC146: =+Table13[[#This Row],[Na Palecie]]/Table13[[#This Row],[W Outer]] -> 56 | AD146: =+Table13[[#This Row],[Na Palecie]]/Table13[[#This Row],[Na Warstwie]] -> 4 | AE146: 3086123343979 | AF146: 3086123310384 | AG146: 03086129828739 | AH146: 03086127620465 | AJ146: 32.99.12.0 | AK146: 96081092 | AL146: =_xlfn.XLOOKUP(Table13[[#This Row],[Rabat Indywidualny]],'PC2 code'!A:A,'PC2 code'!B:B,0) -> 00
A147: 982874 | B147: =TEXT(Table13[[#This Row],[Kod EAN (Sku)]],"0000000000000") -> 3086123494893 | C147: =IF(AND(Table13[[#This Row],[Kod EAN (Szt)]]<>0,Table13[[#This Row],[Kod EAN (Szt)]]<>"0"),TEXT(Table13[[#This Row],[Kod EAN (Szt)]],"0000000000000"),"") -> 3086123310421 | D147: BIC 4 Colours Shine Blue Długopis mix AST Pudełko 12szt | E147: PROD SZKOLNO BIUROWE | F147: ARTYKUŁY PIŚMIENNICZE | H147: 76.19 | I147: 0.15 | J147: =Table13[[#This Row],[Cena Netto]]*(1-Table13[[#This Row],[Rabat Długoterminowy]]) -> 64.7615 | K147: =IF(TRIM($D$8)='Payment Term'!A$1,1-(1-$D$9)*(1-2%),$D$9) -> 0.25 | L147: 0.1 | M147: =1-(1-Table13[[#This Row],[Rabat Długoterminowy]])*(1-Table13[[#This Row],[Dodatkowy rabat kwartału (składany)]]) -> 0.235 | N147: 0 | O147: =ROUND(Table13[[#This Row],[Cena Netto Po Rabacie Długoterminowym]]*(1-Table13[[#This Row],[Rabat Podstawowy]])*(1-Table13[[#This Row],[Dodatkowy rabat kwartału (składany)]])*(1-Table13[[#This Row],[Rabat Indywidualny]]),2) -> 43.71 | P147: =Table13[[#This Row],[Сena SKU Po Wszystkich Rabatach]]/Table13[[#This Row],[Szt/ Opak.]] -> 3.6425 | Q147: 12 | R147: 1 | S147: =IF(ISERROR(Table13[[#This Row],[W Inner]]),Table13[[#This Row],[W Outer]],IF(AND(Table13[[#This Row],[W Inner]]>0,Table13[[#This Row],[W Inner]]<>"0"),Table13[[#This Row],[W Inner]],Table13[[#This Row],[W Outer]])) -> 35 | U147: =IF(ISERROR(Table13[[#This Row],[Zamówienie - Ilosc SKU '[Szt']]]), "", IF(MROUND(Table13[[#This Row],[Zamówienie - Ilosc SKU '[Szt']]],Table13[[#This Row],[Min. Ilość Zam. Sku]])<Table13[[#This Row],[Zamówienie - Ilosc SKU '[Szt']]],MROUND(Table13[[#This Row],[Zamówienie - Ilosc SKU '[Szt']]],Table13[[#This Row],[Min. Ilość Zam. Sku]])+Table13[[#This Row],[Min. Ilość Zam. Sku]],MROUND(Table13[[#This Row],[Zamówienie - Ilosc SKU '[Szt']]],Table13[[#This Row],[Min. Ilość Zam. Sku]]))) -> 0 | V147: =IF(Table13[[#This Row],[Zamówienie - Ilosc SKU '[Szt']]]=0,0,MOD(Table13[[#This Row],[Zamówienie - Ilosc SKU '[Szt']]],Table13[[#This Row],[Min. Ilość Zam. Sku]])-0.5) -> 0 | W147: =Table13[[#This Row],[Сena SKU Po Wszystkich Rabatach]]*U147 -> 0 | X147: =IF(Table13[[#This Row],[Zamówienie - Ilosc SKU '[Szt']]]=0,"Niezamówione produkty","Zamówione produkty") -> Niezamówione produkty | Y147: 0 | Z147: 35 | AA147: 490 | AB147: 1960 | AC147: =+Table13[[#This Row],[Na Palecie]]/Table13[[#This Row],[W Outer]] -> 56 | AD147: =+Table13[[#This Row],[Na Palecie]]/Table13[[#This Row],[Na Warstwie]] -> 4 | AE147: 3086123494893 | AF147: 3086123310421 | AG147: 03086129828746 | AH147: 03086127620472 | AJ147: 32.99.12.0 | AK147: 96081092 | AL147: =_xlfn.XLOOKUP(Table13[[#This Row],[Rabat Indywidualny]],'PC2 code'!A:A,'PC2 code'!B:B,0) -> 00
A148: 982875 | B148: =TEXT(Table13[[#This Row],[Kod EAN (Sku)]],"0000000000000") -> 3086123502918 | C148: =IF(AND(Table13[[#This Row],[Kod EAN (Szt)]]<>0,Table13[[#This Row],[Kod EAN (Szt)]]<>"0"),TEXT(Table13[[#This Row],[Kod EAN (Szt)]],"0000000000000"),"") -> 3086123310391 | D148: BIC 4 Colours Shine Pink Długopis mix AST Pudełko 12szt | E148: PROD SZKOLNO BIUROWE | F148: ARTYKUŁY PIŚMIENNICZE | H148: 76.19 | I148: 0.15 | J148: =Table13[[#This Row],[Cena Netto]]*(1-Table13[[#This Row],[Rabat Długoterminowy]]) -> 64.7615 | K148: =IF(TRIM($D$8)='Payment Term'!A$1,1-(1-$D$9)*(1-2%),$D$9) -> 0.25 | L148: 0.1 | M148: =1-(1-Table13[[#This Row],[Rabat Długoterminowy]])*(1-Table13[[#This Row],[Dodatkowy rabat kwartału (składany)]]) -> 0.235 | N148: 0 | O148: =ROUND(Table13[[#This Row],[Cena Netto Po Rabacie Długoterminowym]]*(1-Table13[[#This Row],[Rabat Podstawowy]])*(1-Table13[[#This Row],[Dodatkowy rabat kwartału (składany)]])*(1-Table13[[#This Row],[Rabat Indywidualny]]),2) -> 43.71 | P148: =Table13[[#This Row],[Сena SKU Po Wszystkich Rabatach]]/Table13[[#This Row],[Szt/ Opak.]] -> 3.6425 | Q148: 12 | R148: 1 | S148: =IF(ISERROR(Table13[[#This Row],[W Inner]]),Table13[[#This Row],[W Outer]],IF(AND(Table13[[#This Row],[W Inner]]>0,Table13[[#This Row],[W Inner]]<>"0"),Table13[[#This Row],[W Inner]],Table13[[#This Row],[W Outer]])) -> 35 | U148: =IF(ISERROR(Table13[[#This Row],[Zamówienie - Ilosc SKU '[Szt']]]), "", IF(MROUND(Table13[[#This Row],[Zamówienie - Ilosc SKU '[Szt']]],Table13[[#This Row],[Min. Ilość Zam. Sku]])<Table13[[#This Row],[Zamówienie - Ilosc SKU '[Szt']]],MROUND(Table13[[#This Row],[Zamówienie - Ilosc SKU '[Szt']]],Table13[[#This Row],[Min. Ilość Zam. Sku]])+Table13[[#This Row],[Min. Ilość Zam. Sku]],MROUND(Table13[[#This Row],[Zamówienie - Ilosc SKU '[Szt']]],Table13[[#This Row],[Min. Ilość Zam. Sku]]))) -> 0 | V148: =IF(Table13[[#This Row],[Zamówienie - Ilosc SKU '[Szt']]]=0,0,MOD(Table13[[#This Row],[Zamówienie - Ilosc SKU '[Szt']]],Table13[[#This Row],[Min. Ilość Zam. Sku]])-0.5) -> 0 | W148: =Table13[[#This Row],[Сena SKU Po Wszystkich Rabatach]]*U148 -> 0 | X148: =IF(Table13[[#This Row],[Zamówienie - Ilosc SKU '[Szt']]]=0,"Niezamówione produkty","Zamówione produkty") -> Niezamówione produkty | Y148: 0 | Z148: 35 | AA148: 490 | AB148: 1960 | AC148: =+Table13[[#This Row],[Na Palecie]]/Table13[[#This Row],[W Outer]] -> 56 | AD148: =+Table13[[#This Row],[Na Palecie]]/Table13[[#This Row],[Na Warstwie]] -> 4 | AE148: 3086123502918 | AF148: 3086123310391 | AG148: 03086129828753 | AH148: 03086127620489 | AJ148: 32.99.12.0 | AK148: 96081092 | AL148: =_xlfn.XLOOKUP(Table13[[#This Row],[Rabat Indywidualny]],'PC2 code'!A:A,'PC2 code'!B:B,0) -> 00
A149: 982876 | B149: =TEXT(Table13[[#This Row],[Kod EAN (Sku)]],"0000000000000") -> 3086123502901 | C149: =IF(AND(Table13[[#This Row],[Kod EAN (Szt)]]<>0,Table13[[#This Row],[Kod EAN (Szt)]]<>"0"),TEXT(Table13[[#This Row],[Kod EAN (Szt)]],"0000000000000"),"") -> 3086123310407 | D149: BIC 4 Colours Shine Purple Długopis mix AST Pudełko 12szt | E149: PROD SZKOLNO BIUROWE | F149: ARTYKUŁY PIŚMIENNICZE | H149: 76.19 | I149: 0.15 | J149: =Table13[[#This Row],[Cena Netto]]*(1-Table13[[#This Row],[Rabat Długoterminowy]]) -> 64.7615 | K149: =IF(TRIM($D$8)='Payment Term'!A$1,1-(1-$D$9)*(1-2%),$D$9) -> 0.25 | L149: 0.1 | M149: =1-(1-Table13[[#This Row],[Rabat Długoterminowy]])*(1-Table13[[#This Row],[Dodatkowy rabat kwartału (składany)]]) -> 0.235 | N149: 0 | O149: =ROUND(Table13[[#This Row],[Cena Netto Po Rabacie Długoterminowym]]*(1-Table13[[#This Row],[Rabat Podstawowy]])*(1-Table13[[#This Row],[Dodatkowy rabat kwartału (składany)]])*(1-Table13[[#This Row],[Rabat Indywidualny]]),2) -> 43.71 | P149: =Table13[[#This Row],[Сena SKU Po Wszystkich Rabatach]]/Table13[[#This Row],[Szt/ Opak.]] -> 3.6425 | Q149: 12 | R149: 1 | S149: =IF(ISERROR(Table13[[#This Row],[W Inner]]),Table13[[#This Row],[W Outer]],IF(AND(Table13[[#This Row],[W Inner]]>0,Table13[[#This Row],[W Inner]]<>"0"),Table13[[#This Row],[W Inner]],Table13[[#This Row],[W Outer]])) -> 35 | U149: =IF(ISERROR(Table13[[#This Row],[Zamówienie - Ilosc SKU '[Szt']]]), "", IF(MROUND(Table13[[#This Row],[Zamówienie - Ilosc SKU '[Szt']]],Table13[[#This Row],[Min. Ilość Zam. Sku]])<Table13[[#This Row],[Zamówienie - Ilosc SKU '[Szt']]],MROUND(Table13[[#This Row],[Zamówienie - Ilosc SKU '[Szt']]],Table13[[#This Row],[Min. Ilość Zam. Sku]])+Table13[[#This Row],[Min. Ilość Zam. Sku]],MROUND(Table13[[#This Row],[Zamówienie - Ilosc SKU '[Szt']]],Table13[[#This Row],[Min. Ilość Zam. Sku]]))) -> 0 | V149: =IF(Table13[[#This Row],[Zamówienie - Ilosc SKU '[Szt']]]=0,0,MOD(Table13[[#This Row],[Zamówienie - Ilosc SKU '[Szt']]],Table13[[#This Row],[Min. Ilość Zam. Sku]])-0.5) -> 0 | W149: =Table13[[#This Row],[Сena SKU Po Wszystkich Rabatach]]*U149 -> 0 | X149: =IF(Table13[[#This Row],[Zamówienie - Ilosc SKU '[Szt']]]=0,"Niezamówione produkty","Zamówione produkty") -> Niezamówione produkty | Y149: 0 | Z149: 35 | AA149: 490 | AB149: 1960 | AC149: =+Table13[[#This Row],[Na Palecie]]/Table13[[#This Row],[W Outer]] -> 56 | AD149: =+Table13[[#This Row],[Na Palecie]]/Table13[[#This Row],[Na Warstwie]] -> 4 | AE149: 3086123502901 | AF149: 3086123310407 | AG149: 03086129828760 | AH149: 03086127620496 | AJ149: 32.99.12.0 | AK149: 96081092 | AL149: =_xlfn.XLOOKUP(Table13[[#This Row],[Rabat Indywidualny]],'PC2 code'!A:A,'PC2 code'!B:B,0) -> 00
A150: 964775 | B150: =TEXT(Table13[[#This Row],[Kod EAN (Sku)]],"0000000000000") -> 3086123537637 | C150: =IF(AND(Table13[[#This Row],[Kod EAN (Szt)]]<>0,Table13[[#This Row],[Kod EAN (Szt)]]<>"0"),TEXT(Table13[[#This Row],[Kod EAN (Szt)]],"0000000000000"),"") | D150: BIC 4 Colours Shine Mix Długopis mix AST Pudełko 12szt | E150: PROD SZKOLNO BIUROWE | F150: ARTYKUŁY PIŚMIENNICZE | H150: 76.19 | I150: 0.15 | J150: =Table13[[#This Row],[Cena Netto]]*(1-Table13[[#This Row],[Rabat Długoterminowy]]) -> 64.7615 | K150: =IF(TRIM($D$8)='Payment Term'!A$1,1-(1-$D$9)*(1-2%),$D$9) -> 0.25 | L150: 0.1 | M150: =1-(1-Table13[[#This Row],[Rabat Długoterminowy]])*(1-Table13[[#This Row],[Dodatkowy rabat kwartału (składany)]]) -> 0.235 | N150: 0 | O150: =ROUND(Table13[[#This Row],[Cena Netto Po Rabacie Długoterminowym]]*(1-Table13[[#This Row],[Rabat Podstawowy]])*(1-Table13[[#This Row],[Dodatkowy rabat kwartału (składany)]])*(1-Table13[[#This Row],[Rabat Indywidualny]]),2) -> 43.71 | P150: =Table13[[#This Row],[Сena SKU Po Wszystkich Rabatach]]/Table13[[#This Row],[Szt/ Opak.]] -> 3.6425 | Q150: 12 | R150: 1 | S150: =IF(ISERROR(Table13[[#This Row],[W Inner]]),Table13[[#This Row],[W Outer]],IF(AND(Table13[[#This Row],[W Inner]]>0,Table13[[#This Row],[W Inner]]<>"0"),Table13[[#This Row],[W Inner]],Table13[[#This Row],[W Outer]])) -> 18 | U150: =IF(ISERROR(Table13[[#This Row],[Zamówienie - Ilosc SKU '[Szt']]]), "", IF(MROUND(Table13[[#This Row],[Zamówienie - Ilosc SKU '[Szt']]],Table13[[#This Row],[Min. Ilość Zam. Sku]])<Table13[[#This Row],[Zamówienie - Ilosc SKU '[Szt']]],MROUND(Table13[[#This Row],[Zamówienie - Ilosc SKU '[Szt']]],Table13[[#This Row],[Min. Ilość Zam. Sku]])+Table13[[#This Row],[Min. Ilość Zam. Sku]],MROUND(Table13[[#This Row],[Zamówienie - Ilosc SKU '[Szt']]],Table13[[#This Row],[Min. Ilość Zam. Sku]]))) -> 0 | V150: =IF(Table13[[#This Row],[Zamówienie - Ilosc SKU '[Szt']]]=0,0,MOD(Table13[[#This Row],[Zamówienie - Ilosc SKU '[Szt']]],Table13[[#This Row],[Min. Ilość Zam. Sku]])-0.5) -> 0 | W150: =Table13[[#This Row],[Сena SKU Po Wszystkich Rabatach]]*U150 -> 0 | X150: =IF(Table13[[#This Row],[Zamówienie - Ilosc SKU '[Szt']]]=0,"Niezamówione produkty","Zamówione produkty") -> Niezamówione produkty | Y150: 0 | Z150: 18 | AA150: 306 | AB150: 1836 | AC150: =+Table13[[#This Row],[Na Palecie]]/Table13[[#This Row],[W Outer]] -> 102 | AD150: =+Table13[[#This Row],[Na Palecie]]/Table13[[#This Row],[Na Warstwie]] -> 6 | AE150: 3086123537637 | AF150: 0 | AG150: 03086129647750 | AH150: 03086127521007 | AJ150: 32.99.12.0 | AK150: 96081092 | AL150: =_xlfn.XLOOKUP(Table13[[#This Row],[Rabat Indywidualny]],'PC2 code'!A:A,'PC2 code'!B:B,0) -> 00
A151: 902128 | B151: =TEXT(Table13[[#This Row],[Kod EAN (Sku)]],"0000000000000") -> 3086123307537 | C151: =IF(AND(Table13[[#This Row],[Kod EAN (Szt)]]<>0,Table13[[#This Row],[Kod EAN (Szt)]]<>"0"),TEXT(Table13[[#This Row],[Kod EAN (Szt)]],"0000000000000"),"") | D151: BIC 4 Colours Shine Mix Długopis mix AST Display naladowy 20szt | E151: PROD SZKOLNO BIUROWE | F151: ARTYKUŁY PIŚMIENNICZE | H151: 139.68 | J151: =Table13[[#This Row],[Cena Netto]]*(1-Table13[[#This Row],[Rabat Długoterminowy]]) -> 139.68 | K151: =IF(TRIM($D$8)='Payment Term'!A$1,1-(1-$D$9)*(1-2%),$D$9) -> 0.25 | L151: 0.15 | M151: =1-(1-Table13[[#This Row],[Rabat Długoterminowy]])*(1-Table13[[#This Row],[Dodatkowy rabat kwartału (składany)]]) -> 0.15 | N151: 0 | O151: =ROUND(Table13[[#This Row],[Cena Netto Po Rabacie Długoterminowym]]*(1-Table13[[#This Row],[Rabat Podstawowy]])*(1-Table13[[#This Row],[Dodatkowy rabat kwartału (składany)]])*(1-Table13[[#This Row],[Rabat Indywidualny]]),2) -> 89.05 | P151: =Table13[[#This Row],[Сena SKU Po Wszystkich Rabatach]]/Table13[[#This Row],[Szt/ Opak.]] -> 4.4525 | Q151: 20 | R151: 1 | S151: =IF(ISERROR(Table13[[#This Row],[W Inner]]),Table13[[#This Row],[W Outer]],IF(AND(Table13[[#This Row],[W Inner]]>0,Table13[[#This Row],[W Inner]]<>"0"),Table13[[#This Row],[W Inner]],Table13[[#This Row],[W Outer]])) -> 1 | U151: =IF(ISERROR(Table13[[#This Row],[Zamówienie - Ilosc SKU '[Szt']]]), "", IF(MROUND(Table13[[#This Row],[Zamówienie - Ilosc SKU '[Szt']]],Table13[[#This Row],[Min. Ilość Zam. Sku]])<Table13[[#This Row],[Zamówienie - Ilosc SKU '[Szt']]],MROUND(Table13[[#This Row],[Zamówienie - Ilosc SKU '[Szt']]],Table13[[#This Row],[Min. Ilość Zam. Sku]])+Table13[[#This Row],[Min. Ilość Zam. Sku]],MROUND(Table13[[#This Row],[Zamówienie - Ilosc SKU '[Szt']]],Table13[[#This Row],[Min. Ilość Zam. Sku]]))) -> 0 | V151: =IF(Table13[[#This Row],[Zamówienie - Ilosc SKU '[Szt']]]=0,0,MOD(Table13[[#This Row],[Zamówienie - Ilosc SKU '[Szt']]],Table13[[#This Row],[Min. Ilość Zam. Sku]])-0.5) -> 0 | W151: =Table13[[#This Row],[Сena SKU Po Wszystkich Rabatach]]*U151 -> 0 | X151: =IF(Table13[[#This Row],[Zamówienie - Ilosc SKU '[Szt']]]=0,"Niezamówione produkty","Zamówione produkty") -> Niezamówione produkty | Y151: 0 | Z151: 1 | AA151: 59 | AB151: 354 | AC151: =+Table13[[#This Row],[Na Palecie]]/Table13[[#This Row],[W Outer]] -> 354 | AD151: =+Table13[[#This Row],[Na Palecie]]/Table13[[#This Row],[Na Warstwie]] -> 6 | AE151: 3086123307537 | AF151: 0 | AG151: 03086129021284 | AH151: 03086127281796 | AJ151: 32.99.12.0 | AK151: 96081092 | AL151: =_xlfn.XLOOKUP(Table13[[#This Row],[Rabat Indywidualny]],'PC2 code'!A:A,'PC2 code'!B:B,0) -> 00
A152: 999916 | B152: =TEXT(Table13[[#This Row],[Kod EAN (Sku)]],"0000000000000") -> 3086123637634 | C152: =IF(AND(Table13[[#This Row],[Kod EAN (Szt)]]<>0,Table13[[#This Row],[Kod EAN (Szt)]]<>"0"),TEXT(Table13[[#This Row],[Kod EAN (Szt)]],"0000000000000"),"") | D152: BIC 4 Colours Rose Gold Długopis mix AST Blister 1szt | E152: PROD SZKOLNO BIUROWE | F152: ARTYKUŁY PIŚMIENNICZE | H152: 8.5 | J152: =Table13[[#This Row],[Cena Netto]]*(1-Table13[[#This Row],[Rabat Długoterminowy]]) -> 8.5 | K152: =IF(TRIM($D$8)='Payment Term'!A$1,1-(1-$D$9)*(1-2%),$D$9) -> 0.25 | L152: 0.1 | M152: =1-(1-Table13[[#This Row],[Rabat Długoterminowy]])*(1-Table13[[#This Row],[Dodatkowy rabat kwartału (składany)]]) -> 0.1 | N152: 0 | O152: =ROUND(Table13[[#This Row],[Cena Netto Po Rabacie Długoterminowym]]*(1-Table13[[#This Row],[Rabat Podstawowy]])*(1-Table13[[#This Row],[Dodatkowy rabat kwartału (składany)]])*(1-Table13[[#This Row],[Rabat Indywidualny]]),2) -> 5.74 | P152: =Table13[[#This Row],[Сena SKU Po Wszystkich Rabatach]]/Table13[[#This Row],[Szt/ Opak.]] -> 5.74 | Q152: 1 | R152: 10 | S152: =IF(ISERROR(Table13[[#This Row],[W Inner]]),Table13[[#This Row],[W Outer]],IF(AND(Table13[[#This Row],[W Inner]]>0,Table13[[#This Row],[W Inner]]<>"0"),Table13[[#This Row],[W Inner]],Table13[[#This Row],[W Outer]])) -> 10 | U152: =IF(ISERROR(Table13[[#This Row],[Zamówienie - Ilosc SKU '[Szt']]]), "", IF(MROUND(Table13[[#This Row],[Zamówienie - Ilosc SKU '[Szt']]],Table13[[#This Row],[Min. Ilość Zam. Sku]])<Table13[[#This Row],[Zamówienie - Ilosc SKU '[Szt']]],MROUND(Table13[[#This Row],[Zamówienie - Ilosc SKU '[Szt']]],Table13[[#This Row],[Min. Ilość Zam. Sku]])+Table13[[#This Row],[Min. Ilość Zam. Sku]],MROUND(Table13[[#This Row],[Zamówienie - Ilosc SKU '[Szt']]],Table13[[#This Row],[Min. Ilość Zam. Sku]]))) -> 0 | V152: =IF(Table13[[#This Row],[Zamówienie - Ilosc SKU '[Szt']]]=0,0,MOD(Table13[[#This Row],[Zamówienie - Ilosc SKU '[Szt']]],Table13[[#This Row],[Min. Ilość Zam. Sku]])-0.5) -> 0 | W152: =Table13[[#This Row],[Сena SKU Po Wszystkich Rabatach]]*U152 -> 0 | X152: =IF(Table13[[#This Row],[Zamówienie - Ilosc SKU '[Szt']]]=0,"Niezamówione produkty","Zamówione produkty") -> Niezamówione produkty | Y152: 0 | Z152: 10 | AA152: 280 | AB152: 2520 | AC152: =+Table13[[#This Row],[Na Palecie]]/Table13[[#This Row],[W Outer]] -> 252 | AD152: =+Table13[[#This Row],[Na Palecie]]/Table13[[#This Row],[Na Warstwie]] -> 9 | AE152: 3086123637634 | AF152: 0 | AG152: 03086129999163 | AH152: 03086124104531 | AJ152: 32.99.12.0 | AK152: 96081092 | AL152: =_xlfn.XLOOKUP(Table13[[#This Row],[Rabat Indywidualny]],'PC2 code'!A:A,'PC2 code'!B:B,0) -> 00
A153: 504894 | B153: =TEXT(Table13[[#This Row],[Kod EAN (Sku)]],"0000000000000") -> 3086123651739 | C153: =IF(AND(Table13[[#This Row],[Kod EAN (Szt)]]<>0,Table13[[#This Row],[Kod EAN (Szt)]]<>"0"),TEXT(Table13[[#This Row],[Kod EAN (Szt)]],"0000000000000"),"") -> 3086123636910 | D153: BIC 4 Colours Rose Gold Długopis mix AST Pudełko 12szt | E153: PROD SZKOLNO BIUROWE | F153: ARTYKUŁY PIŚMIENNICZE | H153: 76.19 | I153: 0.15 | J153: =Table13[[#This Row],[Cena Netto]]*(1-Table13[[#This Row],[Rabat Długoterminowy]]) -> 64.7615 | K153: =IF(TRIM($D$8)='Payment Term'!A$1,1-(1-$D$9)*(1-2%),$D$9) -> 0.25 | L153: 0.1 | M153: =1-(1-Table13[[#This Row],[Rabat Długoterminowy]])*(1-Table13[[#This Row],[Dodatkowy rabat kwartału (składany)]]) -> 0.235 | N153: 0 | O153: =ROUND(Table13[[#This Row],[Cena Netto Po Rabacie Długoterminowym]]*(1-Table13[[#This Row],[Rabat Podstawowy]])*(1-Table13[[#This Row],[Dodatkowy rabat kwartału (składany)]])*(1-Table13[[#This Row],[Rabat Indywidualny]]),2) -> 43.71 | P153: =Table13[[#This Row],[Сena SKU Po Wszystkich Rabatach]]/Table13[[#This Row],[Szt/ Opak.]] -> 3.6425 | Q153: 12 | R153: 1 | S153: =IF(ISERROR(Table13[[#This Row],[W Inner]]),Table13[[#This Row],[W Outer]],IF(AND(Table13[[#This Row],[W Inner]]>0,Table13[[#This Row],[W Inner]]<>"0"),Table13[[#This Row],[W Inner]],Table13[[#This Row],[W Outer]])) -> 35 | U153: =IF(ISERROR(Table13[[#This Row],[Zamówienie - Ilosc SKU '[Szt']]]), "", IF(MROUND(Table13[[#This Row],[Zamówienie - Ilosc SKU '[Szt']]],Table13[[#This Row],[Min. Ilość Zam. Sku]])<Table13[[#This Row],[Zamówienie - Ilosc SKU '[Szt']]],MROUND(Table13[[#This Row],[Zamówienie - Ilosc SKU '[Szt']]],Table13[[#This Row],[Min. Ilość Zam. Sku]])+Table13[[#This Row],[Min. Ilość Zam. Sku]],MROUND(Table13[[#This Row],[Zamówienie - Ilosc SKU '[Szt']]],Table13[[#This Row],[Min. Ilość Zam. Sku]]))) -> 0 | V153: =IF(Table13[[#This Row],[Zamówienie - Ilosc SKU '[Szt']]]=0,0,MOD(Table13[[#This Row],[Zamówienie - Ilosc SKU '[Szt']]],Table13[[#This Row],[Min. Ilość Zam. Sku]])-0.5) -> 0 | W153: =Table13[[#This Row],[Сena SKU Po Wszystkich Rabatach]]*U153 -> 0 | X153: =IF(Table13[[#This Row],[Zamówienie - Ilosc SKU '[Szt']]]=0,"Niezamówione produkty","Zamówione produkty") -> Niezamówione produkty | Y153: 0 | Z153: 35 | AA153: 490 | AB153: 1960 | AC153: =+Table13[[#This Row],[Na Palecie]]/Table13[[#This Row],[W Outer]] -> 56 | AD153: =+Table13[[#This Row],[Na Palecie]]/Table13[[#This Row],[Na Warstwie]] -> 4 | AE153: 3086123651739 | AF153: 3086123636910 | AG153: 03086125048940 | AH153: 03086127648506 | AJ153: 32.99.12.0 | AK153: 96081092 | AL153: =_xlfn.XLOOKUP(Table13[[#This Row],[Rabat Indywidualny]],'PC2 code'!A:A,'PC2 code'!B:B,0) -> 00
A154: 511029 | B154: =TEXT(Table13[[#This Row],[Kod EAN (Sku)]],"0000000000000") -> 3086123714236 | C154: =IF(AND(Table13[[#This Row],[Kod EAN (Szt)]]<>0,Table13[[#This Row],[Kod EAN (Szt)]]<>"0"),TEXT(Table13[[#This Row],[Kod EAN (Szt)]],"0000000000000"),"") | D154: BIC 4 Colours Gradient Długopis mix AST Blister 1szt | E154: PROD SZKOLNO BIUROWE | F154: ARTYKUŁY PIŚMIENNICZE | H154: 11.06 | J154: =Table13[[#This Row],[Cena Netto]]*(1-Table13[[#This Row],[Rabat Długoterminowy]]) -> 11.06 | K154: =IF(TRIM($D$8)='Payment Term'!A$1,1-(1-$D$9)*(1-2%),$D$9) -> 0.25 | L154: 0.1 | M154: =1-(1-Table13[[#This Row],[Rabat Długoterminowy]])*(1-Table13[[#This Row],[Dodatkowy rabat kwartału (składany)]]) -> 0.1 | N154: 0 | O154: =ROUND(Table13[[#This Row],[Cena Netto Po Rabacie Długoterminowym]]*(1-Table13[[#This Row],[Rabat Podstawowy]])*(1-Table13[[#This Row],[Dodatkowy rabat kwartału (składany)]])*(1-Table13[[#This Row],[Rabat Indywidualny]]),2) -> 7.47 | P154: =Table13[[#This Row],[Сena SKU Po Wszystkich Rabatach]]/Table13[[#This Row],[Szt/ Opak.]] -> 7.47 | Q154: 1 | R154: 10 | S154: =IF(ISERROR(Table13[[#This Row],[W Inner]]),Table13[[#This Row],[W Outer]],IF(AND(Table13[[#This Row],[W Inner]]>0,Table13[[#This Row],[W Inner]]<>"0"),Table13[[#This Row],[W Inner]],Table13[[#This Row],[W Outer]])) -> 10 | U154: =IF(ISERROR(Table13[[#This Row],[Zamówienie - Ilosc SKU '[Szt']]]), "", IF(MROUND(Table13[[#This Row],[Zamówienie - Ilosc SKU '[Szt']]],Table13[[#This Row],[Min. Ilość Zam. Sku]])<Table13[[#This Row],[Zamówienie - Ilosc SKU '[Szt']]],MROUND(Table13[[#This Row],[Zamówienie - Ilosc SKU '[Szt']]],Table13[[#This Row],[Min. Ilość Zam. Sku]])+Table13[[#This Row],[Min. Ilość Zam. Sku]],MROUND(Table13[[#This Row],[Zamówienie - Ilosc SKU '[Szt']]],Table13[[#This Row],[Min. Ilość Zam. Sku]]))) -> 0 | V154: =IF(Table13[[#This Row],[Zamówienie - Ilosc SKU '[Szt']]]=0,0,MOD(Table13[[#This Row],[Zamówienie - Ilosc SKU '[Szt']]],Table13[[#This Row],[Min. Ilość Zam. Sku]])-0.5) -> 0 | W154: =Table13[[#This Row],[Сena SKU Po Wszystkich Rabatach]]*U154 -> 0 | X154: =IF(Table13[[#This Row],[Zamówienie - Ilosc SKU '[Szt']]]=0,"Niezamówione produkty","Zamówione produkty") -> Niezamówione produkty | Y154: 0 | Z154: 10 | AA154: 280 | AB154: 2520 | AC154: =+Table13[[#This Row],[Na Palecie]]/Table13[[#This Row],[W Outer]] -> 252 | AD154: =+Table13[[#This Row],[Na Palecie]]/Table13[[#This Row],[Na Warstwie]] -> 9 | AE154: 3086123714236 | AF154: 0 | AG154: 03086125110296 | AH154: 03086124104913 | AJ154: 32.99.12.0 | AK154: 96081092 | AL154: =_xlfn.XLOOKUP(Table13[[#This Row],[Rabat Indywidualny]],'PC2 code'!A:A,'PC2 code'!B:B,0) -> 00
A155: 511030 | B155: =TEXT(Table13[[#This Row],[Kod EAN (Sku)]],"0000000000000") -> 3086123714243 | C155: =IF(AND(Table13[[#This Row],[Kod EAN (Szt)]]<>0,Table13[[#This Row],[Kod EAN (Szt)]]<>"0"),TEXT(Table13[[#This Row],[Kod EAN (Szt)]],"0000000000000"),"") | D155: BIC 4 Colours Gradient Długopis mix AST Blister 3szt | E155: PROD SZKOLNO BIUROWE | F155: ARTYKUŁY PIŚMIENNICZE | H155: 29.83 | J155: =Table13[[#This Row],[Cena Netto]]*(1-Table13[[#This Row],[Rabat Długoterminowy]]) -> 29.83 | K155: =IF(TRIM($D$8)='Payment Term'!A$1,1-(1-$D$9)*(1-2%),$D$9) -> 0.25 | L155: 0.1 | M155: =1-(1-Table13[[#This Row],[Rabat Długoterminowy]])*(1-Table13[[#This Row],[Dodatkowy rabat kwartału (składany)]]) -> 0.1 | N155: 0 | O155: =ROUND(Table13[[#This Row],[Cena Netto Po Rabacie Długoterminowym]]*(1-Table13[[#This Row],[Rabat Podstawowy]])*(1-Table13[[#This Row],[Dodatkowy rabat kwartału (składany)]])*(1-Table13[[#This Row],[Rabat Indywidualny]]),2) -> 20.14 | P155: =Table13[[#This Row],[Сena SKU Po Wszystkich Rabatach]]/Table13[[#This Row],[Szt/ Opak.]] -> 6.7133333 | Q155: 3 | R155: 10 | S155: =IF(ISERROR(Table13[[#This Row],[W Inner]]),Table13[[#This Row],[W Outer]],IF(AND(Table13[[#This Row],[W Inner]]>0,Table13[[#This Row],[W Inner]]<>"0"),Table13[[#This Row],[W Inner]],Table13[[#This Row],[W Outer]])) -> 10 | U155: =IF(ISERROR(Table13[[#This Row],[Zamówienie - Ilosc SKU '[Szt']]]), "", IF(MROUND(Table13[[#This Row],[Zamówienie - Ilosc SKU '[Szt']]],Table13[[#This Row],[Min. Ilość Zam. Sku]])<Table13[[#This Row],[Zamówienie - Ilosc SKU '[Szt']]],MROUND(Table13[[#This Row],[Zamówienie - Ilosc SKU '[Szt']]],Table13[[#This Row],[Min. Ilość Zam. Sku]])+Table13[[#This Row],[Min. Ilość Zam. Sku]],MROUND(Table13[[#This Row],[Zamówienie - Ilosc SKU '[Szt']]],Table13[[#This Row],[Min. Ilość Zam. Sku]]))) -> 0 | V155: =IF(Table13[[#This Row],[Zamówienie - Ilosc SKU '[Szt']]]=0,0,MOD(Table13[[#This Row],[Zamówienie - Ilosc SKU '[Szt']]],Table13[[#This Row],[Min. Ilość Zam. Sku]])-0.5) -> 0 | W155: =Table13[[#This Row],[Сena SKU Po Wszystkich Rabatach]]*U155 -> 0 | X155: =IF(Table13[[#This Row],[Zamówienie - Ilosc SKU '[Szt']]]=0,"Niezamówione produkty","Zamówione produkty") -> Niezamówione produkty | Y155: 0 | Z155: 10 | AA155: 280 | AB155: 2520 | AC155: =+Table13[[#This Row],[Na Palecie]]/Table13[[#This Row],[W Outer]] -> 252 | AD155: =+Table13[[#This Row],[Na Palecie]]/Table13[[#This Row],[Na Warstwie]] -> 9 | AE155: 3086123714243 | AF155: 0 | AG155: 03086125110302 | AH155: 03086124104876 | AJ155: 32.99.12.0 | AK155: 96081092 | AL155: =_xlfn.XLOOKUP(Table13[[#This Row],[Rabat Indywidualny]],'PC2 code'!A:A,'PC2 code'!B:B,0) -> 00
A156: 518214 | B156: =TEXT(Table13[[#This Row],[Kod EAN (Sku)]],"0000000000000") -> 3086123744011 | C156: =IF(AND(Table13[[#This Row],[Kod EAN (Szt)]]<>0,Table13[[#This Row],[Kod EAN (Szt)]]<>"0"),TEXT(Table13[[#This Row],[Kod EAN (Szt)]],"0000000000000"),"") | D156: BIC 4 Colours Shine Gradient Długopis mix AST Blister 5szt | E156: PROD SZKOLNO BIUROWE | F156: ARTYKUŁY PIŚMIENNICZE | H156: 31.9 | J156: =Table13[[#This Row],[Cena Netto]]*(1-Table13[[#This Row],[Rabat Długoterminowy]]) -> 31.9 | K156: =IF(TRIM($D$8)='Payment Term'!A$1,1-(1-$D$9)*(1-2%),$D$9) -> 0.25 | L156: 0.1 | M156: =1-(1-Table13[[#This Row],[Rabat Długoterminowy]])*(1-Table13[[#This Row],[Dodatkowy rabat kwartału (składany)]]) -> 0.1 | N156: 0 | O156: =ROUND(Table13[[#This Row],[Cena Netto Po Rabacie Długoterminowym]]*(1-Table13[[#This Row],[Rabat Podstawowy]])*(1-Table13[[#This Row],[Dodatkowy rabat kwartału (składany)]])*(1-Table13[[#This Row],[Rabat Indywidualny]]),2) -> 21.53 | P156: =Table13[[#This Row],[Сena SKU Po Wszystkich Rabatach]]/Table13[[#This Row],[Szt/ Opak.]] -> 4.306 | Q156: 5 | R156: 10 | S156: =IF(ISERROR(Table13[[#This Row],[W Inner]]),Table13[[#This Row],[W Outer]],IF(AND(Table13[[#This Row],[W Inner]]>0,Table13[[#This Row],[W Inner]]<>"0"),Table13[[#This Row],[W Inner]],Table13[[#This Row],[W Outer]])) -> 10 | U156: =IF(ISERROR(Table13[[#This Row],[Zamówienie - Ilosc SKU '[Szt']]]), "", IF(MROUND(Table13[[#This Row],[Zamówienie - Ilosc SKU '[Szt']]],Table13[[#This Row],[Min. Ilość Zam. Sku]])<Table13[[#This Row],[Zamówienie - Ilosc SKU '[Szt']]],MROUND(Table13[[#This Row],[Zamówienie - Ilosc SKU '[Szt']]],Table13[[#This Row],[Min. Ilość Zam. Sku]])+Table13[[#This Row],[Min. Ilość Zam. Sku]],MROUND(Table13[[#This Row],[Zamówienie - Ilosc SKU '[Szt']]],Table13[[#This Row],[Min. Ilość Zam. Sku]]))) -> 0 | V156: =IF(Table13[[#This Row],[Zamówienie - Ilosc SKU '[Szt']]]=0,0,MOD(Table13[[#This Row],[Zamówienie - Ilosc SKU '[Szt']]],Table13[[#This Row],[Min. Ilość Zam. Sku]])-0.5) -> 0 | W156: =Table13[[#This Row],[Сena SKU Po Wszystkich Rabatach]]*U156 -> 0 | X156: =IF(Table13[[#This Row],[Zamówienie - Ilosc SKU '[Szt']]]=0,"Niezamówione produkty","Zamówione produkty") -> Niezamówione produkty | Y156: 0 | Z156: 10 | AA156: 280 | AB156: 1680 | AC156: =+Table13[[#This Row],[Na Palecie]]/Table13[[#This Row],[W Outer]] -> 168 | AD156: =+Table13[[#This Row],[Na Palecie]]/Table13[[#This Row],[Na Warstwie]] -> 6 | AE156: 3086123744011 | AF156: 0 | AG156: 03086125182149 | AH156: 03086127702840 | AJ156: 32.99.12.0 | AK156: 96081092 | AL156: =_xlfn.XLOOKUP(Table13[[#This Row],[Rabat Indywidualny]],'PC2 code'!A:A,'PC2 code'!B:B,0) -> 00
A157: 511034 | B157: =TEXT(Table13[[#This Row],[Kod EAN (Sku)]],"0000000000000") -> 3086123714281 | C157: =IF(AND(Table13[[#This Row],[Kod EAN (Szt)]]<>0,Table13[[#This Row],[Kod EAN (Szt)]]<>"0"),TEXT(Table13[[#This Row],[Kod EAN (Szt)]],"0000000000000"),"") -> 3086123713895 | D157: BIC 4 Colours Gradient Długopis mix AST Pudełko 12szt | E157: PROD SZKOLNO BIUROWE | F157: ARTYKUŁY PIŚMIENNICZE | H157: 124.32 | I157: 0.15 | J157: =Table13[[#This Row],[Cena Netto]]*(1-Table13[[#This Row],[Rabat Długoterminowy]]) -> 105.672 | K157: =IF(TRIM($D$8)='Payment Term'!A$1,1-(1-$D$9)*(1-2%),$D$9) -> 0.25 | L157: 0.15 | M157: =1-(1-Table13[[#This Row],[Rabat Długoterminowy]])*(1-Table13[[#This Row],[Dodatkowy rabat kwartału (składany)]]) -> 0.2775 | N157: 0 | O157: =ROUND(Table13[[#This Row],[Cena Netto Po Rabacie Długoterminowym]]*(1-Table13[[#This Row],[Rabat Podstawowy]])*(1-Table13[[#This Row],[Dodatkowy rabat kwartału (składany)]])*(1-Table13[[#This Row],[Rabat Indywidualny]]),2) -> 67.37 | P157: =Table13[[#This Row],[Сena SKU Po Wszystkich Rabatach]]/Table13[[#This Row],[Szt/ Opak.]] -> 5.6141667 | Q157: 12 | R157: 1 | S157: =IF(ISERROR(Table13[[#This Row],[W Inner]]),Table13[[#This Row],[W Outer]],IF(AND(Table13[[#This Row],[W Inner]]>0,Table13[[#This Row],[W Inner]]<>"0"),Table13[[#This Row],[W Inner]],Table13[[#This Row],[W Outer]])) -> 18 | U157: =IF(ISERROR(Table13[[#This Row],[Zamówienie - Ilosc SKU '[Szt']]]), "", IF(MROUND(Table13[[#This Row],[Zamówienie - Ilosc SKU '[Szt']]],Table13[[#This Row],[Min. Ilość Zam. Sku]])<Table13[[#This Row],[Zamówienie - Ilosc SKU '[Szt']]],MROUND(Table13[[#This Row],[Zamówienie - Ilosc SKU '[Szt']]],Table13[[#This Row],[Min. Ilość Zam. Sku]])+Table13[[#This Row],[Min. Ilość Zam. Sku]],MROUND(Table13[[#This Row],[Zamówienie - Ilosc SKU '[Szt']]],Table13[[#This Row],[Min. Ilość Zam. Sku]]))) -> 0 | V157: =IF(Table13[[#This Row],[Zamówienie - Ilosc SKU '[Szt']]]=0,0,MOD(Table13[[#This Row],[Zamówienie - Ilosc SKU '[Szt']]],Table13[[#This Row],[Min. Ilość Zam. Sku]])-0.5) -> 0 | W157: =Table13[[#This Row],[Сena SKU Po Wszystkich Rabatach]]*U157 -> 0 | X157: =IF(Table13[[#This Row],[Zamówienie - Ilosc SKU '[Szt']]]=0,"Niezamówione produkty","Zamówione produkty") -> Niezamówione produkty | Y157: 0 | Z157: 18 | AA157: 306 | AB157: 1836 | AC157: =+Table13[[#This Row],[Na Palecie]]/Table13[[#This Row],[W Outer]] -> 102 | AD157: =+Table13[[#This Row],[Na Palecie]]/Table13[[#This Row],[Na Warstwie]] -> 6 | AE157: 3086123714281 | AF157: 3086123713895 | AG157: 03086125110340 | AH157: 03086127674246 | AJ157: 32.99.12.0 | AK157: 96081092 | AL157: =_xlfn.XLOOKUP(Table13[[#This Row],[Rabat Indywidualny]],'PC2 code'!A:A,'PC2 code'!B:B,0) -> 00
A158: 510035 | B158: =TEXT(Table13[[#This Row],[Kod EAN (Sku)]],"0000000000000") -> 3086123709003 | C158: =IF(AND(Table13[[#This Row],[Kod EAN (Szt)]]<>0,Table13[[#This Row],[Kod EAN (Szt)]]<>"0"),TEXT(Table13[[#This Row],[Kod EAN (Szt)]],"0000000000000"),"") | D158: BIC 4 Colours Wood Style Długopis mix AST Blister 1szt | E158: PROD SZKOLNO BIUROWE | F158: ARTYKUŁY PIŚMIENNICZE | H158: 11.06 | J158: =Table13[[#This Row],[Cena Netto]]*(1-Table13[[#This Row],[Rabat Długoterminowy]]) -> 11.06 | K158: =IF(TRIM($D$8)='Payment Term'!A$1,1-(1-$D$9)*(1-2%),$D$9) -> 0.25 | L158: 0.1 | M158: =1-(1-Table13[[#This Row],[Rabat Długoterminowy]])*(1-Table13[[#This Row],[Dodatkowy rabat kwartału (składany)]]) -> 0.1 | N158: 0 | O158: =ROUND(Table13[[#This Row],[Cena Netto Po Rabacie Długoterminowym]]*(1-Table13[[#This Row],[Rabat Podstawowy]])*(1-Table13[[#This Row],[Dodatkowy rabat kwartału (składany)]])*(1-Table13[[#This Row],[Rabat Indywidualny]]),2) -> 7.47 | P158: =Table13[[#This Row],[Сena SKU Po Wszystkich Rabatach]]/Table13[[#This Row],[Szt/ Opak.]] -> 7.47 | Q158: 1 | R158: 10 | S158: =IF(ISERROR(Table13[[#This Row],[W Inner]]),Table13[[#This Row],[W Outer]],IF(AND(Table13[[#This Row],[W Inner]]>0,Table13[[#This Row],[W Inner]]<>"0"),Table13[[#This Row],[W Inner]],Table13[[#This Row],[W Outer]])) -> 10 | U158: =IF(ISERROR(Table13[[#This Row],[Zamówienie - Ilosc SKU '[Szt']]]), "", IF(MROUND(Table13[[#This Row],[Zamówienie - Ilosc SKU '[Szt']]],Table13[[#This Row],[Min. Ilość Zam. Sku]])<Table13[[#This Row],[Zamówienie - Ilosc SKU '[Szt']]],MROUND(Table13[[#This Row],[Zamówienie - Ilosc SKU '[Szt']]],Table13[[#This Row],[Min. Ilość Zam. Sku]])+Table13[[#This Row],[Min. Ilość Zam. Sku]],MROUND(Table13[[#This Row],[Zamówienie - Ilosc SKU '[Szt']]],Table13[[#This Row],[Min. Ilość Zam. Sku]]))) -> 0 | V158: =IF(Table13[[#This Row],[Zamówienie - Ilosc SKU '[Szt']]]=0,0,MOD(Table13[[#This Row],[Zamówienie - Ilosc SKU '[Szt']]],Table13[[#This Row],[Min. Ilość Zam. Sku]])-0.5) -> 0 | W158: =Table13[[#This Row],[Сena SKU Po Wszystkich Rabatach]]*U158 -> 0 | X158: =IF(Table13[[#This Row],[Zamówienie - Ilosc SKU '[Szt']]]=0,"Niezamówione produkty","Zamówione produkty") -> Niezamówione produkty | Y158: 0 | Z158: 10 | AA158: 280 | AB158: 2520 | AC158: =+Table13[[#This Row],[Na Palecie]]/Table13[[#This Row],[W Outer]] -> 252 | AD158: =+Table13[[#This Row],[Na Palecie]]/Table13[[#This Row],[Na Warstwie]] -> 9 | AE158: 3086123709003 | AF158: 0 | AG158: 03086125100358 | AH158: 03086124104562 | AJ158: 32.99.12.0 | AK158: 96081092 | AL158: =_xlfn.XLOOKUP(Table13[[#This Row],[Rabat Indywidualny]],'PC2 code'!A:A,'PC2 code'!B:B,0) -> 00
A159: 511448 | B159: =TEXT(Table13[[#This Row],[Kod EAN (Sku)]],"0000000000000") -> 3086123715363 | C159: =IF(AND(Table13[[#This Row],[Kod EAN (Szt)]]<>0,Table13[[#This Row],[Kod EAN (Szt)]]<>"0"),TEXT(Table13[[#This Row],[Kod EAN (Szt)]],"0000000000000"),"") | D159: BIC 4 Colours Wood Style Długopis mix AST Blister 3szt | E159: PROD SZKOLNO BIUROWE | F159: ARTYKUŁY PIŚMIENNICZE | H159: 29.83 | J159: =Table13[[#This Row],[Cena Netto]]*(1-Table13[[#This Row],[Rabat Długoterminowy]]) -> 29.83 | K159: =IF(TRIM($D$8)='Payment Term'!A$1,1-(1-$D$9)*(1-2%),$D$9) -> 0.25 | L159: 0.1 | M159: =1-(1-Table13[[#This Row],[Rabat Długoterminowy]])*(1-Table13[[#This Row],[Dodatkowy rabat kwartału (składany)]]) -> 0.1 | N159: 0 | O159: =ROUND(Table13[[#This Row],[Cena Netto Po Rabacie Długoterminowym]]*(1-Table13[[#This Row],[Rabat Podstawowy]])*(1-Table13[[#This Row],[Dodatkowy rabat kwartału (składany)]])*(1-Table13[[#This Row],[Rabat Indywidualny]]),2) -> 20.14 | P159: =Table13[[#This Row],[Сena SKU Po Wszystkich Rabatach]]/Table13[[#This Row],[Szt/ Opak.]] -> 6.7133333 | Q159: 3 | R159: 10 | S159: =IF(ISERROR(Table13[[#This Row],[W Inner]]),Table13[[#This Row],[W Outer]],IF(AND(Table13[[#This Row],[W Inner]]>0,Table13[[#This Row],[W Inner]]<>"0"),Table13[[#This Row],[W Inner]],Table13[[#This Row],[W Outer]])) -> 10 | U159: =IF(ISERROR(Table13[[#This Row],[Zamówienie - Ilosc SKU '[Szt']]]), "", IF(MROUND(Table13[[#This Row],[Zamówienie - Ilosc SKU '[Szt']]],Table13[[#This Row],[Min. Ilość Zam. Sku]])<Table13[[#This Row],[Zamówienie - Ilosc SKU '[Szt']]],MROUND(Table13[[#This Row],[Zamówienie - Ilosc SKU '[Szt']]],Table13[[#This Row],[Min. Ilość Zam. Sku]])+Table13[[#This Row],[Min. Ilość Zam. Sku]],MROUND(Table13[[#This Row],[Zamówienie - Ilosc SKU '[Szt']]],Table13[[#This Row],[Min. Ilość Zam. Sku]]))) -> 0 | V159: =IF(Table13[[#This Row],[Zamówienie - Ilosc SKU '[Szt']]]=0,0,MOD(Table13[[#This Row],[Zamówienie - Ilosc SKU '[Szt']]],Table13[[#This Row],[Min. Ilość Zam. Sku]])-0.5) -> 0 | W159: =Table13[[#This Row],[Сena SKU Po Wszystkich Rabatach]]*U159 -> 0 | X159: =IF(Table13[[#This Row],[Zamówienie - Ilosc SKU '[Szt']]]=0,"Niezamówione produkty","Zamówione produkty") -> Niezamówione produkty | Y159: 0 | Z159: 10 | AA159: 280 | AB159: 2520 | AC159: =+Table13[[#This Row],[Na Palecie]]/Table13[[#This Row],[W Outer]] -> 252 | AD159: =+Table13[[#This Row],[Na Palecie]]/Table13[[#This Row],[Na Warstwie]] -> 9 | AE159: 3086123715363 | AF159: 0 | AG159: 03086125114485 | AH159: 03086124107150 | AJ159: 32.99.12.0 | AK159: 96081092 | AL159: =_xlfn.XLOOKUP(Table13[[#This Row],[Rabat Indywidualny]],'PC2 code'!A:A,'PC2 code'!B:B,0) -> 00
A160: 508964 | B160: =TEXT(Table13[[#This Row],[Kod EAN (Sku)]],"0000000000000") -> 3086123704213 | C160: =IF(AND(Table13[[#This Row],[Kod EAN (Szt)]]<>0,Table13[[#This Row],[Kod EAN (Szt)]]<>"0"),TEXT(Table13[[#This Row],[Kod EAN (Szt)]],"0000000000000"),"") -> 3086123694064 | D160: BIC 4 Colours Wood Style Długopis mix AST Pudełko 12szt | E160: PROD SZKOLNO BIUROWE | F160: ARTYKUŁY PIŚMIENNICZE | H160: 124.32 | I160: 0.15 | J160: =Table13[[#This Row],[Cena Netto]]*(1-Table13[[#This Row],[Rabat Długoterminowy]]) -> 105.672 | K160: =IF(TRIM($D$8)='Payment Term'!A$1,1-(1-$D$9)*(1-2%),$D$9) -> 0.25 | L160: 0.1 | M160: =1-(1-Table13[[#This Row],[Rabat Długoterminowy]])*(1-Table13[[#This Row],[Dodatkowy rabat kwartału (składany)]]) -> 0.235 | N160: 0 | O160: =ROUND(Table13[[#This Row],[Cena Netto Po Rabacie Długoterminowym]]*(1-Table13[[#This Row],[Rabat Podstawowy]])*(1-Table13[[#This Row],[Dodatkowy rabat kwartału (składany)]])*(1-Table13[[#This Row],[Rabat Indywidualny]]),2) -> 71.33 | P160: =Table13[[#This Row],[Сena SKU Po Wszystkich Rabatach]]/Table13[[#This Row],[Szt/ Opak.]] -> 5.9441667 | Q160: 12 | R160: 1 | S160: =IF(ISERROR(Table13[[#This Row],[W Inner]]),Table13[[#This Row],[W Outer]],IF(AND(Table13[[#This Row],[W Inner]]>0,Table13[[#This Row],[W Inner]]<>"0"),Table13[[#This Row],[W Inner]],Table13[[#This Row],[W Outer]])) -> 18 | U160: =IF(ISERROR(Table13[[#This Row],[Zamówienie - Ilosc SKU '[Szt']]]), "", IF(MROUND(Table13[[#This Row],[Zamówienie - Ilosc SKU '[Szt']]],Table13[[#This Row],[Min. Ilość Zam. Sku]])<Table13[[#This Row],[Zamówienie - Ilosc SKU '[Szt']]],MROUND(Table13[[#This Row],[Zamówienie - Ilosc SKU '[Szt']]],Table13[[#This Row],[Min. Ilość Zam. Sku]])+Table13[[#This Row],[Min. Ilość Zam. Sku]],MROUND(Table13[[#This Row],[Zamówienie - Ilosc SKU '[Szt']]],Table13[[#This Row],[Min. Ilość Zam. Sku]]))) -> 0 | V160: =IF(Table13[[#This Row],[Zamówienie - Ilosc SKU '[Szt']]]=0,0,MOD(Table13[[#This Row],[Zamówienie - Ilosc SKU '[Szt']]],Table13[[#This Row],[Min. Ilość Zam. Sku]])-0.5) -> 0 | W160: =Table13[[#This Row],[Сena SKU Po Wszystkich Rabatach]]*U160 -> 0 | X160: =IF(Table13[[#This Row],[Zamówienie - Ilosc SKU '[Szt']]]=0,"Niezamówione produkty","Zamówione produkty") -> Niezamówione produkty | Y160: 0 | Z160: 18 | AA160: 306 | AB160: 1836 | AC160: =+Table13[[#This Row],[Na Palecie]]/Table13[[#This Row],[W Outer]] -> 102 | AD160: =+Table13[[#This Row],[Na Palecie]]/Table13[[#This Row],[Na Warstwie]] -> 6 | AE160: 3086123704213 | AF160: 3086123694064 | AG160: 03086125089646 | AH160: 03086127665053 | AJ160: 32.99.12.0 | AK160: 96081092 | AL160: =_xlfn.XLOOKUP(Table13[[#This Row],[Rabat Indywidualny]],'PC2 code'!A:A,'PC2 code'!B:B,0) -> 00
A161: 9672961 | B161: =TEXT(Table13[[#This Row],[Kod EAN (Sku)]],"0000000000000") -> 3086123542723 | C161: =IF(AND(Table13[[#This Row],[Kod EAN (Szt)]]<>0,Table13[[#This Row],[Kod EAN (Szt)]]<>"0"),TEXT(Table13[[#This Row],[Kod EAN (Szt)]],"0000000000000"),"") | D161: BIC 4 Colours Velours Długopis AST Blister 1szt | E161: PROD SZKOLNO BIUROWE | F161: ARTYKUŁY PIŚMIENNICZE | H161: 11.06 | J161: =Table13[[#This Row],[Cena Netto]]*(1-Table13[[#This Row],[Rabat Długoterminowy]]) -> 11.06 | K161: =IF(TRIM($D$8)='Payment Term'!A$1,1-(1-$D$9)*(1-2%),$D$9) -> 0.25 | L161: 0.1 | M161: =1-(1-Table13[[#This Row],[Rabat Długoterminowy]])*(1-Table13[[#This Row],[Dodatkowy rabat kwartału (składany)]]) -> 0.1 | N161: 0 | O161: =ROUND(Table13[[#This Row],[Cena Netto Po Rabacie Długoterminowym]]*(1-Table13[[#This Row],[Rabat Podstawowy]])*(1-Table13[[#This Row],[Dodatkowy rabat kwartału (składany)]])*(1-Table13[[#This Row],[Rabat Indywidualny]]),2) -> 7.47 | P161: =Table13[[#This Row],[Сena SKU Po Wszystkich Rabatach]]/Table13[[#This Row],[Szt/ Opak.]] -> 7.47 | Q161: 1 | R161: 20 | S161: =IF(ISERROR(Table13[[#This Row],[W Inner]]),Table13[[#This Row],[W Outer]],IF(AND(Table13[[#This Row],[W Inner]]>0,Table13[[#This Row],[W Inner]]<>"0"),Table13[[#This Row],[W Inner]],Table13[[#This Row],[W Outer]])) -> 20 | U161: =IF(ISERROR(Table13[[#This Row],[Zamówienie - Ilosc SKU '[Szt']]]), "", IF(MROUND(Table13[[#This Row],[Zamówienie - Ilosc SKU '[Szt']]],Table13[[#This Row],[Min. Ilość Zam. Sku]])<Table13[[#This Row],[Zamówienie - Ilosc SKU '[Szt']]],MROUND(Table13[[#This Row],[Zamówienie - Ilosc SKU '[Szt']]],Table13[[#This Row],[Min. Ilość Zam. Sku]])+Table13[[#This Row],[Min. Ilość Zam. Sku]],MROUND(Table13[[#This Row],[Zamówienie - Ilosc SKU '[Szt']]],Table13[[#This Row],[Min. Ilość Zam. Sku]]))) -> 0 | V161: =IF(Table13[[#This Row],[Zamówienie - Ilosc SKU '[Szt']]]=0,0,MOD(Table13[[#This Row],[Zamówienie - Ilosc SKU '[Szt']]],Table13[[#This Row],[Min. Ilość Zam. Sku]])-0.5) -> 0 | W161: =Table13[[#This Row],[Сena SKU Po Wszystkich Rabatach]]*U161 -> 0 | X161: =IF(Table13[[#This Row],[Zamówienie - Ilosc SKU '[Szt']]]=0,"Niezamówione produkty","Zamówione produkty") -> Niezamówione produkty | Y161: 0 | Z161: 20 | AA161: 560 | AB161: 5040 | AC161: =+Table13[[#This Row],[Na Palecie]]/Table13[[#This Row],[W Outer]] -> 252 | AD161: =+Table13[[#This Row],[Na Palecie]]/Table13[[#This Row],[Na Warstwie]] -> 9 | AE161: 3086123542723 | AF161: 0 | AG161: 03086129672967 | AH161: 03086124107013 | AJ161: 32.99.12.0 | AK161: 96081092 | AL161: =_xlfn.XLOOKUP(Table13[[#This Row],[Rabat Indywidualny]],'PC2 code'!A:A,'PC2 code'!B:B,0) -> 00
A162: 992579 | B162: =TEXT(Table13[[#This Row],[Kod EAN (Sku)]],"0000000000000") -> 3086123593909 | C162: =IF(AND(Table13[[#This Row],[Kod EAN (Szt)]]<>0,Table13[[#This Row],[Kod EAN (Szt)]]<>"0"),TEXT(Table13[[#This Row],[Kod EAN (Szt)]],"0000000000000"),"") | D162: BIC 4 Colours Velours Długopis AST Pudełko 3szt | E162: PROD SZKOLNO BIUROWE | F162: ARTYKUŁY PIŚMIENNICZE | H162: 29.83 | J162: =Table13[[#This Row],[Cena Netto]]*(1-Table13[[#This Row],[Rabat Długoterminowy]]) -> 29.83 | K162: =IF(TRIM($D$8)='Payment Term'!A$1,1-(1-$D$9)*(1-2%),$D$9) -> 0.25 | L162: 0.1 | M162: =1-(1-Table13[[#This Row],[Rabat Długoterminowy]])*(1-Table13[[#This Row],[Dodatkowy rabat kwartału (składany)]]) -> 0.1 | N162: 0 | O162: =ROUND(Table13[[#This Row],[Cena Netto Po Rabacie Długoterminowym]]*(1-Table13[[#This Row],[Rabat Podstawowy]])*(1-Table13[[#This Row],[Dodatkowy rabat kwartału (składany)]])*(1-Table13[[#This Row],[Rabat Indywidualny]]),2) -> 20.14 | P162: =Table13[[#This Row],[Сena SKU Po Wszystkich Rabatach]]/Table13[[#This Row],[Szt/ Opak.]] -> 6.7133333 | Q162: 3 | R162: 20 | S162: =IF(ISERROR(Table13[[#This Row],[W Inner]]),Table13[[#This Row],[W Outer]],IF(AND(Table13[[#This Row],[W Inner]]>0,Table13[[#This Row],[W Inner]]<>"0"),Table13[[#This Row],[W Inner]],Table13[[#This Row],[W Outer]])) -> 20 | U162: =IF(ISERROR(Table13[[#This Row],[Zamówienie - Ilosc SKU '[Szt']]]), "", IF(MROUND(Table13[[#This Row],[Zamówienie - Ilosc SKU '[Szt']]],Table13[[#This Row],[Min. Ilość Zam. Sku]])<Table13[[#This Row],[Zamówienie - Ilosc SKU '[Szt']]],MROUND(Table13[[#This Row],[Zamówienie - Ilosc SKU '[Szt']]],Table13[[#This Row],[Min. Ilość Zam. Sku]])+Table13[[#This Row],[Min. Ilość Zam. Sku]],MROUND(Table13[[#This Row],[Zamówienie - Ilosc SKU '[Szt']]],Table13[[#This Row],[Min. Ilość Zam. Sku]]))) -> 0 | V162: =IF(Table13[[#This Row],[Zamówienie - Ilosc SKU '[Szt']]]=0,0,MOD(Table13[[#This Row],[Zamówienie - Ilosc SKU '[Szt']]],Table13[[#This Row],[Min. Ilość Zam. Sku]])-0.5) -> 0 | W162: =Table13[[#This Row],[Сena SKU Po Wszystkich Rabatach]]*U162 -> 0 | X162: =IF(Table13[[#This Row],[Zamówienie - Ilosc SKU '[Szt']]]=0,"Niezamówione produkty","Zamówione produkty") -> Niezamówione produkty | Y162: 0 | Z162: 20 | AA162: 560 | AB162: 3360 | AC162: =+Table13[[#This Row],[Na Palecie]]/Table13[[#This Row],[W Outer]] -> 168 | AD162: =+Table13[[#This Row],[Na Palecie]]/Table13[[#This Row],[Na Warstwie]] -> 6 | AE162: 3086123593909 | AF162: 0 | AG162: 03086129925797 | AH162: 03086127567579 | AJ162: 32.99.12.0 | AK162: 96081092 | AL162: =_xlfn.XLOOKUP(Table13[[#This Row],[Rabat Indywidualny]],'PC2 code'!A:A,'PC2 code'!B:B,0) -> 00
A163: 9672771 | B163: =TEXT(Table13[[#This Row],[Kod EAN (Sku)]],"0000000000000") -> 3086123542532 | C163: =IF(AND(Table13[[#This Row],[Kod EAN (Szt)]]<>0,Table13[[#This Row],[Kod EAN (Szt)]]<>"0"),TEXT(Table13[[#This Row],[Kod EAN (Szt)]],"0000000000000"),"") | D163: BIC 4 Colours Velours Długopis mix AST Pudełko 12szt | E163: PROD SZKOLNO BIUROWE | F163: ARTYKUŁY PIŚMIENNICZE | H163: 124.32 | I163: 0.15 | J163: =Table13[[#This Row],[Cena Netto]]*(1-Table13[[#This Row],[Rabat Długoterminowy]]) -> 105.672 | K163: =IF(TRIM($D$8)='Payment Term'!A$1,1-(1-$D$9)*(1-2%),$D$9) -> 0.25 | L163: 0.15 | M163: =1-(1-Table13[[#This Row],[Rabat Długoterminowy]])*(1-Table13[[#This Row],[Dodatkowy rabat kwartału (składany)]]) -> 0.2775 | N163: 0 | O163: =ROUND(Table13[[#This Row],[Cena Netto Po Rabacie Długoterminowym]]*(1-Table13[[#This Row],[Rabat Podstawowy]])*(1-Table13[[#This Row],[Dodatkowy rabat kwartału (składany)]])*(1-Table13[[#This Row],[Rabat Indywidualny]]),2) -> 67.37 | P163: =Table13[[#This Row],[Сena SKU Po Wszystkich Rabatach]]/Table13[[#This Row],[Szt/ Opak.]] -> 5.6141667 | Q163: 12 | R163: 1 | S163: =IF(ISERROR(Table13[[#This Row],[W Inner]]),Table13[[#This Row],[W Outer]],IF(AND(Table13[[#This Row],[W Inner]]>0,Table13[[#This Row],[W Inner]]<>"0"),Table13[[#This Row],[W Inner]],Table13[[#This Row],[W Outer]])) -> 18 | U163: =IF(ISERROR(Table13[[#This Row],[Zamówienie - Ilosc SKU '[Szt']]]), "", IF(MROUND(Table13[[#This Row],[Zamówienie - Ilosc SKU '[Szt']]],Table13[[#This Row],[Min. Ilość Zam. Sku]])<Table13[[#This Row],[Zamówienie - Ilosc SKU '[Szt']]],MROUND(Table13[[#This Row],[Zamówienie - Ilosc SKU '[Szt']]],Table13[[#This Row],[Min. Ilość Zam. Sku]])+Table13[[#This Row],[Min. Ilość Zam. Sku]],MROUND(Table13[[#This Row],[Zamówienie - Ilosc SKU '[Szt']]],Table13[[#This Row],[Min. Ilość Zam. Sku]]))) -> 0 | V163: =IF(Table13[[#This Row],[Zamówienie - Ilosc SKU '[Szt']]]=0,0,MOD(Table13[[#This Row],[Zamówienie - Ilosc SKU '[Szt']]],Table13[[#This Row],[Min. Ilość Zam. Sku]])-0.5) -> 0 | W163: =Table13[[#This Row],[Сena SKU Po Wszystkich Rabatach]]*U163 -> 0 | X163: =IF(Table13[[#This Row],[Zamówienie - Ilosc SKU '[Szt']]]=0,"Niezamówione produkty","Zamówione produkty") -> Niezamówione produkty | Y163: 0 | Z163: 18 | AA163: 306 | AB163: 1836 | AC163: =+Table13[[#This Row],[Na Palecie]]/Table13[[#This Row],[W Outer]] -> 102 | AD163: =+Table13[[#This Row],[Na Palecie]]/Table13[[#This Row],[Na Warstwie]] -> 6 | AE163: 3086123542532 | AF163: 0 | AG163: 03086129672776 | AH163: 03086127525944 | AJ163: 32.99.12.0 | AK163: 96081092 | AL163: =_xlfn.XLOOKUP(Table13[[#This Row],[Rabat Indywidualny]],'PC2 code'!A:A,'PC2 code'!B:B,0) -> 00
A164: 8871292 | B164: =TEXT(Table13[[#This Row],[Kod EAN (Sku)]],"0000000000000") -> 3086123214675 | C164: =IF(AND(Table13[[#This Row],[Kod EAN (Szt)]]<>0,Table13[[#This Row],[Kod EAN (Szt)]]<>"0"),TEXT(Table13[[#This Row],[Kod EAN (Szt)]],"0000000000000"),"") | D164: BIC 4 Colours Grip Długopis mix AST Blister 1szt | E164: PROD SZKOLNO BIUROWE | F164: ARTYKUŁY PIŚMIENNICZE | H164: 9.32 | J164: =Table13[[#This Row],[Cena Netto]]*(1-Table13[[#This Row],[Rabat Długoterminowy]]) -> 9.32 | K164: =IF(TRIM($D$8)='Payment Term'!A$1,1-(1-$D$9)*(1-2%),$D$9) -> 0.25 | L164: 0.1 | M164: =1-(1-Table13[[#This Row],[Rabat Długoterminowy]])*(1-Table13[[#This Row],[Dodatkowy rabat kwartału (składany)]]) -> 0.1 | N164: 0 | O164: =ROUND(Table13[[#This Row],[Cena Netto Po Rabacie Długoterminowym]]*(1-Table13[[#This Row],[Rabat Podstawowy]])*(1-Table13[[#This Row],[Dodatkowy rabat kwartału (składany)]])*(1-Table13[[#This Row],[Rabat Indywidualny]]),2) -> 6.29 | P164: =Table13[[#This Row],[Сena SKU Po Wszystkich Rabatach]]/Table13[[#This Row],[Szt/ Opak.]] -> 6.29 | Q164: 1 | R164: 20 | S164: =IF(ISERROR(Table13[[#This Row],[W Inner]]),Table13[[#This Row],[W Outer]],IF(AND(Table13[[#This Row],[W Inner]]>0,Table13[[#This Row],[W Inner]]<>"0"),Table13[[#This Row],[W Inner]],Table13[[#This Row],[W Outer]])) -> 20 | U164: =IF(ISERROR(Table13[[#This Row],[Zamówienie - Ilosc SKU '[Szt']]]), "", IF(MROUND(Table13[[#This Row],[Zamówienie - Ilosc SKU '[Szt']]],Table13[[#This Row],[Min. Ilość Zam. Sku]])<Table13[[#This Row],[Zamówienie - Ilosc SKU '[Szt']]],MROUND(Table13[[#This Row],[Zamówienie - Ilosc SKU '[Szt']]],Table13[[#This Row],[Min. Ilość Zam. Sku]])+Table13[[#This Row],[Min. Ilość Zam. Sku]],MROUND(Table13[[#This Row],[Zamówienie - Ilosc SKU '[Szt']]],Table13[[#This Row],[Min. Ilość Zam. Sku]]))) -> 0 | V164: =IF(Table13[[#This Row],[Zamówienie - Ilosc SKU '[Szt']]]=0,0,MOD(Table13[[#This Row],[Zamówienie - Ilosc SKU '[Szt']]],Table13[[#This Row],[Min. Ilość Zam. Sku]])-0.5) -> 0 | W164: =Table13[[#This Row],[Сena SKU Po Wszystkich Rabatach]]*U164 -> 0 | X164: =IF(Table13[[#This Row],[Zamówienie - Ilosc SKU '[Szt']]]=0,"Niezamówione produkty","Zamówione produkty") -> Niezamówione produkty | Y164: 0 | Z164: 20 | AA164: 560 | AB164: 5040 | AC164: =+Table13[[#This Row],[Na Palecie]]/Table13[[#This Row],[W Outer]] -> 252 | AD164: =+Table13[[#This Row],[Na Palecie]]/Table13[[#This Row],[Na Warstwie]] -> 9 | AE164: 3086123214675 | AF164: 0 | AG164: 03086128871293 | AH164: 03086124107044 | AJ164: 32.99.12.0 | AK164: 96081092 | AL164: =_xlfn.XLOOKUP(Table13[[#This Row],[Rabat Indywidualny]],'PC2 code'!A:A,'PC2 code'!B:B,0) -> 00
A165: 8871361 | B165: =TEXT(Table13[[#This Row],[Kod EAN (Sku)]],"0000000000000") -> 3086123214743 | C165: =IF(AND(Table13[[#This Row],[Kod EAN (Szt)]]<>0,Table13[[#This Row],[Kod EAN (Szt)]]<>"0"),TEXT(Table13[[#This Row],[Kod EAN (Szt)]],"0000000000000"),"") -> 3086123372375 | D165: BIC 4 Colours Grip Długopis mix AST Pudełko 12szt | E165: PROD SZKOLNO BIUROWE | F165: ARTYKUŁY PIŚMIENNICZE | H165: 102.07 | I165: 0.2 | J165: =Table13[[#This Row],[Cena Netto]]*(1-Table13[[#This Row],[Rabat Długoterminowy]]) -> 81.656 | K165: =IF(TRIM($D$8)='Payment Term'!A$1,1-(1-$D$9)*(1-2%),$D$9) -> 0.25 | L165: 0.1 | M165: =1-(1-Table13[[#This Row],[Rabat Długoterminowy]])*(1-Table13[[#This Row],[Dodatkowy rabat kwartału (składany)]]) -> 0.28 | N165: 0 | O165: =ROUND(Table13[[#This Row],[Cena Netto Po Rabacie Długoterminowym]]*(1-Table13[[#This Row],[Rabat Podstawowy]])*(1-Table13[[#This Row],[Dodatkowy rabat kwartału (składany)]])*(1-Table13[[#This Row],[Rabat Indywidualny]]),2) -> 55.12 | P165: =Table13[[#This Row],[Сena SKU Po Wszystkich Rabatach]]/Table13[[#This Row],[Szt/ Opak.]] -> 4.5933333 | Q165: 12 | R165: 1 | S165: =IF(ISERROR(Table13[[#This Row],[W Inner]]),Table13[[#This Row],[W Outer]],IF(AND(Table13[[#This Row],[W Inner]]>0,Table13[[#This Row],[W Inner]]<>"0"),Table13[[#This Row],[W Inner]],Table13[[#This Row],[W Outer]])) -> 18 | U165: =IF(ISERROR(Table13[[#This Row],[Zamówienie - Ilosc SKU '[Szt']]]), "", IF(MROUND(Table13[[#This Row],[Zamówienie - Ilosc SKU '[Szt']]],Table13[[#This Row],[Min. Ilość Zam. Sku]])<Table13[[#This Row],[Zamówienie - Ilosc SKU '[Szt']]],MROUND(Table13[[#This Row],[Zamówienie - Ilosc SKU '[Szt']]],Table13[[#This Row],[Min. Ilość Zam. Sku]])+Table13[[#This Row],[Min. Ilość Zam. Sku]],MROUND(Table13[[#This Row],[Zamówienie - Ilosc SKU '[Szt']]],Table13[[#This Row],[Min. Ilość Zam. Sku]]))) -> 0 | V165: =IF(Table13[[#This Row],[Zamówienie - Ilosc SKU '[Szt']]]=0,0,MOD(Table13[[#This Row],[Zamówienie - Ilosc SKU '[Szt']]],Table13[[#This Row],[Min. Ilość Zam. Sku]])-0.5) -> 0 | W165: =Table13[[#This Row],[Сena SKU Po Wszystkich Rabatach]]*U165 -> 0 | X165: =IF(Table13[[#This Row],[Zamówienie - Ilosc SKU '[Szt']]]=0,"Niezamówione produkty","Zamówione produkty") -> Niezamówione produkty | Y165: 0 | Z165: 18 | AA165: 342 | AB165: 1710 | AC165: =+Table13[[#This Row],[Na Palecie]]/Table13[[#This Row],[W Outer]] -> 95 | AD165: =+Table13[[#This Row],[Na Palecie]]/Table13[[#This Row],[Na Warstwie]] -> 5 | AE165: 3086123214743 | AF165: 3086123372375 | AG165: 03086128871361 | AH165: 03086127213223 | AJ165: 32.99.12.0 | AK165: 96081092 | AL165: =_xlfn.XLOOKUP(Table13[[#This Row],[Rabat Indywidualny]],'PC2 code'!A:A,'PC2 code'!B:B,0) -> 00
A166: 8922912 | B166: =TEXT(Table13[[#This Row],[Kod EAN (Sku)]],"0000000000000") -> 3086123249936 | C166: =IF(AND(Table13[[#This Row],[Kod EAN (Szt)]]<>0,Table13[[#This Row],[Kod EAN (Szt)]]<>"0"),TEXT(Table13[[#This Row],[Kod EAN (Szt)]],"0000000000000"),"") | D166: BIC 4 Colours Grip Długopis mix FUN Blister 1szt | E166: PROD SZKOLNO BIUROWE | F166: ARTYKUŁY PIŚMIENNICZE | H166: 9.32 | J166: =Table13[[#This Row],[Cena Netto]]*(1-Table13[[#This Row],[Rabat Długoterminowy]]) -> 9.32 | K166: =IF(TRIM($D$8)='Payment Term'!A$1,1-(1-$D$9)*(1-2%),$D$9) -> 0.25 | L166: 0.1 | M166: =1-(1-Table13[[#This Row],[Rabat Długoterminowy]])*(1-Table13[[#This Row],[Dodatkowy rabat kwartału (składany)]]) -> 0.1 | N166: 0 | O166: =ROUND(Table13[[#This Row],[Cena Netto Po Rabacie Długoterminowym]]*(1-Table13[[#This Row],[Rabat Podstawowy]])*(1-Table13[[#This Row],[Dodatkowy rabat kwartału (składany)]])*(1-Table13[[#This Row],[Rabat Indywidualny]]),2) -> 6.29 | P166: =Table13[[#This Row],[Сena SKU Po Wszystkich Rabatach]]/Table13[[#This Row],[Szt/ Opak.]] -> 6.29 | Q166: 1 | R166: 20 | S166: =IF(ISERROR(Table13[[#This Row],[W Inner]]),Table13[[#This Row],[W Outer]],IF(AND(Table13[[#This Row],[W Inner]]>0,Table13[[#This Row],[W Inner]]<>"0"),Table13[[#This Row],[W Inner]],Table13[[#This Row],[W Outer]])) -> 20 | U166: =IF(ISERROR(Table13[[#This Row],[Zamówienie - Ilosc SKU '[Szt']]]), "", IF(MROUND(Table13[[#This Row],[Zamówienie - Ilosc SKU '[Szt']]],Table13[[#This Row],[Min. Ilość Zam. Sku]])<Table13[[#This Row],[Zamówienie - Ilosc SKU '[Szt']]],MROUND(Table13[[#This Row],[Zamówienie - Ilosc SKU '[Szt']]],Table13[[#This Row],[Min. Ilość Zam. Sku]])+Table13[[#This Row],[Min. Ilość Zam. Sku]],MROUND(Table13[[#This Row],[Zamówienie - Ilosc SKU '[Szt']]],Table13[[#This Row],[Min. Ilość Zam. Sku]]))) -> 0 | V166: =IF(Table13[[#This Row],[Zamówienie - Ilosc SKU '[Szt']]]=0,0,MOD(Table13[[#This Row],[Zamówienie - Ilosc SKU '[Szt']]],Table13[[#This Row],[Min. Ilość Zam. Sku]])-0.5) -> 0 | W166: =Table13[[#This Row],[Сena SKU Po Wszystkich Rabatach]]*U166 -> 0 | X166: =IF(Table13[[#This Row],[Zamówienie - Ilosc SKU '[Szt']]]=0,"Niezamówione produkty","Zamówione produkty") -> Niezamówione produkty | Y166: 0 | Z166: 20 | AA166: 560 | AB166: 5040 | AC166: =+Table13[[#This Row],[Na Palecie]]/Table13[[#This Row],[W Outer]] -> 252 | AD166: =+Table13[[#This Row],[Na Palecie]]/Table13[[#This Row],[Na Warstwie]] -> 9 | AE166: 3086123249936 | AF166: 0 | AG166: 03086128922919 | AH166: 03086124104036 | AJ166: 32.99.12.0 | AK166: 96081092 | AL166: =_xlfn.XLOOKUP(Table13[[#This Row],[Rabat Indywidualny]],'PC2 code'!A:A,'PC2 code'!B:B,0) -> 00
A167: 8922901 | B167: =TEXT(Table13[[#This Row],[Kod EAN (Sku)]],"0000000000000") -> 3086123249929 | C167: =IF(AND(Table13[[#This Row],[Kod EAN (Szt)]]<>0,Table13[[#This Row],[Kod EAN (Szt)]]<>"0"),TEXT(Table13[[#This Row],[Kod EAN (Szt)]],"0000000000000"),"") -> 3086123372405 | D167: BIC 4 Colours Grip Długopis mix FUN Pudełko 12szt | E167: PROD SZKOLNO BIUROWE | F167: ARTYKUŁY PIŚMIENNICZE | H167: 102.07 | I167: 0.2 | J167: =Table13[[#This Row],[Cena Netto]]*(1-Table13[[#This Row],[Rabat Długoterminowy]]) -> 81.656 | K167: =IF(TRIM($D$8)='Payment Term'!A$1,1-(1-$D$9)*(1-2%),$D$9) -> 0.25 | L167: 0.1 | M167: =1-(1-Table13[[#This Row],[Rabat Długoterminowy]])*(1-Table13[[#This Row],[Dodatkowy rabat kwartału (składany)]]) -> 0.28 | N167: 0 | O167: =ROUND(Table13[[#This Row],[Cena Netto Po Rabacie Długoterminowym]]*(1-Table13[[#This Row],[Rabat Podstawowy]])*(1-Table13[[#This Row],[Dodatkowy rabat kwartału (składany)]])*(1-Table13[[#This Row],[Rabat Indywidualny]]),2) -> 55.12 | P167: =Table13[[#This Row],[Сena SKU Po Wszystkich Rabatach]]/Table13[[#This Row],[Szt/ Opak.]] -> 4.5933333 | Q167: 12 | R167: 1 | S167: =IF(ISERROR(Table13[[#This Row],[W Inner]]),Table13[[#This Row],[W Outer]],IF(AND(Table13[[#This Row],[W Inner]]>0,Table13[[#This Row],[W Inner]]<>"0"),Table13[[#This Row],[W Inner]],Table13[[#This Row],[W Outer]])) -> 18 | U167: =IF(ISERROR(Table13[[#This Row],[Zamówienie - Ilosc SKU '[Szt']]]), "", IF(MROUND(Table13[[#This Row],[Zamówienie - Ilosc SKU '[Szt']]],Table13[[#This Row],[Min. Ilość Zam. Sku]])<Table13[[#This Row],[Zamówienie - Ilosc SKU '[Szt']]],MROUND(Table13[[#This Row],[Zamówienie - Ilosc SKU '[Szt']]],Table13[[#This Row],[Min. Ilość Zam. Sku]])+Table13[[#This Row],[Min. Ilość Zam. Sku]],MROUND(Table13[[#This Row],[Zamówienie - Ilosc SKU '[Szt']]],Table13[[#This Row],[Min. Ilość Zam. Sku]]))) -> 0 | V167: =IF(Table13[[#This Row],[Zamówienie - Ilosc SKU '[Szt']]]=0,0,MOD(Table13[[#This Row],[Zamówienie - Ilosc SKU '[Szt']]],Table13[[#This Row],[Min. Ilość Zam. Sku]])-0.5) -> 0 | W167: =Table13[[#This Row],[Сena SKU Po Wszystkich Rabatach]]*U167 -> 0 | X167: =IF(Table13[[#This Row],[Zamówienie - Ilosc SKU '[Szt']]]=0,"Niezamówione produkty","Zamówione produkty") -> Niezamówione produkty | Y167: 0 | Z167: 18 | AA167: 342 | AB167: 1710 | AC167: =+Table13[[#This Row],[Na Palecie]]/Table13[[#This Row],[W Outer]] -> 95 | AD167: =+Table13[[#This Row],[Na Palecie]]/Table13[[#This Row],[Na Warstwie]] -> 5 | AE167: 3086123249929 | AF167: 3086123372405 | AG167: 03086128922902 | AH167: 03086127240762 | AJ167: 32.99.12.0 | AK167: 96081092 | AL167: =_xlfn.XLOOKUP(Table13[[#This Row],[Rabat Indywidualny]],'PC2 code'!A:A,'PC2 code'!B:B,0) -> 00
